 Dungeon Crawl Stone Soup version 0.30.0-29-ga12c61a403 (webtiles) character file.

Game seed: 13005151850486294744

1092557 qw the Invulnerable (level 27, -39/199 HPs)
             Began as a Gargoyle Fighter on June 5, 2023.
             Was a High Priest of the Shining One.
             Killed from afar by a Hell Sentinel (45 damage)
             ... with damnation
             ... on level 7 of the Iron City of Dis.
             The game lasted 01:23:10 (87299 turns).

qw the Invulnerable (Gargoyle Fighter)             Turns: 87299, Time: 01:23:10

Health: -39/199    AC: 68    Str: 32    XL:     27
Magic:  37/44      EV: 19    Int:  9    God:    the Shining One [*****.]
Gold:   8879       SH: 26    Dex: 12    Spells: 26/26 levels left

rFire   + + +        o - +9 broad axe (holy)
rCold   . . .        I - +2 tower shield {AC+3}
rNeg    + + +        H - +8 orange crystal plate armour {Archmagi, Int+3 Clar}
rPois   inf          B - +2 hat
rElec   +            p - +2 cloak
rCorr   .            E - +1 pair of gloves of Apathy {+Blink rF+++ Int-3 Dex+3}
SInv    .            M - +2 pair of boots
Will    ++...        D - amulet of faith Stlth
                     (no ring)
HPRegen 0.53/turn    C - ring of Darkness {rN+ EV+5}
MPRegen 0.29/turn

%: clarity, faith, archmagi
@: about to teleport, flying, glowing, corroded
A: sickness immunity, AC +20, big wings, negative energy resistance 1,
electricity resistance, torment resistance 1, petrification resistance, horns 1,
talons 1, dopey 1, high MP 1, MP-powered wands
}: 12/15 runes: serpentine, barnacled, slimy, silver, golden, obsidian, abyssal,
demonic, glowing, magical, fiery, dark
a: Renounce Religion, Evoke Blink, Divine Shield, Cleansing Flame, Summon Divine
Warrior


You were on level 7 of the Iron City of Dis.
You worshipped the Shining One.
The Shining One was extremely pleased with you.
You visited 15 branches of the dungeon, and saw 70 of its levels.
You visited Pandemonium 2 times, and saw 25 of its levels.
You visited the Abyss 3 times.
You also visited: Gauntlet.

You collected 13960 gold pieces.
You spent 5081 gold pieces at shops.


Innate Abilities, Weirdness & Mutations

You are immune to sickness and miasma.
Your stone body is resilient. (AC +20)
You are immune to poison.
Your large and strong wings let you fly.
You resist negative energy. (rN+)
You are resistant to electric shocks. (rElec)
You are resistant to unholy torment.
You are immune to petrification.
You have a pair of small horns on your head.
You have sharp toenails.
You are dopey. (Int -2)
You have an increased reservoir of magic. (+10% MP)
You expend magic power (3 MP) to strengthen your wands.


   Skills:
 O Level 27 Fighting
 - Level 4.7 Short Blades
 - Level 26.0 Axes
 - Level 13.0 Throwing
 O Level 27 Armour
 + Level 16.9 Dodging
 - Level 25.9 Shields
 O Level 27 Invocations


You had 26 spell levels left.
You didn't know any spells.
Your spell library was empty.

Inventory:

Hand Weapons
 o - a +9 broad axe of holy wrath (weapon)
 r - a +2 vampiric broad axe
 t - the +8 war axe of Gacvoti {drain, rF++ rN+ Str-2 Dex+3}
   (Okawaru gifted it to you on level 1 of the Vaults)

   Str:       It affects your strength (-2).
   Dex:       It affects your dexterity (+3).
   rF:        It greatly protects you from fire.
   rN:        It protects you from negative energy.
   The Shining One disapproves of the use of such an item.
Missiles
 v - 13 boomerangs (quivered)
Armour
 c - the +2 shield of Resistance {rF++ rC++ Will++}
   (You acquired it on level 1 of the Crypt)

   rF:        It greatly protects you from fire.
   rC:        It greatly protects you from cold.
   Will:      It greatly increases your willpower.
 p - a +2 cloak (worn)
 u - the +8 tower shield of True Grit {-Tele rPois rN+ rCorr}
   (You took it off a daeva in Pandemonium)

   rPois:     It protects you from poison.
   rN:        It protects you from negative energy.
   -Tele:     It prevents most forms of teleportation.
   rCorr:     It protects you from acid and corrosion.
 B - a +2 hat (worn)
 E - the +1 pair of gloves of Apathy (worn) {+Blink rF+++ Int-3 Dex+3}
   (You found it in Pandemonium)

   Int:       It affects your intelligence (-3).
   Dex:       It affects your dexterity (+3).
   rF:        It renders you almost immune to fire.
   +Blink:    It lets you blink.
 H - the +8 orange crystal plate armour (worn) {Archmagi, Int+3 Clar}
   (Okawaru gifted it to you on level 1 of the Snake Pit)

   Int:       It affects your intelligence (+3).
   Clar:      It protects you from confusion, rage, mesmerisation and fear.
 I - a +2 tower shield of protection (worn)
 M - a +2 pair of boots (worn)
 P - the +0 pair of gloves "Ruapsaqa" {Drain MP+9 Dex+6 Stlth+}
   (You found it on level 2 of the Depths)

   Dex:       It affects your dexterity (+6).
   MP:        It affects your magic capacity (+9).
   Drain:     It drains your maximum health when unequipped.
   Stlth:     It makes you more stealthy.
 R - +0 gold dragon scales
Jewellery
 f - the amulet of Apsilu Kaha {Spirit rC+ SInv}
   (You found it on level 5 of the Vaults)

   [amulet of guardian spirit]

   It causes incoming damage to be divided between your reserves of health and
   magic.
   rC:        It protects you from cold.
   SInv:      It lets you see invisible.
 h - a ring of protection from fire
 i - an amulet of regeneration
 C - the ring of Darkness (right hand) {rN+ EV+5}
   (You found it in a Gauntlet)

   [ring of evasion]

   EV:        It affects your evasion (+5).
   rN:        It protects you from negative energy.
 D - an amulet of faith (around neck)
 J - a ring of protection from cold
 K - the ring of Lucidity {rF+ Will+ SInv Stlth-}
   (You found it on level 7 of Gehenna)

   [ring of protection from fire]

   rF:        It protects you from fire.
   SInv:      It lets you see invisible.
   Will:      It increases your willpower.
   Stlth:     It makes you less stealthy.
 N - the ring "Zaorr" {*Corrode Will+++ Int-4 Slay+4 SInv}
   (You found it on level 1 of the Vaults)

   [ring of slaying]

   Int:       It affects your intelligence (-4).
   Slay:      It affects your accuracy & damage with ranged weapons and melee
   (+4).
   SInv:      It lets you see invisible.
   *Corrode:  It may corrode you when you take damage.
   Will:      It greatly increases your willpower.
 O - the ring of Jufiqan {Ice *Slow Str+2 Slay+2 SInv}
   (You found it on level 5 of the Pits of Slime)

   [ring of ice]

   It enhances your ice magic.
   Str:       It affects your strength (+2).
   Slay:      It affects your accuracy & damage with ranged weapons and melee
   (+2).
   rF:        It makes you vulnerable to fire.
   rC:        It protects you from cold.
   SInv:      It lets you see invisible.
   *Slow:     It may slow you when you take damage.
 S - a ring of protection from cold
 Y - a +5 ring of evasion
Wands
 k - a wand of digging (65)
Scrolls
 a - 15 scrolls of teleportation
 j - 24 scrolls of identify
 w - 5 scrolls of enchant weapon
 y - 11 scrolls of enchant armour
 z - 2 scrolls of brand weapon
Potions
 d - 9 potions of might
 e - 15 potions of attraction
 m - 4 potions of cancellation
 n - 6 potions of mutation
 q - 32 potions of curing
 s - 3 potions of haste
 x - 2 potions of magic
 F - a potion of resistance
 G - 15 potions of lignification

Dungeon Overview and Level Annotations

Branches:
Dungeon (15/15)            Temple (1/1) D:6            Lair (5/5) D:10
 Shoals (4/4) Lair:2        Snake (4/4) Lair:3        Slime (5/5) Lair:5
    Orc (2/2) D:12            Elf (0/3) Orc:2        Vaults (5/5) D:14
  Crypt (3/3) Vaults:3       Tomb (3/3) Crypt:3      Depths (4/4) D:15
   Hell (visited)             Dis (7/7) Hell            Geh (7/7) Hell
    Coc (0/7) Hell            Tar (0/7) Hell            Zot (4/5) Depths:4
Gauntlet (visited)

Altars:
Ashenzari
Cheibriados
Dithmenos
Elyvilon
Fedhas
Gozag
Hepliaklqana
Kikubaaqudgha
Makhleb
Nemelex Xobeh
Okawaru
Qazlal
Ru
Sif Muna
Trog
Uskayaw
Vehumet
Wu Jian
Xom
Yredelemnul
Zin
The Shining One
Jiyva
Lugonu

Shops:
D:5 [   D:9 [   Orc:2 (:!(!=   Shoals:1 *   Shoals:3 :   Shoals:4 *
Snake:1 [[   Snake:2 [   Vaults:1 *[:   Depths:1 *

Portals:
Hell: Depths:1 Depths:2 Depths:3 Depths:4
Abyss: Lair:5 Depths:3 Depths:4
Pandemonium: Depths:2
Ziggurat: Depths:2
Trove: D:10 (give 8 potions of haste)

Annotations:
D:5 3 runed translucent doors, qw's ghost, amateur GrFi
D:13 2 transporters, HilariousDeathArtist's ghost, journeyman VSBe
Lair:4 2 transporters, qw's ghost, journeyman GrFi
Vaults:1 1 runed translucent door, qw's ghost, adept GrFi


Message History

You headbutt the Hell Sentinel, but do no damage.
The Hell Sentinel is heavily wounded.
You hit the Hell Sentinel but do no damage.
The hellion gestures at you.
The sphere of damnation explodes!
The damnation engulfs you!! The damnation engulfs your daeva!!
The damnation engulfs the Hell Sentinel.
The Hell Sentinel completely resists.
The damnation engulfs the Hell Sentinel.
The Hell Sentinel completely resists.
You hit the Hell Sentinel but do no damage.
The Hell Sentinel is heavily wounded.
You hit the Hell Sentinel.
The Hell Sentinel convulses.
The Hell Sentinel hits you but does no damage.
You block the Hell Sentinel's attack. The Hell Sentinel gestures at you.
The sphere of damnation explodes!
The damnation engulfs you!! The damnation engulfs your daeva!!
The damnation engulfs the Hell Sentinel.
The Hell Sentinel completely resists.
The damnation engulfs the Hell Sentinel.
The Hell Sentinel completely resists.
Your daeva hits the Hell Sentinel with a +2 long sword of holy wrath!
The Hell Sentinel convulses.
Your daeva hits the Hell Sentinel but does no damage.
87299 ||| READING 16 scrolls of teleportation.
As you read the scroll of teleportation, it crumbles to dust.
You feel strangely unstable. The Hell Sentinel gestures at you.
The sphere of damnation explodes!
The damnation engulfs you!! The damnation engulfs your daeva!!
The damnation engulfs the Hell Sentinel.
The Hell Sentinel completely resists.
The damnation engulfs the Hell Sentinel.
The Hell Sentinel completely resists.
The Hell Sentinel gestures at your daeva.
The sphere of damnation explodes!
The damnation engulfs your daeva!!
The damnation engulfs the Hell Sentinel.
The Hell Sentinel completely resists.
The damnation engulfs you!!!
You die...

....^.
........#######
...8.....#....#
...8.....#....#
.........# ...#
.......2.###'##
..18..........#
...8...1......#
......1@.)#'###
......A...#...
...8......#...#
...8....#######
.........#.....#
.........#.....#
....8....#.....#
8....8....#.....#
..........#.....#


You could see 3 Hell Sentinels, a hellion and a friendly daeva (summoned).

Vanquished Creatures
  Cerebov (Pan)
  Asmodeus (Geh:7)
  the Royal Jelly (Slime:5)
  Dissolution (Slime:4)
  Gloorx Vloq (Pan)
  Mnoleg (Pan)
  A dread lich (Vaults:5)
  Khufu (Tomb:3)
  2 ancient liches
  Mara (Depths:3)
  2 orbs of fire
  Mennas (Pan)
  18 royal mummies
  Vashnia (Snake:2)
  3 curse toes
  Geryon (Hell)
  12 caustic shrikes
  2 profane servitors (Abyss:4)
  10 golden dragons
  11 bone dragons
  16 Brimstone Fiends
  4 Tzitzimimeh
  2 iron giants
  3 pandemonium lords (Pan)
  6 hellephants
  An electric golem (Zot:2)
  Jorgrun (Shoals:3)
  4 Ice Fiends (Pan)
  A walking crystal tome (Abyss:4)
  10 liches
  10 Hell Sentinels
  2 deep elf blademasters
  Mlioglotl (Snake:2)
  15 tentacled monstrosities
  21 Executioners
  20 acid blobs
  9 searing wretches
  19 titans
  6 death cobs
  28 tentacled starspawn
  8 quicksilver dragons
  An eldritch tentacle (Pan)
  7 deep elf master archers
  A kraken (Shoals:4)
  Polyphemus (Shoals:4)
  Agnes (Snake:2)
  15 sphinxes
  4 tengu reavers
  31 ancient champions
  Kirke (Lair:4)
  Roxanne (D:15)
  14 azure jellies
  11 demonspawn warmongers (Pan)
  10 storm dragons
  3 daevas
  4 revenants
  Ilsuiw (Shoals:3)
  11 shadow dragons
  5 draconian knights
  11 rockslimes
  20 fire giants
  5 nagarajas
  36 balrugs
  3 iron dragons
  10 quicksilver elementals
  A caustic shrike zombie (Hell)
  2 deep elf sorcerers
  16 vault wardens
  Aizul (Snake:1)
  Louise (Snake:3)
  4 spectral caustic shrikes (Depths:3)
  26 frost giants
  3 ghouls (Crypt:3)
  3 ghost moths (Pan)
  3 curse skulls
  2 draconian scorchers
  7 draconian shifters
  A juggernaut zombie (Abyss:2)
  19 stone giants
  19 cacodemons
  3 spriggan defenders
  17 war gargoyles
  13 angels
  3 demonspawn corrupters (Pan)
  3 caustic shrike skeletons (Crypt:3)
  A broodmother (shapeshifter) (Abyss:4)
  4 draconian stormcallers
  16 ironbound preservers
  13 ironbound thunderhulks
  13 reapers
  22 very ugly things
  7 draconian annihilators
  7 quicksilver oozes
  A deep elf elementalist (Abyss:3)
  8 vampire knights
  6 ophanim
  4 demonspawn blood saints (Pan)
  6 apis (Pan)
  13 lorocyprocas
  18 green draconians
  A minotaur (Gauntlet)
  2 juggernaut skeletons (Crypt:3)
  10 black draconians
  12 white draconians
  3 deep elf annihilators
  3 deep elf demonologists
  6 bennus (Tomb:3)
  15 yellow draconians
  11 demonspawn black suns (Pan)
  8 dire elephants
  A wendigo (Hell)
  A bunyip (shapeshifter) (Depths:2)
  12 purple draconians
  9 spark wasps
  8 red draconians
  4 iron golems
  6 jiangshi
  11 ettins
  5 deep elf death magi
  14 green deaths
  3 fire dragons
  10 blizzard demons (Pan)
  8 merfolk impalers
  5 eidola
  7 merfolk javelineers
  21 mummy priests
  4 deep elf high priests
  12 yaktaur captains
  Josephine (Lair:5)
  3 entropy weavers
  13 great orbs of eyes
  35 vault guards
  10 ice dragons
  An elf skeleton (Tomb:3)
  9 hydras
  12 salamander tyrants
  2 fenstrider witch zombies (Tomb:2)
  Erica (D:8)
  3 spriggan air magi
  2 hell beasts (Pan)
  7 ogre magi
  10 rakshasas
  An alligator snapping turtle (Shoals:4)
  5 merfolk avatars
  4 spriggan skeletons
  A fenstrider witch skeleton (Tomb:3)
  5 anacondas
  6 ironbound frosthearts
  2 juggernaut simulacra
  7 boulder beetles
  4 catoblepae
  2 death knights
  An azure jelly zombie (Crypt:3)
  6 merfolk aquamancers
  26 death yaks
  17 two-headed ogres
  9 naga warriors
  17 centaur warriors
  10 tengu warriors
  2 satyrs (Abyss:4)
  3 dancing weapons (Pan)
  44 hell hogs
  2 vampire magi
  4 deep troll shamans (Depths:4)
  6 stokers
  44 death scarabs
  A titan zombie (Abyss:2)
  7 spriggan berserkers
  4 deep troll earth magi (Depths:4)
  Urug (Lair:4)
  37 thrashing horrors
  3 hell knights
  12 naga sharpshooters
  11 shock serpents
  57 sun demons
  6 holy swine (Pan)
  4 crystal echidnas
  13 deep elf knights
  7 shadow wraiths
  25 wretched stars
  22 soul eaters
  25 sixfirhies
  3 spatial maelstroms
  2 titan skeletons
  2 salamander mystics
  5 skysharks
  2 storm dragon skeletons
  52 skeletal warriors
  2 swamp dragons
  7 flayed ghosts
  A cherub (Pan)
  8 glowing orange brains
  39 deep trolls
  3 death drakes
  15 sea snakes
  2 bunyip zombies
  18 ironbound convokers
  A naga ritualist (Snake:4)
  8 deep elf archers
  12 shadow demons (Pan)
  7 deep elf zephyrmancers
  A bog body (Crypt:3)
  2 harpies (shapeshifter)
  A sphinx zombie (Hell)
  An iron giant skeleton (Crypt:3)
  4 lindwurms
  8 wizards
  10 harpies
  11 phantasmal warriors
  10 deep elf pyromancers
  A bunyip skeleton (Abyss:2)
  A jorogumo zombie (Crypt:3)
  4 orc sorcerers
  3 necromancers
  2 orc knights
  8 mana vipers
  3 will-o-the-wisps (Abyss:2)
  A shadow dragon skeleton (Pan)
  9 shining eyes
  36 ugly things
  2 stone giant zombies
  A faun (shapeshifter) (Vaults:5)
  A fire giant zombie (Hell)
  24 moths of wrath
  11 elephants
  2 stone giant skeletons
  19 cyclopes
  21 salamanders
  A faun (Shoals:2)
  15 manticores
  An ice statue (Gauntlet)
  32 demonic crawlers
  7 worldbinders
  4 water nymphs
  8 centaur zombies
  19 naga magi
  2 guardian serpents (shapeshifter)
  A spectral centaur (Gauntlet)
  10 merfolk sirens
  7 guardian serpents
  4 rust devils
  A dire elephant zombie (Tomb:2)
  33 black mambas
  12 molten gargoyles
  27 vault sentinels
  5 eyes of devastation
  A human skeleton (Tomb:3)
  6 apocalypse crabs
  32 orange demons
  A naga skeleton (Crypt:3)
  A shock serpent skeleton (Crypt:3)
  A titan simulacrum (Abyss:2)
  A gargoyle (D:11)
  5 centaur skeletons
  12 cane toads
  76 smoke demons
  Maggie (D:8)
  A dire elephant skeleton (Crypt:3)
  25 hellions
  An orc skeleton (Crypt:3)
  2 rime drakes
  2 kobold demonologists
  14 tormentors
  5 unseen horrors
  22 yaktaurs
  9 freezing wraiths
  8 efreet
  8 komodo dragons
  An anaconda simulacrum (Hell)
  A bunyip simulacrum (Hell)
  4 tengu conjurers
  7 ice devils
  8 red devils
  16 ancient zymes
  4 trolls
  31 merfolk
  37 guardian mummies
  3 meliai (D:15)
  28 hellwings
  A meliai (shapeshifter) (Vaults:5)
  2 shadow dragon simulacra (Hell)
  3 hydra skeletons
  27 blink frogs
  2 spriggan zombies (Hell)
  A wind drake (shapeshifter) (Abyss:4)
  7 wind drakes
  A jumping spider zombie (Crypt:3)
  A raiju (shapeshifter) (Depths:2)
  5 harpy skeletons (Crypt:3)
  39 raiju
  9 dream sheep
  A tarantella (Vaults:4)
  81 large abominations
  12 snapping turtles
  2 ettin zombies
  A radroach zombie (Crypt:2)
  70 slime creatures
  2 ettin skeletons (Crypt:3)
  A guardian serpent skeleton (Crypt:1)
  An ice dragon zombie (Crypt:1)
  A slime creature (shapeshifter) (Depths:2)
  2 culicivoras
  4 shadows
  2 jumping spiders
  54 flying skulls
  A centaur simulacrum (Tomb:3)
  A black mamba zombie (Tomb:1)
  A vampire (D:11)
  A culicivora (shapeshifter) (Depths:1)
  A slime creature zombie (Crypt:3)
  16 wraiths
  8 wyverns
  45 ynoxinuls
  A dire elephant simulacrum (Hell)
  5 hogs
  46 yaks
  A fire bat (Abyss:2)
  18 water elementals
  A human (D:13)
  A fire bat (shapeshifter) (Lair:5)
  11 golden eyes
  8 basilisks
  7 ushabtiu
  A golden eye (shapeshifter) (Vaults:5)
  58 starcursed masses
  2 hogs (shapeshifter) (Depths:2)
  3 wargs
  3 steam dragons
  A spatial vortex (Abyss:3)
  4 vampire mosquitoes (D:12)
  49 small abominations
  28 neqoxecs
  40 chaos spawn
  An acid dragon (shapeshifter) (Abyss:4)
  46 nagas
  A glowing shapeshifter zombie (Hell)
  An acid dragon (D:11)
  A naga zombie (Hell)
  16 water moccasins
  A skyshark zombie (Crypt:2)
  7 hell hounds
  A hydra simulacrum (Abyss:4)
  3 floating eyes
  A floating eye (shapeshifter) (Depths:2)
  A spectral hornet (Gauntlet)
  26 orc warriors
  2 ice beasts
  2 sky beasts
  4 black bears
  A hornet zombie (D:8)
  A cane toad skeleton (Crypt:2)
  31 ogres
  5 boggarts (Vaults:3)
  5 centaurs
  An ettin simulacrum (Abyss:3)
  9 wolves
  A snapping turtle skeleton (Crypt:1)
  A lindwurm skeleton (Crypt:2)
  2 phantoms
  3 kobold brigands
  6 bullfrogs
  A salamander zombie (Crypt:3)
  An earth elemental (Abyss:2)
  A fire crab zombie (Crypt:1)
  A draconian skeleton (Crypt:1)
  9 wights
  A wyvern skeleton (Crypt:2)
  A scorpion (D:5)
  A warg skeleton (Crypt:1)
  21 killer bees
  4 electric eels (Lair:1)
  A yak skeleton (Crypt:2)
  2 howler monkeys
  A crimson imp (Abyss:3)
  9 quasits
  A hound (D:6)
  A jelly (D:6)
  12 orc priests
  3 iron imps
  3 sleepcaps
  6 iguanas
  28 orc wizards
  A black bear skeleton (Crypt:2)
  A boggart skeleton (Crypt:2)
  A tengu skeleton (Crypt:3)
  31 mummies
  3 gnolls (D:6)
  12 adders
  7 shadow imps
  3 white imps
  6 ufetubi
  3 worms
  4 dart slugs
  82 orcs
  8 ball pythons
  7 endoplasms
  5 giant cockroaches
  7 goblins
  13 hobgoblins
  8 jackals
  14 kobolds
  7 quokkas
  8 bats
  A frilled lizard (D:2)
  A frilled lizard skeleton (Crypt:1)
  A hobgoblin skeleton (Crypt:2)
  5 rats
  5 ball lightnings (Pan)
  2 creeping infernos (Geh:7)
  25 fire vortices
  2 lurking horrors
  28 starspawn tentacles
  3 tentacles (Shoals:4)
3771 creatures vanquished.

Vanquished Creatures (collateral kills)
  Ignacio (Pan)
  A dread lich (Crypt:3)
  Lom Lobon (Pan)
  10 royal mummies
  8 caustic shrikes
  3 pandemonium lords (Pan)
  5 Brimstone Fiends
  5 Hell Sentinels
  A hellephant (Geh:5)
  A tentacled monstrosity (Pan)
  A lich (Tomb:1)
  2 titans (Tomb:1)
  2 searing wretches
  6 ancient champions
  An Executioner (Pan)
  2 revenants
  A daeva (Pan)
  A frost giant (Tomb:1)
  3 demonspawn warmongers (Pan)
  A deep elf sorcerer (Tomb:1)
  A fire giant (Tomb:1)
  A quicksilver elemental (Dis:4)
  5 balrugs
  A cacodemon (Pan)
  An angel (Pan)
  A demonspawn blood saint (Pan)
  A draconian annihilator (Pan)
  2 demonspawn corrupters (Pan)
  7 war gargoyles
  A reaper (Pan)
  An apis (Pan)
  3 demonspawn black suns (Pan)
  2 bennus (Tomb:3)
  8 lorocyprocas (Pan)
  3 blizzard demons (Pan)
  2 iron golems (Dis:4)
  5 mummy priests
  A hell beast (Pan)
  4 death scarabs
  7 sun demons (Pan)
  3 soul eaters (Pan)
  4 skeletal warriors
  A wretched star (Abyss:4)
  A sixfirhy (Pan)
  An orb spider (Abyss:3)
  2 crystal echidnas
  A golden dragon zombie (Hell)
  3 shadow wraiths (Pan)
  4 deep elf archers
  A shadow demon (Pan)
  A swamp dragon (Abyss:4)
  A spriggan simulacrum (Hell)
  2 deep elf zephyrmancers
  A bunyip skeleton (Tomb:2)
  3 deep elf pyromancers
  2 shining eyes (Pan)
  A human zombie (Tomb:3)
  An ugly thing (Pan)
  An orc sorcerer (Abyss:4)
  A molten gargoyle (Hell)
  An eye of devastation (Pan)
  9 demonic crawlers (Pan)
  7 smoke demons (Pan)
  14 large abominations
  An orange demon (Pan)
  An efreet (Abyss:3)
  9 guardian mummies
  An ice devil (Pan)
  A tormentor (Pan)
  2 hellwings (Pan)
  An ancient zyme (Abyss:4)
  A harpy zombie (Abyss:3)
  A raiju (Abyss:4)
  A harpy skeleton (Pan)
  10 flying skulls
  An ettin skeleton (Crypt:3)
  8 ynoxinuls (Pan)
  4 ushabtiu (Tomb:1)
  8 chaos spawn
  2 golden eyes (Pan)
  6 neqoxecs (Pan)
  2 small abominations
  A floating eye (Pan)
  8 mummies
  An ufetubus (Abyss:4)
  3 fire vortices
252 creatures vanquished.

Vanquished Creatures (others)
  A pandemonium lord (Pan)
  2 Brimstone Fiends (Pan)
  A lich (Abyss:4)
  A titan (Pan)
  A draconian knight (Zot:3)
  2 fire giants
  A cacodemon (Pan)
  A sixfirhy (Pan)
  A spriggan simulacrum (Abyss:4)
  A harpy (Shoals:1)
  A deep elf zephyrmancer (Crypt:2)
  A black mamba (Snake:1)
  A titan simulacrum (Hell)
  A spriggan zombie (Hell)
  A raiju (Abyss:4)
  A flying skull (Abyss:4)
  5 chaos spawn (Pan)
  2 golden eyes (Abyss:4)
  A floating eye (Pan)
  A human (D:7)
  2 white imps
  23 ball lightnings (Pan)
  A fire vortex (Pan)
  8 foxfires (Abyss:2)
  42 starspawn tentacles
  2 tentacles (Shoals:4)
105 creatures vanquished.

Grand Total: 4128 creatures vanquished

Notes
Turn   | Place    | Note
-------+----------+-------------------------------------------
     0 | D:1      | qw the Gargoyle Fighter began the quest for the Orb.
     0 | D:1      | Reached XP level 1. HP: 14/14 MP: 1/1
     0 | D:1      | 0 ||| qw: Version: 0.2-a-108-gee2c290
     0 | D:1      | 0 ||| qw: Game counter: 1498
     0 | D:1      | 0 ||| qw: Always use a shield: true
     0 | D:1      | 0 ||| qw: God list: Okawaru
     0 | D:1      | 0 ||| qw: Allow faded altars: false
     0 | D:1      | 0 ||| qw: Do Orc after D:15 true
     0 | D:1      | 0 ||| qw: Do second Lair branch before Depths: true
     0 | D:1      | 0 ||| qw: Lair rune preference: random
     0 | D:1      | 0 ||| qw: Plans: Normal, Zot:1-4, Slime:5, God:TSO, Crypt,
                  | Tomb, Abyss, Pan, Hells, Win
     0 | D:1      | 0 ||| PLANNING D:1-11
   125 | D:1      | 125 ||| Stepping ~*~*~tactically~*~*~ (stealth).
   126 | D:1      | 126 ||| Stepping ~*~*~tactically~*~*~ (stealth).
   143 | D:1      | Reached XP level 2. HP: 11/19 MP: 2/2
   197 | D:1      | Found a faded altar of an unknown god.
   273 | D:1      | 273 ||| Stepping ~*~*~tactically~*~*~ (stealth).
   326 | D:1      | 326 ||| Stepping ~*~*~tactically~*~*~ (stealth).
   424 | D:1      | Reached skill level 3 in Axes
   435 | D:1      | 435 ||| Stepping ~*~*~tactically~*~*~ (hiding).
   438 | D:1      | 438 ||| Stepping ~*~*~tactically~*~*~ (hiding).
   447 | D:1      | Reached XP level 3. HP: 23/23 MP: 3/3
   647 | D:1      | 647 ||| UPGRADING to +6 ring of dexterity.
   648 | D:1      | 648 ||| READING scroll labelled TEIKHL FAENIYR.
   649 | D:1      | 649 ||| READING scroll labelled ZYUCZO CEIGO.
   650 | D:1      | 650 ||| READING scroll labelled TIMENLASOTO.
   806 | D:2      | 806 ||| Stepping ~*~*~tactically~*~*~ (hiding).
   822 | D:2      | 822 ||| Stepping ~*~*~tactically~*~*~ (stealth).
   894 | D:2      | 894 ||| Stepping ~*~*~tactically~*~*~ (stealth).
   929 | D:2      | Reached skill level 1 in Dodging
  1120 | D:2      | Reached XP level 4. HP: 28/28 MP: 4/4
  1257 | D:2      | You fall into a shaft and drop 2 floors!
  1284 | D:4      | 1284 ||| UPGRADING to +0 pair of gloves.
  1289 | D:4      | 1289 ||| UPGRADING to ring of protection from fire.
  1290 | D:4      | 1290 ||| READING scroll labelled XIYMIO RAIX.
  1294 | D:4      | 1294 ||| READING 3 scrolls labelled CYECEPH PIWNAE.
  1295 | D:4      | 1295 ||| READING scroll labelled ICZAISUUTE.
  1296 | D:4      | 1296 ||| READING scroll labelled WEBINORAMY.
  1297 | D:4      | 1297 ||| READING 2 scrolls of identify.
  1297 | D:4      | 1297 ||| IDENTIFYING smoky blue potion
  1298 | D:4      | 1298 ||| Stepping randomly (stuck).
  1299 | D:4      | 1299 ||| Stepping randomly (stuck).
  1300 | D:4      | 1300 ||| Stepping randomly (stuck).
  1301 | D:4      | 1301 ||| Stepping randomly (stuck).
  1302 | D:4      | 1302 ||| Stepping randomly (stuck).
  1303 | D:4      | 1303 ||| Stepping randomly (stuck).
  1304 | D:4      | 1304 ||| Stepping randomly (stuck).
  1305 | D:4      | 1305 ||| Stepping randomly (stuck).
  1306 | D:4      | 1306 ||| Stepping randomly (stuck).
  1307 | D:4      | 1307 ||| Stepping randomly (stuck).
  1308 | D:4      | 1308 ||| Stepping randomly (stuck).
  1309 | D:4      | 1309 ||| Stepping randomly (stuck).
  1310 | D:4      | 1310 ||| Stepping randomly (stuck).
  1311 | D:4      | 1311 ||| Stepping randomly (stuck).
  1312 | D:4      | 1312 ||| Stepping randomly (stuck).
  1313 | D:4      | 1313 ||| Stepping randomly (stuck).
  1314 | D:4      | 1314 ||| Stepping randomly (stuck).
  1315 | D:4      | 1315 ||| Stepping randomly (stuck).
  1316 | D:4      | 1316 ||| Stepping randomly (stuck).
  1317 | D:4      | 1317 ||| Stepping randomly (stuck).
  1318 | D:4      | 1318 ||| Stepping randomly (stuck).
  1319 | D:4      | 1319 ||| Stepping randomly (stuck).
  1320 | D:4      | 1320 ||| Stepping randomly (stuck).
  1321 | D:4      | 1321 ||| Stepping randomly (stuck).
  1322 | D:4      | 1322 ||| Stepping randomly (stuck).
  1323 | D:4      | 1323 ||| Stepping randomly (stuck).
  1324 | D:4      | 1324 ||| Stepping randomly (stuck).
  1325 | D:4      | 1325 ||| Stepping randomly (stuck).
  1326 | D:4      | 1326 ||| Stepping randomly (stuck).
  1327 | D:4      | 1327 ||| Stepping randomly (stuck).
  1328 | D:4      | 1328 ||| Stepping randomly (stuck).
  1329 | D:4      | 1329 ||| Stepping randomly (stuck).
  1330 | D:4      | 1330 ||| Stepping randomly (stuck).
  1331 | D:4      | 1331 ||| Stepping randomly (stuck).
  1332 | D:4      | 1332 ||| Stepping randomly (stuck).
  1333 | D:4      | 1333 ||| Stepping randomly (stuck).
  1334 | D:4      | 1334 ||| Stepping randomly (stuck).
  1335 | D:4      | 1335 ||| Stepping randomly (stuck).
  1336 | D:4      | 1336 ||| Stepping randomly (stuck).
  1337 | D:4      | 1337 ||| Stepping randomly (stuck).
  1338 | D:4      | 1338 ||| Stepping randomly (stuck).
  1339 | D:4      | 1339 ||| Stepping randomly (stuck).
  1340 | D:4      | 1340 ||| Stepping randomly (stuck).
  1341 | D:4      | 1341 ||| Stepping randomly (stuck).
  1342 | D:4      | 1342 ||| Stepping randomly (stuck).
  1343 | D:4      | 1343 ||| Stepping randomly (stuck).
  1344 | D:4      | 1344 ||| Stepping randomly (stuck).
  1345 | D:4      | 1345 ||| Stepping randomly (stuck).
  1346 | D:4      | 1346 ||| Stepping randomly (stuck).
  1347 | D:4      | 1347 ||| Stepping randomly (stuck).
  1348 | D:4      | 1348 ||| Stepping randomly (stuck).
  1349 | D:4      | 1349 ||| Stepping randomly (stuck).
  1350 | D:4      | 1350 ||| Stepping randomly (stuck).
  1351 | D:4      | 1351 ||| Stepping randomly (stuck).
  1352 | D:4      | 1352 ||| Stepping randomly (stuck).
  1353 | D:4      | 1353 ||| Stepping randomly (stuck).
  1354 | D:4      | 1354 ||| Stepping randomly (stuck).
  1355 | D:4      | 1355 ||| Stepping randomly (stuck).
  1356 | D:4      | 1356 ||| Stepping randomly (stuck).
  1357 | D:4      | 1357 ||| Stepping randomly (stuck).
  1358 | D:4      | 1358 ||| Stepping randomly (stuck).
  1359 | D:4      | 1359 ||| Stepping randomly (stuck).
  1360 | D:4      | 1360 ||| Stepping randomly (stuck).
  1361 | D:4      | 1361 ||| Stepping randomly (stuck).
  1362 | D:4      | 1362 ||| Stepping randomly (stuck).
  1363 | D:4      | 1363 ||| Stepping randomly (stuck).
  1364 | D:4      | 1364 ||| Stepping randomly (stuck).
  1365 | D:4      | 1365 ||| Stepping randomly (stuck).
  1366 | D:4      | 1366 ||| Stepping randomly (stuck).
  1367 | D:4      | 1367 ||| Stepping randomly (stuck).
  1368 | D:4      | 1368 ||| Stepping randomly (stuck).
  1369 | D:4      | 1369 ||| Stepping randomly (stuck).
  1370 | D:4      | 1370 ||| Stepping randomly (stuck).
  1371 | D:4      | 1371 ||| Stepping randomly (stuck).
  1372 | D:4      | 1372 ||| Stepping randomly (stuck).
  1373 | D:4      | 1373 ||| Stepping randomly (stuck).
  1374 | D:4      | 1374 ||| Stepping randomly (stuck).
  1375 | D:4      | 1375 ||| Stepping randomly (stuck).
  1376 | D:4      | 1376 ||| Stepping randomly (stuck).
  1377 | D:4      | 1377 ||| Stepping randomly (stuck).
  1378 | D:4      | 1378 ||| Stepping randomly (stuck).
  1379 | D:4      | 1379 ||| Stepping randomly (stuck).
  1380 | D:4      | 1380 ||| Stepping randomly (stuck).
  1381 | D:4      | 1381 ||| Stepping randomly (stuck).
  1382 | D:4      | 1382 ||| Stepping randomly (stuck).
  1383 | D:4      | 1383 ||| Stepping randomly (stuck).
  1384 | D:4      | 1384 ||| Stepping randomly (stuck).
  1385 | D:4      | 1385 ||| Stepping randomly (stuck).
  1386 | D:4      | 1386 ||| Stepping randomly (stuck).
  1387 | D:4      | 1387 ||| Stepping randomly (stuck).
  1388 | D:4      | 1388 ||| Stepping randomly (stuck).
  1389 | D:4      | 1389 ||| Stepping randomly (stuck).
  1390 | D:4      | 1390 ||| Stepping randomly (stuck).
  1391 | D:4      | 1391 ||| Stepping randomly (stuck).
  1392 | D:4      | 1392 ||| Stepping randomly (stuck).
  1393 | D:4      | 1393 ||| Stepping randomly (stuck).
  1394 | D:4      | 1394 ||| Stepping randomly (stuck).
  1395 | D:4      | 1395 ||| Stepping randomly (stuck).
  1396 | D:4      | 1396 ||| Stepping randomly (stuck).
  1397 | D:4      | 1397 ||| Stepping randomly (stuck).
  1398 | D:4      | 1398 ||| Stepping randomly (stuck).
  1399 | D:4      | 1399 ||| Stepping randomly (stuck).
  1400 | D:4      | 1400 ||| Stepping randomly (stuck).
  1401 | D:4      | 1401 ||| Stepping randomly (stuck).
  1402 | D:4      | 1402 ||| Stepping randomly (stuck).
  1403 | D:4      | 1403 ||| Stepping randomly (stuck).
  1404 | D:4      | 1404 ||| Stepping randomly (stuck).
  1405 | D:4      | 1405 ||| Stepping randomly (stuck).
  1406 | D:4      | 1406 ||| Stepping randomly (stuck).
  1407 | D:4      | 1407 ||| Stepping randomly (stuck).
  1408 | D:4      | 1408 ||| Stepping randomly (stuck).
  1409 | D:4      | 1409 ||| Stepping randomly (stuck).
  1410 | D:4      | 1410 ||| Stepping randomly (stuck).
  1411 | D:4      | 1411 ||| Stepping randomly (stuck).
  1412 | D:4      | 1412 ||| Stepping randomly (stuck).
  1413 | D:4      | 1413 ||| Stepping randomly (stuck).
  1414 | D:4      | 1414 ||| Stepping randomly (stuck).
  1415 | D:4      | 1415 ||| Stepping randomly (stuck).
  1416 | D:4      | 1416 ||| Stepping randomly (stuck).
  1417 | D:4      | 1417 ||| Stepping randomly (stuck).
  1418 | D:4      | 1418 ||| Stepping randomly (stuck).
  1419 | D:4      | 1419 ||| Stepping randomly (stuck).
  1420 | D:4      | 1420 ||| Stepping randomly (stuck).
  1421 | D:4      | 1421 ||| Stepping randomly (stuck).
  1422 | D:4      | 1422 ||| Stepping randomly (stuck).
  1423 | D:4      | 1423 ||| Stepping randomly (stuck).
  1424 | D:4      | 1424 ||| Stepping randomly (stuck).
  1425 | D:4      | 1425 ||| Stepping randomly (stuck).
  1426 | D:4      | 1426 ||| Stepping randomly (stuck).
  1427 | D:4      | 1427 ||| Stepping randomly (stuck).
  1428 | D:4      | 1428 ||| Stepping randomly (stuck).
  1429 | D:4      | 1429 ||| Stepping randomly (stuck).
  1430 | D:4      | 1430 ||| Stepping randomly (stuck).
  1431 | D:4      | 1431 ||| Stepping randomly (stuck).
  1432 | D:4      | 1432 ||| Stepping randomly (stuck).
  1433 | D:4      | 1433 ||| Stepping randomly (stuck).
  1434 | D:4      | 1434 ||| Stepping randomly (stuck).
  1435 | D:4      | 1435 ||| Stepping randomly (stuck).
  1436 | D:4      | 1436 ||| Stepping randomly (stuck).
  1437 | D:4      | 1437 ||| Stepping randomly (stuck).
  1438 | D:4      | 1438 ||| Stepping randomly (stuck).
  1439 | D:4      | 1439 ||| Stepping randomly (stuck).
  1440 | D:4      | 1440 ||| Stepping randomly (stuck).
  1441 | D:4      | 1441 ||| Stepping randomly (stuck).
  1442 | D:4      | 1442 ||| Stepping randomly (stuck).
  1443 | D:4      | 1443 ||| Stepping randomly (stuck).
  1444 | D:4      | 1444 ||| Stepping randomly (stuck).
  1445 | D:4      | 1445 ||| Stepping randomly (stuck).
  1446 | D:4      | 1446 ||| Stepping randomly (stuck).
  1447 | D:4      | 1447 ||| Stepping randomly (stuck).
  1448 | D:4      | 1448 ||| Stepping randomly (stuck).
  1449 | D:4      | 1449 ||| Stepping randomly (stuck).
  1450 | D:4      | 1450 ||| Stepping randomly (stuck).
  1451 | D:4      | 1451 ||| Stepping randomly (stuck).
  1452 | D:4      | 1452 ||| Stepping randomly (stuck).
  1453 | D:4      | 1453 ||| Stepping randomly (stuck).
  1454 | D:4      | 1454 ||| Stepping randomly (stuck).
  1455 | D:4      | 1455 ||| Stepping randomly (stuck).
  1456 | D:4      | 1456 ||| Stepping randomly (stuck).
  1457 | D:4      | 1457 ||| Stepping randomly (stuck).
  1458 | D:4      | 1458 ||| Stepping randomly (stuck).
  1459 | D:4      | 1459 ||| Stepping randomly (stuck).
  1460 | D:4      | 1460 ||| Stepping randomly (stuck).
  1461 | D:4      | 1461 ||| Stepping randomly (stuck).
  1462 | D:4      | 1462 ||| Stepping randomly (stuck).
  1463 | D:4      | 1463 ||| Stepping randomly (stuck).
  1464 | D:4      | 1464 ||| Stepping randomly (stuck).
  1465 | D:4      | 1465 ||| Stepping randomly (stuck).
  1466 | D:4      | 1466 ||| Stepping randomly (stuck).
  1467 | D:4      | 1467 ||| Stepping randomly (stuck).
  1468 | D:4      | 1468 ||| Stepping randomly (stuck).
  1469 | D:4      | 1469 ||| Stepping randomly (stuck).
  1470 | D:4      | 1470 ||| Stepping randomly (stuck).
  1471 | D:4      | 1471 ||| Stepping randomly (stuck).
  1472 | D:4      | 1472 ||| Stepping randomly (stuck).
  1473 | D:4      | 1473 ||| Stepping randomly (stuck).
  1474 | D:4      | 1474 ||| Stepping randomly (stuck).
  1475 | D:4      | 1475 ||| Stepping randomly (stuck).
  1476 | D:4      | 1476 ||| Stepping randomly (stuck).
  1477 | D:4      | 1477 ||| Stepping randomly (stuck).
  1478 | D:4      | 1478 ||| Stepping randomly (stuck).
  1479 | D:4      | 1479 ||| Stepping randomly (stuck).
  1480 | D:4      | 1480 ||| Stepping randomly (stuck).
  1481 | D:4      | 1481 ||| Stepping randomly (stuck).
  1482 | D:4      | 1482 ||| Stepping randomly (stuck).
  1483 | D:4      | 1483 ||| Stepping randomly (stuck).
  1485 | D:4      | 1485 ||| Stepping randomly (stuck).
  1486 | D:4      | 1486 ||| Stepping randomly (stuck).
  1496 | D:4      | 1496 ||| FLEEEEING.
  1497 | D:4      | 1497 ||| STAIRDANCE
  1650 | D:3      | 1650 ||| DRINKING 2 amethyst potions.
  1651 | D:3      | 1651 ||| DRINKING 2 coppery potions.
  1652 | D:3      | 1652 ||| READING 3 scrolls of identify.
  1652 | D:3      | 1652 ||| IDENTIFYING ruby potion
  1653 | D:3      | 1653 ||| READING 2 scrolls of identify.
  1653 | D:3      | 1653 ||| IDENTIFYING sapphire potion
  1654 | D:3      | 1654 ||| DROPPING potion of degeneration.
  1702 | D:2      | 1702 ||| Stepping ~*~*~tactically~*~*~ (stealth).
  1811 | D:2      | 1811 ||| Stepping ~*~*~tactically~*~*~ (stealth).
  1822 | D:2      | 1822 ||| Stepping ~*~*~tactically~*~*~ (stealth).
  1915 | D:2      | 1915 ||| DROPPING amulet of magic regeneration.
  1916 | D:2      | 1916 ||| READING scroll labelled MODGHYCZOXOG.
  2008 | D:3      | 2008 ||| Stepping ~*~*~tactically~*~*~ (stealth).
  2010 | D:3      | 2010 ||| Stepping ~*~*~tactically~*~*~ (stealth).
  2227 | D:3      | 2227 ||| DROPPING +0 whip.
  2686 | D:3      | 2686 ||| UPGRADING to amulet of regeneration.
  2691 | D:3      | 2691 ||| READING scroll labelled DECUOFREELO.
  2692 | D:3      | 2692 ||| READING scroll labelled ENAMOGH ZUSE.
  2693 | D:3      | 2693 ||| DRINKING 3 inky potions.
  2752 | D:4      | Reached XP level 5. HP: 32/32 MP: 5/5
  2799 | D:4      | Noticed an ogre
  2808 | D:4      | Killed an ogre
  2809 | D:4      | 2809 ||| Stepping ~*~*~tactically~*~*~ (stealth).
  2816 | D:4      | Reached XP level 6. HP: 21/38 MP: 6/6
  2834 | D:4      | 2834 ||| Stepping ~*~*~tactically~*~*~ (stealth).
  2962 | D:4      | Noticed a black bear
  2972 | D:4      | Killed a black bear
  2973 | D:4      | Reached skill level 6 in Axes
  2973 | D:4      | Reached XP level 7. HP: 39/43 MP: 7/7
  3556 | D:4      | 3556 ||| UPGRADING to +0 chain mail.
  3566 | D:4      | 3566 ||| DROPPING +0 scale mail.
  3567 | D:4      | 3567 ||| READING scroll labelled BAIPAEDEA.
  3568 | D:4      | 3568 ||| DRINKING 2 lumpy coppery potions.
  3569 | D:4      | 3569 ||| READING 2 scrolls of identify.
  3569 | D:4      | 3569 ||| IDENTIFYING fizzy pink potion
  3570 | D:4      | 3570 ||| DROPPING potion of flight.
  3586 | D:5      | Entered Level 5 of the Dungeon
  3651 | D:5      | Reached skill level 1 in Throwing
  3803 | D:5      | Found a runed translucent gate.
  3804 | D:5      | Found a runed translucent gate.
  3806 | D:5      | Found a runed translucent gate.
  3812 | D:5      | Noticed qw's ghost (amateur GrFi)
  3838 | D:5      | Reached XP level 8. HP: 50/50 MP: 8/8
  3841 | D:5      | 3841 ||| Stepping ~*~*~tactically~*~*~ (stealth).
  3842 | D:5      | 3842 ||| Stepping ~*~*~tactically~*~*~ (stealth).
  3867 | D:5      | 3867 ||| UPGRADING to +0 cloak.
  3892 | D:5      | 3892 ||| READING scroll of enchant weapon.
  3892 | D:5      | 3892 ||| ENCHANTING +1 war axe.
  3904 | D:5      | 3904 ||| Stepping ~*~*~tactically~*~*~ (hiding).
  3922 | D:5      | Found Merphoun's Armour Boutique.
  3936 | D:5      | 3936 ||| BUYING +0 helmet "Detaw" {rF+ rC+ Will+ Dex-4}
                  | (272 gold).
  3936 | D:5      | Bought the +0 helmet "Detaw" {rF+ rC+ Will+ Dex-4} for 272
                  | gold pieces
  3936 | D:5      | 3936 ||| UPGRADING to +0 helmet "Detaw" {rF+ rC+ Will+
                  | Dex-4}.
  4535 | D:5      | 4535 ||| READING scroll labelled TORASE WUELLIQ.
  4536 | D:5      | 4536 ||| READING scroll labelled WURHIS FOEDACA.
  4546 | D:6      | Found a staircase to the Ecumenical Temple.
  4547 | D:6      | 4547 ||| PLANNING TEMPLE
  4547 | D:6      | 4547 ||| STAIRDANCE
  4565 | D:6      | 4565 ||| STAIRDANCE
  4587 | D:6      | 4587 ||| STAIRDANCE
  4610 | D:6      | 4610 ||| STAIRDANCE
  4643 | D:6      | 4643 ||| STAIRDANCE
  4666 | D:6      | 4666 ||| STAIRDANCE
  4685 | D:6      | 4685 ||| STAIRDANCE
  4703 | D:6      | 4703 ||| STAIRDANCE
  4721 | D:6      | 4721 ||| STAIRDANCE
  4739 | D:6      | 4739 ||| STAIRDANCE
  4757 | D:6      | 4757 ||| STAIRDANCE
  4775 | D:6      | 4775 ||| STAIRDANCE
  4793 | D:6      | 4793 ||| STAIRDANCE
  4811 | D:6      | 4811 ||| STAIRDANCE
  4829 | D:6      | 4829 ||| STAIRDANCE
  4856 | D:6      | 4856 ||| STAIRDANCE
  4874 | D:6      | 4874 ||| STAIRDANCE
  4892 | D:6      | 4892 ||| STAIRDANCE
  4917 | D:6      | 4917 ||| STAIRDANCE
  4945 | D:6      | 4945 ||| STAIRDANCE
  4980 | Temple   | Entered the Ecumenical Temple
  4980 | Temple   | Found a transporter.
  4980 | Temple   | Found a transporter.
  4982 | Temple   | Found a transporter.
  4982 | Temple   | Found a transporter.
  4992 | Temple   | 4992 ||| PLANNING D:1-11
  5047 | D:6      | HP: 12/50 [orc/boomerang (4)]
  5048 | D:6      | 5048 ||| READING scroll of teleportation.
  5050 | D:6      | Found an iron altar of Okawaru.
  5051 | D:6      | 5051 ||| PLANNING OKAWARU WORSHIP
  5064 | D:6      | Reached skill level 6 in Fighting
  5089 | D:6      | Became a worshipper of Warmaster Okawaru
  5089 | D:6      | 5089 ||| PLANNING D:1-11
  5093 | D:6      | 5093 ||| Stepping ~*~*~tactically~*~*~ (hiding).
  5096 | D:6      | 5096 ||| Stepping ~*~*~tactically~*~*~ (hiding).
  5114 | D:6      | Found a shadowy altar of Dithmenos.
  5178 | D:6      | 5178 ||| Stepping ~*~*~tactically~*~*~ (hiding).
  5238 | D:6      | 5238 ||| Stepping ~*~*~tactically~*~*~ (hiding).
  5239 | D:6      | 5239 ||| Stepping ~*~*~tactically~*~*~ (hiding).
  5460 | D:6      | 5460 ||| Stepping ~*~*~tactically~*~*~ (hiding).
  5461 | D:6      | 5461 ||| Stepping ~*~*~tactically~*~*~ (hiding).
  5649 | D:6      | 5649 ||| READING scroll labelled GOTROM WIANERI.
  5658 | D:6      | 5658 ||| READING scroll labelled PEAPUCS LEGYL.
  5802 | D:7      | Reached skill level 9 in Axes
  5802 | D:7      | Reached XP level 9. HP: 52/55 MP: 9/9
  5820 | D:7      | 5820 ||| Stepping ~*~*~tactically~*~*~ (stealth).
  5827 | D:7      | Reached * piety under Okawaru
  5829 | D:7      | 5829 ||| INVOKING Heroism.
  5892 | D:7      | Found an ancient bone altar of Kikubaaqudgha.
  6088 | D:7      | 6088 ||| INVOKING Heroism.
  6090 | D:7      | Reached skill level 1 in Invocations
  6245 | D:7      | 6245 ||| Stepping ~*~*~tactically~*~*~ (stealth).
  6247 | D:7      | 6247 ||| Stepping ~*~*~tactically~*~*~ (stealth).
  6252 | D:7      | 6252 ||| INVOKING Heroism.
  6494 | D:7      | 6494 ||| UPGRADING to +0 plate armour.
  6504 | D:7      | 6504 ||| DROPPING +0 chain mail.
  6568 | D:8      | Found a glowing golden altar of the Shining One.
  6568 | D:8      | Noticed Erica
  6569 | D:8      | 6569 ||| Stepping ~*~*~tactically~*~*~ (hiding).
  6573 | D:8      | 6573 ||| INVOKING Heroism.
  6580 | D:8      | Killed Erica
  6581 | D:8      | Reached skill level 6 in Armour
  6690 | D:8      | Noticed Maggie
  6691 | D:8      | 6691 ||| Stepping ~*~*~tactically~*~*~ (hiding).
  6707 | D:8      | Killed Maggie
  6707 | D:8      | Reached ** piety under Okawaru
  6708 | D:8      | Reached XP level 10. HP: 56/64 MP: 13/13
  6789 | D:8      | Found a hazy altar of Hepliaklqana.
  6811 | D:8      | 6811 ||| INVOKING Heroism.
  6851 | D:8      | 6851 ||| INVOKING Heroism.
  6912 | D:8      | Reached *** piety under Okawaru
  7186 | D:8      | 7186 ||| DRINKING 4 pink potions.
  7187 | D:8      | 7187 ||| DRINKING 3 potions of curing.
  7187 | D:8      | 7187 ||| (to cure confusion)
  7188 | D:8      | 7188 ||| DROPPING 3 potions of ambrosia.
  7222 | D:9      | Reached XP level 11. HP: 62/69 MP: 14/14
  7245 | D:9      | Noticed a two-headed ogre
  7246 | D:9      | 7246 ||| Stepping ~*~*~tactically~*~*~ (stealth).
  7252 | D:9      | 7252 ||| INVOKING Heroism.
  7261 | D:9      | Killed a two-headed ogre
  7445 | D:9      | 7445 ||| Stepping ~*~*~tactically~*~*~ (hiding).
  7472 | D:9      | 7472 ||| Stepping ~*~*~tactically~*~*~ (stealth).
  7533 | D:9      | 7533 ||| Stepping ~*~*~tactically~*~*~ (stealth).
  7599 | D:9      | Found Kediwkext's Armour Shop.
  7607 | D:9      | 7607 ||| SHOPLISTING +0 ring mail of Weightlessness {rPois
                  | rC+++ MP-9 Int+3} (413 gold, have 387).
  7622 | D:9      | 7622 ||| Stepping ~*~*~tactically~*~*~ (stealth).
  7630 | D:9      | 7630 ||| INVOKING Heroism.
  7637 | D:9      | Received a gift from Okawaru
  7648 | D:9      | Reached **** piety under Okawaru
  7713 | D:9      | 7713 ||| READING scroll of enchant weapon.
  7713 | D:9      | 7713 ||| ENCHANTING +2 war axe of venom.
  7948 | D:10     | Entered Level 10 of the Dungeon
  7977 | D:10     | 7977 ||| Stepping ~*~*~tactically~*~*~ (stealth).
  8038 | D:10     | 8038 ||| READING scroll of enchant armour.
  8038 | D:10     | 8038 ||| ENCHANTING +0 pair of gloves.
  8044 | D:10     | 8044 ||| READING scroll of enchant weapon.
  8044 | D:10     | 8044 ||| ENCHANTING +3 war axe of venom.
  8053 | D:10     | 8053 ||| Stepping ~*~*~tactically~*~*~ (stealth).
  8086 | D:10     | 8086 ||| INVOKING Heroism.
  8107 | D:10     | 8107 ||| INVOKING Heroism.
  8110 | D:10     | Reached skill level 9 in Fighting
  8119 | D:10     | Reached skill level 6 in Invocations
  8142 | D:10     | 8142 ||| DROPPING +0 morningstar.
  8195 | D:10     | Found a portal to a secret trove of treasure.
  8299 | D:10     | 8299 ||| INVOKING Heroism.
  8320 | D:10     | 8320 ||| Stepping ~*~*~tactically~*~*~ (stealth).
  8332 | D:10     | 8332 ||| INVOKING Heroism.
  8361 | D:10     | 8361 ||| Stepping ~*~*~tactically~*~*~ (stealth).
  8366 | D:10     | 8366 ||| INVOKING Heroism.
  8451 | D:10     | Identified the +9 war axe "Pumu" {flame, rN+ Stlth+}
  8453 | D:10     | 8453 ||| SWAPPING to +9 war axe "Pumu" {flame, rN+ Stlth+}.
  8454 | D:10     | 8454 ||| DROPPING +3 morningstar of holy wrath.
  8469 | D:10     | Found a staircase to the Lair.
  8470 | D:10     | 8470 ||| INVOKING Heroism.
  8623 | D:10     | Found an opulent altar of Gozag.
  8624 | D:10     | Found a blossoming altar of Fedhas.
  8625 | D:10     | Found a basalt altar of Yredelemnul.
  8626 | D:10     | Found a radiant altar of Vehumet.
  8856 | D:10     | 8856 ||| PLANNING LAIR
  8919 | Lair:1   | Entered Level 1 of the Lair of Beasts
  8974 | Lair:1   | 8974 ||| INVOKING Heroism.
  8977 | Lair:1   | 8977 ||| Stepping ~*~*~tactically~*~*~ (stealth).
  8986 | Lair:1   | 8986 ||| Stepping ~*~*~tactically~*~*~ (stealth).
  8990 | Lair:1   | 8990 ||| Stepping ~*~*~tactically~*~*~ (stealth).
  9008 | Lair:1   | Noticed a five-headed hydra
  9015 | Lair:1   | 9015 ||| INVOKING Heroism.
  9017 | Lair:1   | Killed a four-headed hydra
  9018 | Lair:1   | Reached XP level 12. HP: 76/76 MP: 14/18
  9107 | Lair:1   | Identified the ring of Midwinter {rC- Str+4 Int+4 Dex+6}
  9141 | Lair:1   | 9141 ||| Stepping ~*~*~tactically~*~*~ (stealth).
  9144 | Lair:1   | Received a gift from Okawaru
  9167 | Lair:1   | Identified the +4 ring mail of Masiov {+Inv rCorr Str+2
                  | Dex+5}
  9175 | Lair:1   | Noticed a catoblepas
  9178 | Lair:1   | 9178 ||| INVOKING Heroism.
  9190 | Lair:1   | Killed a catoblepas
  9191 | Lair:1   | Reached skill level 12 in Axes
  9200 | Lair:1   | Received a gift from Okawaru
  9206 | Lair:1   | Reached skill level 9 in Invocations
  9326 | Lair:1   | 9326 ||| FLEEEEING.
  9585 | Lair:1   | Reached skill level 9 in Armour
  9749 | Lair:1   | 9749 ||| Stepping ~*~*~tactically~*~*~ (stealth).
  9780 | Lair:1   | 9780 ||| UPGRADING to ring of Midwinter {rC- Str+4 Int+4
                  | Dex+6}.
  9782 | Lair:1   | 9782 ||| DRINKING 4 cyan potions.
  9835 | Lair:2   | 9835 ||| Stepping ~*~*~tactically~*~*~ (stealth).
  9846 | Lair:2   | Reached ***** piety under Okawaru
  9893 | Lair:2   | Reached skill level 3 in Dodging
  9905 | Lair:2   | Noticed a death yak
  9906 | Lair:2   | 9906 ||| INVOKING Heroism.
  9906 | Lair:2   | Noticed a death yak
  9907 | Lair:2   | 9907 ||| Stepping ~*~*~tactically~*~*~ (stealth).
  9912 | Lair:2   | Noticed a death yak
  9913 | Lair:2   | 9913 ||| Stepping ~*~*~tactically~*~*~ (stealth).
  9914 | Lair:2   | 9914 ||| Stepping ~*~*~tactically~*~*~ (stealth).
  9915 | Lair:2   | Killed a death yak
  9916 | Lair:2   | 9916 ||| INVOKING Finesse.
  9916 | Lair:2   | Noticed a death yak
  9917 | Lair:2   | 9917 ||| Stepping ~*~*~tactically~*~*~ (stealth).
  9923 | Lair:2   | Killed a death yak
  9924 | Lair:2   | Reached skill level 6 in Shields
  9924 | Lair:2   | Noticed a death yak
  9929 | Lair:2   | Killed a death yak
  9937 | Lair:2   | Killed a death yak
  9944 | Lair:2   | Killed a death yak
 10004 | Lair:2   | 10004 ||| Stepping ~*~*~tactically~*~*~ (hiding).
 10028 | Lair:2   | 10028 ||| Stepping ~*~*~tactically~*~*~ (stealth).
 10061 | Lair:2   | 10061 ||| Stepping ~*~*~tactically~*~*~ (stealth).
 10074 | Lair:2   | Found a staircase to the Shoals.
 10132 | Lair:2   | Identified the +5 spear "Yraxikah" {heavy, Int+4}
 10333 | Lair:2   | Noticed a catoblepas
 10334 | Lair:2   | 10334 ||| INVOKING Heroism.
 10335 | Lair:2   | 10335 ||| INVOKING Finesse.
 10343 | Lair:2   | Killed a catoblepas
 10344 | Lair:2   | Reached XP level 13. HP: 82/82 MP: 13/20
 10447 | Lair:2   | 10447 ||| READING scroll of enchant armour.
 10447 | Lair:2   | 10447 ||| ENCHANTING +1 pair of gloves.
 10479 | Lair:2   | Identified the +5 long sword of Hecirer {heavy, Int+2}
 10763 | Lair:2   | 10763 ||| DRINKING 2 yellow potions.
 10775 | Lair:3   | 10775 ||| PLANNING GAUNTLET
 10839 | Lair:3   | 10839 ||| INVOKING Heroism.
 10941 | Lair:3   | 10941 ||| INVOKING Heroism.
 11005 | Lair:3   | Found a gate leading to a gauntlet.
 11015 | Gauntlet | Entered a Gauntlet
 11015 | Gauntlet | Found a transporter.
 11015 | Gauntlet | Found a transporter.
 11034 | Gauntlet | Found a transporter.
 11037 | Gauntlet | Found a transporter.
 11043 | Gauntlet | Found a runed translucent gate.
 11043 | Gauntlet | Found a runed translucent gate.
 11043 | Gauntlet | Found a runed translucent gate.
 11045 | Gauntlet | Found a transporter.
 11049 | Gauntlet | Found a transporter.
 11056 | Gauntlet | Found a runed translucent door.
 11059 | Gauntlet | Found a transporter.
 11074 | Gauntlet | Found a transporter.
 11089 | Gauntlet | Found a transporter.
 11093 | Gauntlet | Found a transporter.
 11104 | Gauntlet | Found a transporter.
 11105 | Gauntlet | Found a transporter.
 11148 | Gauntlet | 11148 ||| INVOKING Heroism.
 11157 | Gauntlet | 11157 ||| Stepping ~*~*~tactically~*~*~ (cloud).
 11210 | Gauntlet | 11210 ||| INVOKING Heroism.
 11234 | Gauntlet | Identified the +0 plate armour of Intercession {rElec rC+}
 11236 | Gauntlet | 11236 ||| UPGRADING to +0 plate armour of Intercession
                  | {rElec rC+}.
 11246 | Gauntlet | 11246 ||| DROPPING +0 plate armour.
 11290 | Gauntlet | Identified the ring of Darkness {rN+ EV+5}
 11306 | Gauntlet | 11306 ||| UPGRADING to ring of Darkness {rN+ EV+5}.
 11326 | Gauntlet | Noticed a minotaur
 11327 | Gauntlet | 11327 ||| Stepping ~*~*~tactically~*~*~ (hiding).
 11330 | Gauntlet | 11330 ||| INVOKING Heroism.
 11331 | Gauntlet | 11331 ||| INVOKING Finesse.
 11332 | Gauntlet | 11332 ||| INVOKING Finesse.
 11347 | Gauntlet | Killed a minotaur
 11388 | Gauntlet | 11388 ||| DROPPING +4 war axe of venom.
 11414 | Lair:3   | 11414 ||| PLANNING LAIR
 11461 | Lair:3   | 11461 ||| Stepping ~*~*~tactically~*~*~ (hiding).
 11462 | Lair:3   | 11462 ||| Stepping ~*~*~tactically~*~*~ (hiding).
 11469 | Lair:3   | Found a staircase to the Snake Pit.
 11580 | Lair:3   | 11580 ||| INVOKING Heroism.
 11814 | Lair:3   | Received a gift from Okawaru
 12021 | Lair:4   | Noticed Kirke
 12021 | Lair:4   | 12021 ||| Stepping ~*~*~tactically~*~*~ (stealth).
 12024 | Lair:4   | 12024 ||| INVOKING Heroism.
 12041 | Lair:4   | Killed Kirke
 12067 | Lair:4   | Identified the +5 ring mail of Dishonesty {-Cast +Blink
                  | rC+}
 12185 | Lair:4   | Found a transporter.
 12195 | Lair:4   | Noticed Urug
 12196 | Lair:4   | 12196 ||| INVOKING Heroism.
 12209 | Lair:4   | Killed Urug
 12255 | Lair:4   | Received a gift from Okawaru
 12405 | Lair:4   | Noticed qw's ghost (journeyman GrFi)
 12457 | Lair:4   | Found a transporter.
 12567 | Lair:4   | 12567 ||| READING 2 scrolls labelled TODDIANEGI.
 12668 | Lair:4   | 12668 ||| READING 16 scrolls of identify.
 12668 | Lair:4   | 12668 ||| IDENTIFYING grey potion
 12669 | Lair:4   | 12669 ||| DROPPING potion of brilliance.
 12670 | Lair:4   | 12670 ||| DROPPING scroll of silence.
 12680 | Lair:5   | Entered Level 5 of the Lair of Beasts
 12683 | Lair:5   | 12683 ||| Stepping ~*~*~tactically~*~*~ (water).
 12706 | Lair:5   | 12706 ||| Stepping ~*~*~tactically~*~*~ (stealth).
 12710 | Lair:5   | 12710 ||| INVOKING Heroism.
 12715 | Lair:5   | Received a gift from Okawaru
 12769 | Lair:5   | 12769 ||| INVOKING Heroism.
 12832 | Lair:5   | 12832 ||| Stepping ~*~*~tactically~*~*~ (stealth).
 12834 | Lair:5   | 12834 ||| INVOKING Heroism.
 12835 | Lair:5   | 12835 ||| INVOKING Finesse.
 12857 | Lair:5   | 12857 ||| Stepping ~*~*~tactically~*~*~ (stealth).
 12858 | Lair:5   | 12858 ||| Stepping ~*~*~tactically~*~*~ (stealth).
 12875 | Lair:5   | Gained mutation: Your large and strong wings let you fly.
                  | [Gargoyle growth]
 12875 | Lair:5   | Reached XP level 14. HP: 90/90 MP: 17/21
 12929 | Lair:5   | 12929 ||| Stepping ~*~*~tactically~*~*~ (hiding).
 12932 | Lair:5   | 12932 ||| INVOKING Heroism.
 12934 | Lair:5   | 12934 ||| Stepping ~*~*~tactically~*~*~ (stealth).
 12939 | Lair:5   | Received a gift from Okawaru
 12956 | Lair:5   | Reached skill level 6 in Throwing
 12968 | Lair:5   | Received a gift from Okawaru
 13015 | Lair:5   | 13015 ||| Stepping ~*~*~tactically~*~*~ (stealth).
 13017 | Lair:5   | 13017 ||| INVOKING Heroism.
 13018 | Lair:5   | 13018 ||| INVOKING Finesse.
 13102 | Lair:5   | 13102 ||| INVOKING Heroism.
 13117 | Lair:5   | Reached skill level 15 in Axes
 13136 | Lair:5   | Found a viscous altar of Jiyva.
 13142 | Lair:5   | Found a staircase to the Slime Pits.
 13146 | Lair:5   | Paralysed by a floating eye for 3 turns
 13162 | Lair:5   | Received a gift from Okawaru
 13182 | Lair:5   | 13182 ||| Stepping ~*~*~tactically~*~*~ (stealth).
 13286 | Lair:5   | Identified the +0 rapier of Instant Death {venom, rF- rN+
                  | Int+3 Stlth+}
 13363 | Lair:5   | 13363 ||| INVOKING Heroism.
 13364 | Lair:5   | 13364 ||| INVOKING Finesse.
 13365 | Lair:5   | 13365 ||| Stepping ~*~*~tactically~*~*~ (stealth).
 13370 | Lair:5   | 13370 ||| Stepping ~*~*~tactically~*~*~ (stealth).
 13375 | Lair:5   | 13375 ||| Stepping ~*~*~tactically~*~*~ (stealth).
 13398 | Lair:5   | 13398 ||| Stepping ~*~*~tactically~*~*~ (stealth).
 13417 | Lair:5   | Reached skill level 12 in Fighting
 13422 | Lair:5   | 13422 ||| INVOKING Heroism.
 13434 | Lair:5   | 13434 ||| INVOKING Finesse.
 13623 | Lair:5   | 13623 ||| Stepping ~*~*~tactically~*~*~ (stealth).
 13662 | Lair:5   | Received a gift from Okawaru
 13663 | Lair:5   | 13663 ||| FLEEEEING.
 13667 | Lair:5   | 13667 ||| FLEEEEING.
 13668 | Lair:5   | 13668 ||| FLEEEEING.
 13669 | Lair:5   | 13669 ||| FLEEEEING.
 13670 | Lair:5   | 13670 ||| FLEEEEING.
 13672 | Lair:5   | 13672 ||| FLEEEEING.
 13673 | Lair:5   | 13673 ||| FLEEEEING.
 13674 | Lair:5   | 13674 ||| FLEEEEING.
 13675 | Lair:5   | 13675 ||| FLEEEEING.
 13698 | Lair:5   | 13698 ||| Stepping ~*~*~tactically~*~*~ (stealth).
 13762 | Lair:5   | 13762 ||| Stepping ~*~*~tactically~*~*~ (hiding).
 13769 | Lair:5   | 13769 ||| Stepping ~*~*~tactically~*~*~ (hiding).
 13828 | Lair:5   | Noticed Josephine
 13829 | Lair:5   | 13829 ||| Stepping ~*~*~tactically~*~*~ (hiding).
 13832 | Lair:5   | 13832 ||| Stepping ~*~*~tactically~*~*~ (hiding).
 13840 | Lair:5   | Killed Josephine
 13857 | Lair:5   | 13857 ||| Stepping ~*~*~tactically~*~*~ (stealth).
 13931 | Lair:5   | 13931 ||| Stepping ~*~*~tactically~*~*~ (stealth).
 13938 | Lair:5   | Reached XP level 15. HP: 96/96 MP: 22/22
 13945 | Lair:5   | Found a corrupted altar of Lugonu.
 13945 | Lair:5   | Found a one-way gate to the infinite horrors of the Abyss.
 14011 | Lair:5   | 14011 ||| Stepping ~*~*~tactically~*~*~ (stealth).
 14013 | Lair:5   | 14013 ||| Stepping ~*~*~tactically~*~*~ (stealth).
 14042 | Lair:5   | 14042 ||| Stepping ~*~*~tactically~*~*~ (hiding).
 14043 | Lair:5   | 14043 ||| Stepping ~*~*~tactically~*~*~ (hiding).
 14084 | Lair:5   | 14084 ||| Stepping ~*~*~tactically~*~*~ (stealth).
 14087 | Lair:5   | 14087 ||| Stepping ~*~*~tactically~*~*~ (stealth).
 14320 | Lair:5   | 14320 ||| PLANNING D:1-11
 14428 | D:11     | 14428 ||| Stepping ~*~*~tactically~*~*~ (hiding).
 14824 | D:11     | 14824 ||| Stepping ~*~*~tactically~*~*~ (stealth).
 14852 | D:11     | 14852 ||| Stepping ~*~*~tactically~*~*~ (hiding).
 14866 | D:11     | 14866 ||| Stepping ~*~*~tactically~*~*~ (stealth).
 14871 | D:11     | 14871 ||| Stepping ~*~*~tactically~*~*~ (stealth).
 14954 | D:11     | 14954 ||| Stepping ~*~*~tactically~*~*~ (stealth).
 14971 | D:11     | 14971 ||| INVOKING Heroism.
 14975 | D:11     | Reached skill level 12 in Armour
 15001 | D:11     | 15001 ||| DROPPING ring of magical power.
 15013 | D:11     | Received a gift from Okawaru
 15142 | D:11     | 15142 ||| Stepping ~*~*~tactically~*~*~ (hiding).
 15158 | D:11     | 15158 ||| FLEEEEING.
 15159 | D:11     | 15159 ||| Stepping ~*~*~tactically~*~*~ (stealth).
 15330 | D:11     | Identified the +9 short sword of Ipnyeweq {venom, *Rage
                  | rC+++ Str+8}
 15370 | D:11     | 15370 ||| PLANNING D
 15370 | D:11     | 15370 ||| READING scroll labelled KAOBU WUSMOOV.
 15381 | D:12     | 15381 ||| STAIRDANCE
 15383 | D:11     | Gained mutation: You sometimes lose your temper in combat.
                  | [a neqoxec]
 15384 | D:11     | Reached ****** piety under Okawaru
 15391 | D:11     | 15391 ||| DRINKING 6 potions of mutation.
 15391 | D:11     | Lost mutation: You sometimes lose your temper in combat.
                  | [potion of mutation]
 15391 | D:11     | Gained mutation: You occasionally lose the ability to read
                  | scrolls when taking damage. [potion of mutation]
 15391 | D:11     | Gained mutation: You are partially covered in large bone
                  | plates. (SH +4) [potion of mutation]
 15392 | D:11     | 15392 ||| DRINKING 5 potions of mutation.
 15392 | D:11     | Lost mutation: You are partially covered in large bone
                  | plates. (SH +4) [potion of mutation]
 15392 | D:11     | Lost mutation: You occasionally lose the ability to read
                  | scrolls when taking damage. [potion of mutation]
 15392 | D:11     | Gained mutation: You are vulnerable to cold. (rC-) [potion
                  | of mutation]
 15392 | D:11     | Gained mutation: You are agile. (Dex +4, Str/Int -1)
                  | [potion of mutation]
 15392 | D:11     | Gained mutation: You are somewhat resistant to further
                  | mutation. [potion of mutation]
 15405 | D:12     | 15405 ||| Stepping ~*~*~tactically~*~*~ (stealth).
 15415 | D:12     | Received a gift from Okawaru
 15579 | D:12     | Found a frozen archway.
 15776 | D:12     | 15776 ||| Stepping ~*~*~tactically~*~*~ (hiding).
 15794 | D:12     | 15794 ||| INVOKING Heroism.
 15813 | D:12     | 15813 ||| INVOKING Heroism.
 15916 | D:12     | 15916 ||| INVOKING Heroism.
 16093 | D:12     | 16093 ||| Stepping ~*~*~tactically~*~*~ (hiding).
 16094 | D:12     | 16094 ||| Stepping ~*~*~tactically~*~*~ (hiding).
 16106 | D:12     | 16106 ||| Stepping ~*~*~tactically~*~*~ (stealth).
 16108 | D:12     | 16108 ||| Stepping ~*~*~tactically~*~*~ (hiding).
 16125 | D:12     | 16125 ||| Stepping ~*~*~tactically~*~*~ (hiding).
 16126 | D:12     | 16126 ||| Stepping ~*~*~tactically~*~*~ (hiding).
 16168 | D:12     | Found a staircase to the Orcish Mines.
 16189 | D:12     | 16189 ||| READING 19 scrolls of identify.
 16189 | D:12     | 16189 ||| IDENTIFYING green potion
 16297 | D:13     | 16297 ||| Stepping ~*~*~tactically~*~*~ (hiding).
 16412 | D:13     | Identified the +3 arbalest of Contradiction {drain, rC+
                  | Dex+3}
 16424 | D:13     | Found a transporter.
 16558 | D:13     | Found an ornate altar of the Wu Jian Council.
 16601 | D:13     | Identified the +4 great mace "Koloerom" {freeze, Fragile
                  | rN++ Int+4} (Okawaru gifted it to you on level 13 of the
                  | Dungeon)
 16601 | D:13     | Received a gift from Okawaru
 16695 | D:13     | Noticed HilariousDeathArtist's ghost (journeyman VSBe)
 16698 | D:13     | Found a transporter.
 16763 | D:13     | 16763 ||| Stepping randomly (disturbance).
 16765 | D:13     | 16765 ||| Stepping randomly (disturbance).
 16766 | D:13     | 16766 ||| Stepping randomly (disturbance).
 16857 | D:13     | 16857 ||| DROPPING amulet of the acrobat.
 16893 | D:14     | 16893 ||| INVOKING Heroism.
 16987 | D:14     | Found a gate to the Vaults.
 16988 | D:14     | 16988 ||| Stepping ~*~*~tactically~*~*~ (stealth).
 17010 | D:14     | Reached skill level 9 in Shields
 17340 | D:15     | Entered Level 15 of the Dungeon
 17353 | D:15     | 17353 ||| Stepping ~*~*~tactically~*~*~ (hiding).
 17354 | D:15     | 17354 ||| Stepping ~*~*~tactically~*~*~ (hiding).
 17400 | D:15     | 17400 ||| Stepping ~*~*~tactically~*~*~ (hiding).
 17403 | D:15     | 17403 ||| INVOKING Heroism.
 17578 | D:15     | 17578 ||| INVOKING Heroism.
 17585 | D:15     | Reached XP level 16. HP: 104/104 MP: 20/23
 17617 | D:15     | Identified Roxanne's Discourse on Clay
 17617 | D:15     | Noticed Roxanne
 17618 | D:15     | 17618 ||| INVOKING Heroism.
 17619 | D:15     | 17619 ||| INVOKING Finesse.
 17645 | D:15     | Killed Roxanne
 17705 | D:15     | Received a gift from Okawaru
 17942 | D:15     | Found a staircase to the Depths.
 17943 | D:15     | 17943 ||| Stepping ~*~*~tactically~*~*~ (stealth).
 17945 | D:15     | 17945 ||| INVOKING Heroism.
 17982 | D:15     | 17982 ||| Stepping ~*~*~tactically~*~*~ (hiding).
 17983 | D:15     | 17983 ||| Stepping ~*~*~tactically~*~*~ (hiding).
 18111 | D:15     | 18111 ||| PLANNING ORC
 18111 | D:15     | 18111 ||| READING 22 scrolls of identify.
 18111 | D:15     | 18111 ||| IDENTIFYING red potion
 18112 | D:15     | 18112 ||| DRINKING potion of experience.
 18112 | D:15     | Reached skill level 15 in Fighting
 18112 | D:15     | Reached XP level 17. HP: 113/113 MP: 24/24
 18250 | Orc:1    | Entered Level 1 of the Orcish Mines
 18381 | Orc:2    | Entered Level 2 of the Orcish Mines
 18438 | Orc:2    | 18438 ||| FLEEEEING.
 18443 | Orc:2    | 18443 ||| FLEEEEING.
 18444 | Orc:2    | 18444 ||| STAIRDANCE
 18519 | Orc:2    | Reached skill level 6 in Dodging
 18557 | Orc:2    | Found Urug's Book Boutique.
 18557 | Orc:2    | Found Giyph's Distillery.
 18559 | Orc:2    | Found Satirr's Weapon Emporium.
 18559 | Orc:2    | Found Maloclah's Distillery.
 18588 | Orc:2    | 18588 ||| BUYING potion of curing (39 gold).
 18588 | Orc:2    | Bought a potion of curing for 39 gold pieces
 18588 | Orc:2    | 18588 ||| BUYING potion of haste (130 gold).
 18588 | Orc:2    | Bought a potion of haste for 130 gold pieces
 18588 | Orc:2    | 18588 ||| BUYING potion of heal wounds (65 gold).
 18588 | Orc:2    | Bought a potion of heal wounds for 65 gold pieces
 18588 | Orc:2    | 18588 ||| BUYING potion of heal wounds (65 gold).
 18588 | Orc:2    | Bought a potion of heal wounds for 65 gold pieces
 18588 | Orc:2    | 18588 ||| BUYING potion of magic (104 gold).
 18588 | Orc:2    | Bought a potion of magic for 104 gold pieces
 18588 | Orc:2    | 18588 ||| BUYING potion of might (52 gold).
 18588 | Orc:2    | Bought a potion of might for 52 gold pieces
 18588 | Orc:2    | 18588 ||| BUYING potion of mutation (104 gold).
 18588 | Orc:2    | Bought a potion of mutation for 104 gold pieces
 18588 | Orc:2    | 18588 ||| BUYING potion of mutation (104 gold).
 18588 | Orc:2    | Bought a potion of mutation for 104 gold pieces
 18588 | Orc:2    | 18588 ||| BUYING potion of resistance (130 gold).
 18588 | Orc:2    | Bought a potion of resistance for 130 gold pieces
 18589 | Orc:2    | 18589 ||| BUYING 2 potions of attraction (78 gold).
 18589 | Orc:2    | Bought 2 potions of attraction for 78 gold pieces
 18589 | Orc:2    | 18589 ||| BUYING 2 potions of heal wounds (130 gold).
 18589 | Orc:2    | Bought 2 potions of heal wounds for 130 gold pieces
 18589 | Orc:2    | 18589 ||| BUYING potion of attraction (39 gold).
 18589 | Orc:2    | Bought a potion of attraction for 39 gold pieces
 18589 | Orc:2    | 18589 ||| BUYING potion of curing (39 gold).
 18589 | Orc:2    | Bought a potion of curing for 39 gold pieces
 18589 | Orc:2    | 18589 ||| BUYING potion of haste (130 gold).
 18589 | Orc:2    | Bought a potion of haste for 130 gold pieces
 18589 | Orc:2    | 18589 ||| BUYING potion of heal wounds (65 gold).
 18589 | Orc:2    | Bought a potion of heal wounds for 65 gold pieces
 18589 | Orc:2    | 18589 ||| BUYING potion of mutation (104 gold).
 18589 | Orc:2    | Bought a potion of mutation for 104 gold pieces
 18608 | Orc:2    | 18608 ||| FLEEEEING.
 18613 | Orc:2    | Received a gift from Okawaru
 18616 | Orc:2    | Found Vaohau's Firing Range.
 18621 | Orc:2    | 18621 ||| FLEEEEING.
 18622 | Orc:2    | 18622 ||| FLEEEEING.
 18623 | Orc:2    | 18623 ||| FLEEEEING.
 18624 | Orc:2    | 18624 ||| FLEEEEING.
 18625 | Orc:2    | 18625 ||| FLEEEEING.
 18626 | Orc:2    | 18626 ||| STAIRDANCE
 18628 | Orc:1    | 18628 ||| INVOKING Heroism.
 18629 | Orc:1    | 18629 ||| INVOKING Finesse.
 18759 | Orc:2    | Found a staircase to the Elven Halls.
 19147 | Orc:2    | Found Haozymos's Jewellery Shoppe.
 19153 | Orc:2    | 19153 ||| BUYING amulet "Inamp" {Spirit Will+ Dex+5} (690
                  | gold).
 19153 | Orc:2    | Bought the amulet "Inamp" {Spirit Will+ Dex+5} for 690 gold
                  | pieces
 19188 | Orc:2    | 19188 ||| PLANNING SNAKE:1-3
 19391 | Snake:1  | Entered Level 1 of the Snake Pit
 19410 | Snake:1  | 19410 ||| READING scroll of enchant armour.
 19410 | Snake:1  | 19410 ||| ENCHANTING +0 cloak.
 19486 | Snake:1  | 19486 ||| Stepping ~*~*~tactically~*~*~ (hiding).
 19487 | Snake:1  | 19487 ||| Stepping ~*~*~tactically~*~*~ (hiding).
 19511 | Snake:1  | Received a gift from Okawaru
 19511 | Snake:1  | Found the +8 orange crystal plate armour {Archmagi, Int+3
                  | Clar}
 19612 | Snake:1  | Found Vithreha's Antique Armour Shop.
 19635 | Snake:1  | 19635 ||| SHOPLISTING pair of embroidered gloves (270 gold,
                  | have 134).
 19716 | Snake:1  | 19716 ||| Stepping ~*~*~tactically~*~*~ (hiding).
 19722 | Snake:1  | 19722 ||| INVOKING Heroism.
 19790 | Snake:1  | Found Rufur's Armour Emporium.
 19793 | Snake:1  | 19793 ||| SHOPLISTING +1 pair of gloves of dexterity (247
                  | gold, have 146).
 19818 | Snake:1  | Noticed Aizul
 19819 | Snake:1  | 19819 ||| INVOKING Heroism.
 19820 | Snake:1  | 19820 ||| INVOKING Finesse.
 19841 | Snake:1  | Killed Aizul
 19997 | Snake:1  | 19997 ||| Stepping ~*~*~tactically~*~*~ (hiding).
 20000 | Snake:1  | 20000 ||| Stepping ~*~*~tactically~*~*~ (hiding).
 20061 | Snake:1  | Reached skill level 9 in Throwing
 20350 | Snake:1  | 20350 ||| DROPPING +1 chain mail of fire resistance.
 20351 | Snake:1  | 20351 ||| UPGRADING to +8 orange crystal plate armour
                  | {Archmagi, Int+3 Clar}.
 20361 | Snake:1  | 20361 ||| DROPPING +0 plate armour of Intercession {rElec
                  | rC+}.
 20362 | Snake:1  | 20362 ||| UPGRADING to +0 kite shield.
 20372 | Snake:1  | 20372 ||| DROPPING +0 buckler.
 20373 | Snake:1  | 20373 ||| UPGRADING to +0 pair of boots.
 20378 | Snake:1  | 20378 ||| DRINKING 9 potions of mutation.
 20378 | Snake:1  | Lost mutation: You are vulnerable to cold. (rC-) [potion of
                  | mutation]
 20378 | Snake:1  | Lost mutation: You are somewhat resistant to further
                  | mutation. [potion of mutation]
 20378 | Snake:1  | Lost mutation: You are agile. (Dex +4, Str/Int -1) [potion
                  | of mutation]
 20378 | Snake:1  | Gained mutation: Your body sometimes deteriorates upon
                  | taking damage. [potion of mutation]
 20378 | Snake:1  | Lost mutation: Your body sometimes deteriorates upon taking
                  | damage. [potion of mutation]
 20378 | Snake:1  | Gained mutation: Your flesh is heat resistant. (rF+)
                  | [potion of mutation]
 20378 | Snake:1  | Gained mutation: You are strong-willed. (Will+) [potion of
                  | mutation]
 20379 | Snake:1  | 20379 ||| UPGRADING to +6 ring of dexterity.
 20381 | Snake:1  | 20381 ||| DROPPING ring of wizardry.
 20461 | Snake:2  | 20461 ||| READING scroll of enchant armour.
 20461 | Snake:2  | 20461 ||| ENCHANTING +0 pair of boots.
 20507 | Snake:2  | 20507 ||| READING scroll of enchant armour.
 20507 | Snake:2  | 20507 ||| ENCHANTING +1 pair of boots.
 20545 | Snake:2  | 20545 ||| Stepping ~*~*~tactically~*~*~ (hiding).
 20549 | Snake:2  | 20549 ||| INVOKING Heroism.
 20630 | Snake:2  | Noticed Agnes
 20631 | Snake:2  | 20631 ||| INVOKING Heroism.
 20632 | Snake:2  | 20632 ||| INVOKING Finesse.
 20646 | Snake:2  | Killed Agnes
 20647 | Snake:2  | 20647 ||| Stepping ~*~*~tactically~*~*~ (hiding).
 20760 | Snake:2  | Found Xaor's Armour Shoppe.
 20774 | Snake:2  | 20774 ||| SHOPLISTING +2 helmet of see invisible (365 gold,
                  | have 274).
 20836 | Snake:2  | 20836 ||| Stepping ~*~*~tactically~*~*~ (hiding).
 20985 | Snake:2  | 20985 ||| Stepping ~*~*~tactically~*~*~ (stealth).
 20990 | Snake:2  | Reached skill level 12 in Shields
 20993 | Snake:2  | 20993 ||| Stepping ~*~*~tactically~*~*~ (hiding).
 20994 | Snake:2  | 20994 ||| Stepping ~*~*~tactically~*~*~ (hiding).
 20996 | Snake:2  | 20996 ||| Stepping ~*~*~tactically~*~*~ (hiding).
 21002 | Snake:2  | 21002 ||| INVOKING Heroism.
 21012 | Snake:2  | 21012 ||| Stepping ~*~*~tactically~*~*~ (hiding).
 21085 | Snake:2  | Noticed Vashnia
 21086 | Snake:2  | 21086 ||| Stepping ~*~*~tactically~*~*~ (hiding).
 21094 | Snake:2  | 21094 ||| INVOKING Heroism.
 21095 | Snake:2  | 21095 ||| Stepping ~*~*~tactically~*~*~ (hiding).
 21111 | Snake:2  | Killed Vashnia
 21112 | Snake:2  | Reached XP level 18. HP: 103/119 MP: 25/25
 21193 | Snake:2  | Noticed Mlioglotl
 21194 | Snake:2  | 21194 ||| INVOKING Heroism.
 21203 | Snake:2  | Killed Mlioglotl
 21341 | Snake:2  | 21341 ||| UPGRADING to +2 kite shield.
 21351 | Snake:2  | 21351 ||| DROPPING +0 kite shield.
 21352 | Snake:2  | 21352 ||| DRINKING 2 bubbling white potions.
 21353 | Snake:2  | 21353 ||| DROPPING potion of invisibility.
 21368 | Snake:3  | 21368 ||| Stepping ~*~*~tactically~*~*~ (hiding).
 21420 | Snake:3  | 21420 ||| READING scroll of enchant armour.
 21420 | Snake:3  | 21420 ||| ENCHANTING +1 cloak.
 21480 | Snake:3  | 21480 ||| Stepping ~*~*~tactically~*~*~ (stealth).
 21483 | Snake:3  | 21483 ||| Stepping ~*~*~tactically~*~*~ (stealth).
 21486 | Snake:3  | 21486 ||| Stepping ~*~*~tactically~*~*~ (hiding).
 21496 | Snake:3  | 21496 ||| Stepping ~*~*~tactically~*~*~ (hiding).
 21497 | Snake:3  | 21497 ||| Stepping ~*~*~tactically~*~*~ (stealth).
 21530 | Snake:3  | 21530 ||| Stepping ~*~*~tactically~*~*~ (hiding).
 21531 | Snake:3  | 21531 ||| Stepping ~*~*~tactically~*~*~ (hiding).
 21567 | Snake:3  | 21567 ||| Stepping ~*~*~tactically~*~*~ (stealth).
 21577 | Snake:3  | Reached skill level 15 in Armour
 21594 | Snake:3  | 21594 ||| Stepping ~*~*~tactically~*~*~ (hiding).
 21667 | Snake:3  | Noticed Louise
 21687 | Snake:3  | 21687 ||| Stepping ~*~*~tactically~*~*~ (hiding).
 21704 | Snake:3  | Killed Louise
 21723 | Snake:3  | Received a gift from Okawaru
 22056 | Snake:3  | 22056 ||| PLANNING SHOALS:1-3
 22056 | Snake:3  | 22056 ||| UPGRADING to +0 tower shield.
 22066 | Snake:3  | 22066 ||| DROPPING +2 kite shield.
 22226 | Shoals:1 | Entered Level 1 of the Shoals
 22277 | Shoals:1 | 22277 ||| INVOKING Heroism.
 22566 | Shoals:1 | 22566 ||| Stepping ~*~*~tactically~*~*~ (hiding).
 22604 | Shoals:1 | 22604 ||| INVOKING Heroism.
 22848 | Shoals:1 | 22848 ||| INVOKING Heroism.
 22882 | Shoals:1 | 22882 ||| INVOKING Heroism.
 23071 | Shoals:1 | Found Laonter's Assorted Antiques.
 23092 | Shoals:1 | 23092 ||| BUYING potion of curing (84 gold).
 23092 | Shoals:1 | Bought a potion of curing for 84 gold pieces
 23092 | Shoals:1 | 23092 ||| BUYING potion of heal wounds (140 gold).
 23092 | Shoals:1 | Bought a potion of heal wounds for 140 gold pieces
 23092 | Shoals:1 | 23092 ||| BUYING potion of mutation (224 gold).
 23092 | Shoals:1 | Bought a potion of mutation for 224 gold pieces
 23296 | Shoals:2 | Identified the +1 ring mail of Eqexkir {Harm Regen+ rCorr
                  | Dex-4 SInv}
 23311 | Shoals:2 | 23311 ||| INVOKING Heroism.
 23338 | Shoals:2 | 23338 ||| Stepping ~*~*~tactically~*~*~ (hiding).
 23349 | Shoals:2 | 23349 ||| Stepping ~*~*~tactically~*~*~ (hiding).
 23353 | Shoals:2 | 23353 ||| Stepping ~*~*~tactically~*~*~ (hiding).
 23355 | Shoals:2 | 23355 ||| Stepping ~*~*~tactically~*~*~ (hiding).
 23378 | Shoals:2 | 23378 ||| Stepping ~*~*~tactically~*~*~ (stealth).
 23379 | Shoals:2 | 23379 ||| Stepping ~*~*~tactically~*~*~ (stealth).
 23504 | Shoals:2 | 23504 ||| Stepping ~*~*~tactically~*~*~ (hiding).
 23505 | Shoals:2 | 23505 ||| Stepping ~*~*~tactically~*~*~ (hiding).
 23506 | Shoals:2 | 23506 ||| Stepping ~*~*~tactically~*~*~ (hiding).
 23548 | Shoals:2 | 23548 ||| Stepping ~*~*~tactically~*~*~ (stealth).
 23549 | Shoals:2 | 23549 ||| Stepping ~*~*~tactically~*~*~ (stealth).
 23550 | Shoals:2 | 23550 ||| Stepping ~*~*~tactically~*~*~ (stealth).
 23552 | Shoals:2 | 23552 ||| Stepping ~*~*~tactically~*~*~ (hiding).
 24191 | Shoals:3 | Found Xecir's Book Shop.
 24192 | Shoals:3 | 24192 ||| STAIRDANCE
 24296 | Shoals:3 | 24296 ||| INVOKING Heroism.
 24300 | Shoals:3 | Received a gift from Okawaru
 24321 | Shoals:3 | 24321 ||| INVOKING Finesse.
 24336 | Shoals:3 | Reached skill level 15 in Shields
 24347 | Shoals:3 | Noticed Jorgrun
 24383 | Shoals:3 | Killed Jorgrun
 24389 | Shoals:3 | 24389 ||| INVOKING Heroism.
 24427 | Shoals:3 | 24427 ||| Stepping ~*~*~tactically~*~*~ (hiding).
 24430 | Shoals:3 | 24430 ||| Stepping ~*~*~tactically~*~*~ (hiding).
 24441 | Shoals:3 | Received a gift from Okawaru
 24473 | Shoals:3 | 24473 ||| Stepping ~*~*~tactically~*~*~ (stealth).
 24476 | Shoals:3 | 24476 ||| Stepping ~*~*~tactically~*~*~ (hiding).
 24481 | Abyss:2  | Cast into level 2 of the Abyss (merfolk)
 24597 | Abyss:2  | 24597 ||| Stepping ~*~*~tactically~*~*~ (hiding).
 24599 | Abyss:2  | 24599 ||| Stepping ~*~*~tactically~*~*~ (hiding).
 24620 | Abyss:2  | 24620 ||| Stepping ~*~*~tactically~*~*~ (stealth).
 24622 | Abyss:2  | 24622 ||| Stepping ~*~*~tactically~*~*~ (hiding).
 24644 | Abyss:2  | 24644 ||| Stepping ~*~*~tactically~*~*~ (stealth).
 24651 | Abyss:2  | 24651 ||| Stepping ~*~*~tactically~*~*~ (hiding).
 24653 | Abyss:2  | 24653 ||| Stepping ~*~*~tactically~*~*~ (hiding).
 24654 | Abyss:2  | 24654 ||| Stepping ~*~*~tactically~*~*~ (hiding).
 24685 | Abyss:2  | 24685 ||| Stepping ~*~*~tactically~*~*~ (hiding).
 24687 | Abyss:2  | 24687 ||| Stepping randomly (disturbance).
 24688 | Abyss:2  | 24688 ||| Stepping randomly (disturbance).
 24689 | Abyss:2  | 24689 ||| Stepping randomly (disturbance).
 24690 | Abyss:2  | 24690 ||| Stepping ~*~*~tactically~*~*~ (hiding).
 24691 | Abyss:2  | 24691 ||| Stepping ~*~*~tactically~*~*~ (hiding).
 24705 | Abyss:2  | 24705 ||| Stepping ~*~*~tactically~*~*~ (stealth).
 24707 | Abyss:2  | 24707 ||| Stepping ~*~*~tactically~*~*~ (stealth).
 24723 | Abyss:2  | Received a gift from Okawaru
 24737 | Abyss:2  | 24737 ||| Stepping ~*~*~tactically~*~*~ (stealth).
 24742 | Abyss:2  | 24742 ||| Stepping ~*~*~tactically~*~*~ (stealth).
 24747 | Abyss:2  | Gained mutation: Your body sometimes deteriorates upon
                  | taking damage. [a cacodemon]
 24757 | Abyss:2  | Gained mutation: You are weak. (Str -2) [a cacodemon]
 24789 | Abyss:2  | 24789 ||| INVOKING Heroism.
 24802 | Abyss:2  | 24802 ||| Stepping ~*~*~tactically~*~*~ (hiding).
 24803 | Abyss:2  | 24803 ||| Stepping ~*~*~tactically~*~*~ (hiding).
 24810 | Abyss:2  | Found a corrupted altar of Lugonu.
 24822 | Abyss:2  | 24822 ||| Stepping ~*~*~tactically~*~*~ (stealth).
 24823 | Abyss:2  | 24823 ||| Stepping ~*~*~tactically~*~*~ (stealth).
 24832 | Abyss:2  | 24832 ||| Stepping ~*~*~tactically~*~*~ (stealth).
 24840 | Abyss:2  | Found a corrupted altar of Lugonu.
 24842 | Abyss:2  | Found a corrupted altar of Lugonu.
 24914 | Abyss:2  | 24914 ||| Stepping ~*~*~tactically~*~*~ (stealth).
 24915 | Abyss:2  | 24915 ||| Stepping ~*~*~tactically~*~*~ (stealth).
 24929 | Abyss:2  | 24929 ||| Stepping ~*~*~tactically~*~*~ (stealth).
 24935 | Abyss:2  | 24935 ||| Stepping ~*~*~tactically~*~*~ (stealth).
 24950 | Shoals:3 | Escaped the Abyss
 24951 | Shoals:3 | 24951 ||| Stepping ~*~*~tactically~*~*~ (hiding).
 24954 | Shoals:3 | 24954 ||| Stepping ~*~*~tactically~*~*~ (hiding).
 24956 | Shoals:3 | 24956 ||| Stepping ~*~*~tactically~*~*~ (hiding).
 24957 | Shoals:3 | 24957 ||| Stepping ~*~*~tactically~*~*~ (hiding).
 25117 | Shoals:3 | Noticed Ilsuiw
 25118 | Shoals:3 | 25118 ||| INVOKING Heroism.
 25119 | Shoals:3 | 25119 ||| INVOKING Finesse.
 25140 | Shoals:3 | Reached XP level 19. HP: 108/124 MP: 14/21
 25219 | Shoals:3 | 25219 ||| Stepping ~*~*~tactically~*~*~ (stealth).
 25220 | Shoals:3 | 25220 ||| INVOKING Heroism.
 25228 | Shoals:3 | Killed Ilsuiw
 25340 | Shoals:3 | 25340 ||| Stepping ~*~*~tactically~*~*~ (hiding).
 25769 | Shoals:3 | 25769 ||| PLANNING SNAKE:4
 25769 | Shoals:3 | 25769 ||| DROPPING +0 helmet.
 25770 | Shoals:3 | 25770 ||| DROPPING ring of willpower.
 25984 | Snake:4  | Entered Level 4 of the Snake Pit
 26059 | Snake:4  | 26059 ||| Stepping ~*~*~tactically~*~*~ (stealth).
 26106 | Snake:4  | 26106 ||| Stepping ~*~*~tactically~*~*~ (stealth).
 26151 | Snake:4  | 26151 ||| Stepping ~*~*~tactically~*~*~ (stealth).
 26152 | Snake:4  | 26152 ||| Stepping ~*~*~tactically~*~*~ (stealth).
 26154 | Snake:4  | 26154 ||| Stepping ~*~*~tactically~*~*~ (hiding).
 26202 | Snake:4  | 26202 ||| Stepping ~*~*~tactically~*~*~ (hiding).
 26268 | Snake:4  | 26268 ||| INVOKING Heroism.
 26281 | Snake:4  | Received a gift from Okawaru
 26309 | Snake:4  | Identified a scroll of acquirement
 26328 | Snake:4  | 26328 ||| READING scroll of acquirement.
 26328 | Snake:4  | 26328 ||| ACQUIRING +4 broad axe of Nukaen {flame, Int+7}
 26328 | Snake:4  | Acquired the +4 broad axe of Nukaen {flame, Int+7}
 26330 | Snake:4  | 26330 ||| SWAPPING to +4 broad axe of Nukaen {flame,
                  | Int+7}.
 26331 | Snake:4  | 26331 ||| DROPPING +9 war axe "Pumu" {flame, rN+ Stlth+}.
 26458 | Snake:4  | 26458 ||| Stepping ~*~*~tactically~*~*~ (hiding).
 26781 | Snake:4  | 26781 ||| Stepping ~*~*~tactically~*~*~ (stealth).
 26886 | Snake:4  | 26886 ||| INVOKING Heroism.
 26921 | Snake:4  | 26921 ||| Stepping ~*~*~tactically~*~*~ (hiding).
 26923 | Snake:4  | 26923 ||| Stepping ~*~*~tactically~*~*~ (hiding).
 26945 | Snake:4  | 26945 ||| Stepping ~*~*~tactically~*~*~ (stealth).
 26976 | Snake:4  | 26976 ||| INVOKING Heroism.
 26999 | Snake:4  | 26999 ||| Stepping ~*~*~tactically~*~*~ (hiding).
 27022 | Snake:4  | 27022 ||| INVOKING Heroism.
 27051 | Snake:4  | 27051 ||| Stepping ~*~*~tactically~*~*~ (hiding).
 27199 | Snake:4  | 27199 ||| INVOKING Heroism.
 27203 | Snake:4  | HP: 30/124 [salamander/+0 halberd (2)]
 27204 | Snake:4  | 27204 ||| READING 10 scrolls of teleportation.
 27205 | Snake:4  | 27205 ||| DRINKING 13 potions of heal wounds.
 27208 | Snake:4  | HP: 31/124 [salamander/+0 halberd (4)]
 27209 | Snake:4  | 27209 ||| READING 9 scrolls of teleportation.
 27211 | Snake:4  | 27211 ||| READING 8 scrolls of teleportation.
 27212 | Snake:4  | 27212 ||| DRINKING 12 potions of heal wounds.
 27435 | Snake:4  | 27435 ||| Stepping ~*~*~tactically~*~*~ (hiding).
 27437 | Snake:4  | 27437 ||| Stepping ~*~*~tactically~*~*~ (hiding).
 27439 | Snake:4  | 27439 ||| Stepping ~*~*~tactically~*~*~ (hiding).
 27446 | Snake:4  | 27446 ||| Stepping ~*~*~tactically~*~*~ (hiding).
 27459 | Snake:4  | 27459 ||| Stepping ~*~*~tactically~*~*~ (hiding).
 27460 | Snake:4  | 27460 ||| Stepping ~*~*~tactically~*~*~ (hiding).
 27464 | Snake:4  | 27464 ||| Stepping ~*~*~tactically~*~*~ (hiding).
 27466 | Snake:4  | 27466 ||| Stepping ~*~*~tactically~*~*~ (hiding).
 27469 | Snake:4  | 27469 ||| INVOKING Heroism.
 27505 | Snake:4  | 27505 ||| Stepping ~*~*~tactically~*~*~ (hiding).
 27533 | Snake:4  | Got a serpentine rune of Zot
 27678 | Snake:4  | 27678 ||| Stepping ~*~*~tactically~*~*~ (hiding).
 27680 | Snake:4  | 27680 ||| INVOKING Heroism.
 27783 | Snake:4  | 27783 ||| PLANNING VAULTS:1-4
 27783 | Snake:4  | 27783 ||| DROPPING scarf of harm.
 28097 | Vaults:1 | Entered Level 1 of the Vaults
 28220 | Vaults:1 | 28220 ||| Stepping ~*~*~tactically~*~*~ (stealth).
 28221 | Vaults:1 | 28221 ||| Stepping ~*~*~tactically~*~*~ (stealth).
 28222 | Vaults:1 | 28222 ||| Stepping ~*~*~tactically~*~*~ (stealth).
 28228 | Vaults:1 | 28228 ||| Stepping ~*~*~tactically~*~*~ (hiding).
 28229 | Vaults:1 | 28229 ||| Stepping ~*~*~tactically~*~*~ (hiding).
 28257 | Vaults:1 | 28257 ||| INVOKING Heroism.
 28404 | Vaults:1 | 28404 ||| FLEEEEING.
 28494 | Vaults:1 | 28494 ||| Stepping ~*~*~tactically~*~*~ (hiding).
 28495 | Vaults:1 | 28495 ||| Stepping ~*~*~tactically~*~*~ (hiding).
 28496 | Vaults:1 | 28496 ||| Stepping ~*~*~tactically~*~*~ (hiding).
 28497 | Vaults:1 | 28497 ||| Stepping ~*~*~tactically~*~*~ (hiding).
 28521 | Vaults:1 | Found a runed translucent door.
 28521 | Vaults:1 | Found a shimmering altar of Xom.
 28521 | Vaults:1 | Noticed qw's ghost (adept GrFi)
 28521 | Vaults:1 | Identified the +11 demon whip "Nuamiom" {chaos, rElec rCorr
                  | Int+3 Stlth+}
 28538 | Vaults:1 | Found Wynoch's Book Shoppe.
 28676 | Vaults:1 | 28676 ||| INVOKING Heroism.
 28682 | Vaults:1 | Reached skill level 18 in Axes
 28682 | Vaults:1 | Identified the +8 war axe of Gacvoti {drain, rF++ rN+ Str-2
                  | Dex+3} (Okawaru gifted it to you on level 1 of the Vaults)
 28682 | Vaults:1 | Received a gift from Okawaru
 28744 | Vaults:1 | Reached XP level 20. HP: 117/129 MP: 27/27
 28822 | Vaults:1 | 28822 ||| INVOKING Heroism.
 28823 | Vaults:1 | 28823 ||| INVOKING Finesse.
 28829 | Vaults:1 | Noticed a Tzitzimitl
 29059 | Vaults:1 | Found Hekkuel's Armour Shoppe.
 29119 | Vaults:1 | Found Ugguaf's Assorted Antiques.
 29130 | Vaults:1 | 29130 ||| BUYING glowing scarf (320 gold).
 29130 | Vaults:1 | Bought a glowing scarf for 320 gold pieces
 29130 | Vaults:1 | 29130 ||| BUYING potion of might (160 gold).
 29130 | Vaults:1 | Bought a potion of might for 160 gold pieces
 29130 | Vaults:1 | 29130 ||| SHOPLISTING potion of might (160 gold, have 113).
 29130 | Vaults:1 | 29130 ||| SHOPLISTING ring of ice (1000 gold, have 113).
 29354 | Vaults:1 | Identified the amulet "Tynih" {Acrobat Dex+4}
 29356 | Vaults:1 | Identified the ring "Zaorr" {*Corrode Will+++ Int-4 Slay+4
                  | SInv}
 29433 | Vaults:1 | 29433 ||| DROPPING +1 helmet.
 29434 | Vaults:1 | 29434 ||| DROPPING scarf of harm.
 29435 | Vaults:1 | 29435 ||| DROPPING amulet "Tynih" {Acrobat Dex+4}.
 29436 | Vaults:1 | 29436 ||| UPGRADING to ring "Zaorr" {*Corrode Will+++ Int-4
                  | Slay+4 SInv}.
 29438 | Vaults:1 | 29438 ||| UPGRADING to ring of Darkness {rN+ EV+5}.
 29538 | Vaults:2 | 29538 ||| Stepping ~*~*~tactically~*~*~ (hiding).
 29540 | Vaults:2 | 29540 ||| Stepping ~*~*~tactically~*~*~ (hiding).
 29541 | Vaults:2 | 29541 ||| Stepping ~*~*~tactically~*~*~ (hiding).
 29542 | Vaults:2 | 29542 ||| Stepping ~*~*~tactically~*~*~ (hiding).
 29543 | Vaults:2 | 29543 ||| Stepping ~*~*~tactically~*~*~ (hiding).
 29558 | Vaults:2 | 29558 ||| Stepping ~*~*~tactically~*~*~ (stealth).
 29560 | Vaults:2 | 29560 ||| Stepping ~*~*~tactically~*~*~ (hiding).
 29561 | Vaults:2 | 29561 ||| Stepping ~*~*~tactically~*~*~ (hiding).
 29563 | Vaults:2 | 29563 ||| Stepping ~*~*~tactically~*~*~ (hiding).
 29568 | Vaults:2 | 29568 ||| Stepping ~*~*~tactically~*~*~ (hiding).
 29848 | Vaults:2 | 29848 ||| INVOKING Heroism.
 29860 | Vaults:2 | Reached skill level 18 in Shields
 29865 | Vaults:2 | Received a gift from Okawaru
 30027 | Vaults:2 | 30027 ||| Stepping ~*~*~tactically~*~*~ (hiding).
 30029 | Vaults:2 | 30029 ||| Stepping ~*~*~tactically~*~*~ (hiding).
 30066 | Vaults:2 | Received a gift from Okawaru
 30153 | Vaults:2 | 30153 ||| Stepping ~*~*~tactically~*~*~ (stealth).
 30304 | Vaults:2 | Reached skill level 18 in Armour
 30306 | Vaults:2 | Received a gift from Okawaru
 30329 | Vaults:2 | 30329 ||| Stepping ~*~*~tactically~*~*~ (stealth).
 30555 | Vaults:2 | Identified the +0 crystal plate armour of the Hills {rN+}
                  | (Okawaru gifted it to you on level 2 of the Vaults)
 30555 | Vaults:2 | Received a gift from Okawaru
 30563 | Vaults:2 | 30563 ||| INVOKING Finesse.
 30810 | Vaults:2 | 30810 ||| INVOKING Finesse.
 30919 | Vaults:2 | 30919 ||| DROPPING ring of see invisible.
 30979 | Vaults:3 | 30979 ||| PLANNING DESOLATION
 31006 | Vaults:3 | 31006 ||| Stepping ~*~*~tactically~*~*~ (hiding).
 31007 | Vaults:3 | 31007 ||| Stepping ~*~*~tactically~*~*~ (hiding).
 31008 | Vaults:3 | 31008 ||| Stepping ~*~*~tactically~*~*~ (hiding).
 31009 | Vaults:3 | 31009 ||| Stepping ~*~*~tactically~*~*~ (hiding).
 31010 | Vaults:3 | 31010 ||| Stepping ~*~*~tactically~*~*~ (hiding).
 31011 | Vaults:3 | 31011 ||| Stepping ~*~*~tactically~*~*~ (hiding).
 31030 | Vaults:3 | 31030 ||| FLEEEEING.
 31121 | Vaults:3 | 31121 ||| INVOKING Heroism.
 31122 | Vaults:3 | 31122 ||| INVOKING Finesse.
 31193 | Vaults:3 | 31193 ||| Stepping ~*~*~tactically~*~*~ (hiding).
 31387 | Vaults:3 | 31387 ||| Stepping ~*~*~tactically~*~*~ (hiding).
 31390 | Vaults:3 | 31390 ||| Stepping ~*~*~tactically~*~*~ (hiding).
 31395 | Vaults:3 | 31395 ||| INVOKING Heroism.
 31405 | Vaults:3 | 31405 ||| INVOKING Finesse.
 31485 | Vaults:3 | Identified the +6 scale mail of Knowledge {-Tele Slay+6}
 31521 | Vaults:3 | 31521 ||| Stepping ~*~*~tactically~*~*~ (hiding).
 31524 | Vaults:3 | 31524 ||| INVOKING Heroism.
 31525 | Vaults:3 | 31525 ||| INVOKING Finesse.
 31561 | Vaults:3 | Found a staircase to the Crypt.
 31632 | Vaults:3 | 31632 ||| Stepping ~*~*~tactically~*~*~ (hiding).
 31638 | Vaults:3 | 31638 ||| RIP DESOLATION
 31639 | Vaults:3 | 31639 ||| PLANNING VAULTS:1-4
 31796 | Vaults:3 | 31796 ||| Stepping ~*~*~tactically~*~*~ (stealth).
 31798 | Vaults:3 | 31798 ||| Stepping ~*~*~tactically~*~*~ (stealth).
 31901 | Vaults:3 | 31901 ||| INVOKING Heroism.
 31903 | Vaults:3 | 31903 ||| Stepping ~*~*~tactically~*~*~ (hiding).
 31966 | Vaults:3 | 31966 ||| Stepping ~*~*~tactically~*~*~ (hiding).
 32285 | Vaults:3 | 32285 ||| INVOKING Heroism.
 32288 | Vaults:3 | Reached XP level 21. HP: 90/136 MP: 25/28
 32334 | Vaults:3 | 32334 ||| UPGRADING to +1 helmet.
 32344 | Vaults:3 | 32344 ||| READING 6 scrolls of enchant armour.
 32344 | Vaults:3 | 32344 ||| ENCHANTING +1 helmet.
 32345 | Vaults:3 | 32345 ||| UPGRADING to amulet of faith.
 32449 | Vaults:4 | 32449 ||| Stepping ~*~*~tactically~*~*~ (stealth).
 32487 | Vaults:4 | 32487 ||| DROPPING +4 war axe of freezing.
 32500 | Vaults:4 | 32500 ||| Stepping ~*~*~tactically~*~*~ (stealth).
 32505 | Vaults:4 | Received a gift from Okawaru
 32517 | Vaults:4 | 32517 ||| FLEEEEING.
 32518 | Vaults:4 | 32518 ||| FLEEEEING.
 32519 | Vaults:4 | 32519 ||| FLEEEEING.
 32520 | Vaults:4 | 32520 ||| FLEEEEING.
 32521 | Vaults:4 | 32521 ||| FLEEEEING.
 32522 | Vaults:4 | 32522 ||| FLEEEEING.
 32523 | Vaults:4 | 32523 ||| FLEEEEING.
 32524 | Vaults:4 | 32524 ||| FLEEEEING.
 32525 | Vaults:4 | 32525 ||| FLEEEEING.
 32526 | Vaults:4 | 32526 ||| FLEEEEING.
 32527 | Vaults:4 | 32527 ||| FLEEEEING.
 32528 | Vaults:4 | 32528 ||| FLEEEEING.
 32529 | Vaults:4 | 32529 ||| FLEEEEING.
 32670 | Vaults:4 | Received a gift from Okawaru
 32771 | Vaults:4 | Identified the +10 scimitar of Soutiami {protect, Str+3}
 32780 | Vaults:4 | 32780 ||| INVOKING Finesse.
 32835 | Vaults:4 | Received a gift from Okawaru
 32865 | Vaults:4 | 32865 ||| Stepping ~*~*~tactically~*~*~ (stealth).
 32867 | Vaults:4 | 32867 ||| Stepping ~*~*~tactically~*~*~ (stealth).
 32880 | Vaults:4 | 32880 ||| INVOKING Heroism.
 32946 | Vaults:4 | 32946 ||| FLEEEEING.
 32947 | Vaults:4 | 32947 ||| FLEEEEING.
 32948 | Vaults:4 | 32948 ||| FLEEEEING.
 32949 | Vaults:4 | 32949 ||| FLEEEEING.
 32950 | Vaults:4 | 32950 ||| FLEEEEING.
 33042 | Vaults:4 | 33042 ||| Stepping ~*~*~tactically~*~*~ (stealth).
 33112 | Vaults:4 | 33112 ||| Stepping ~*~*~tactically~*~*~ (hiding).
 33549 | Vaults:4 | 33549 ||| Stepping ~*~*~tactically~*~*~ (hiding).
 33550 | Vaults:4 | 33550 ||| Stepping ~*~*~tactically~*~*~ (hiding).
 33604 | Vaults:4 | Received a gift from Okawaru
 33828 | Vaults:4 | 33828 ||| Stepping ~*~*~tactically~*~*~ (stealth).
 33833 | Vaults:4 | 33833 ||| Stepping ~*~*~tactically~*~*~ (stealth).
 34081 | Vaults:4 | 34081 ||| PLANNING SHOALS:4
 34081 | Vaults:4 | 34081 ||| UPGRADING to +0 helmet "Detaw" {rF+ rC+ Will+
                  | Dex-4}.
 34091 | Vaults:4 | 34091 ||| DROPPING ring of Midwinter {rC- Str+4 Int+4
                  | Dex+6}.
 34092 | Vaults:4 | 34092 ||| DROPPING +6 ring of dexterity.
 34140 | Vaults:4 | 34140 ||| Stepping ~*~*~tactically~*~*~ (stealth).
 34397 | Shoals:4 | Entered Level 4 of the Shoals
 34565 | Shoals:4 | Noticed Polyphemus
 34580 | Shoals:4 | Killed Polyphemus
 34652 | Shoals:4 | 34652 ||| Stepping ~*~*~tactically~*~*~ (hiding).
 34653 | Shoals:4 | 34653 ||| Stepping ~*~*~tactically~*~*~ (hiding).
 34897 | Shoals:4 | 34897 ||| Stepping ~*~*~tactically~*~*~ (hiding).
 34902 | Shoals:4 | 34902 ||| INVOKING Heroism.
 34903 | Shoals:4 | 34903 ||| INVOKING Finesse.
 35101 | Shoals:4 | Found Tupeg's Overcharged Wands.
 35111 | Shoals:4 | 35111 ||| Stepping ~*~*~tactically~*~*~ (hiding).
 35219 | Shoals:4 | 35219 ||| BUYING wand of digging (11) (693 gold).
 35219 | Shoals:4 | Bought a wand of digging (11) for 693 gold pieces
 35219 | Shoals:4 | 35219 ||| SHOPLISTING wand of digging (11) (693 gold, have
                  | 430).
 35244 | Shoals:4 | 35244 ||| Stepping ~*~*~tactically~*~*~ (hiding).
 35284 | Shoals:4 | Identified the amulet of Pamixt {RegenMP *Slow rElec rN++
                  | Str-3}
 35350 | Shoals:4 | Received a gift from Okawaru
 35388 | Shoals:4 | 35388 ||| DROPPING +2 broad axe of freezing.
 35405 | Shoals:4 | 35405 ||| INVOKING Heroism.
 35406 | Shoals:4 | 35406 ||| INVOKING Finesse.
 35583 | Shoals:4 | Got a barnacled rune of Zot
 35664 | Shoals:4 | 35664 ||| INVOKING Heroism.
 35668 | Shoals:4 | Received a gift from Okawaru
 35791 | Shoals:4 | 35791 ||| INVOKING Heroism.
 35792 | Shoals:4 | 35792 ||| INVOKING Finesse.
 35852 | Shoals:4 | Identified the +10 spear of Iconoclasm {speed, Fragile
                  | rElec Str+4}
 35887 | Shoals:4 | Reached skill level 21 in Armour
 35916 | Shoals:4 | 35916 ||| PLANNING DEPTHS
 35916 | Shoals:4 | 35916 ||| UPGRADING to +2 helmet.
 35926 | Shoals:4 | 35926 ||| DROPPING amulet of Pamixt {RegenMP *Slow rElec
                  | rN++ Str-3}.
 36175 | Depths:1 | Entered Level 1 of the Depths
 36180 | Depths:1 | Received a gift from Okawaru
 36235 | Depths:1 | 36235 ||| INVOKING Heroism.
 36236 | Depths:1 | 36236 ||| INVOKING Finesse.
 36331 | Depths:1 | 36331 ||| Stepping ~*~*~tactically~*~*~ (stealth).
 36373 | Depths:1 | 36373 ||| FLEEEEING.
 36376 | Depths:1 | 36376 ||| FLEEEEING.
 36377 | Depths:1 | 36377 ||| FLEEEEING.
 36378 | Depths:1 | 36378 ||| FLEEEEING.
 36379 | Depths:1 | 36379 ||| FLEEEEING.
 36380 | Depths:1 | 36380 ||| FLEEEEING.
 36381 | Depths:1 | 36381 ||| FLEEEEING.
 36382 | Depths:1 | 36382 ||| FLEEEEING.
 36383 | Depths:1 | 36383 ||| FLEEEEING.
 36384 | Depths:1 | 36384 ||| FLEEEEING.
 36385 | Depths:1 | 36385 ||| FLEEEEING.
 36387 | Depths:1 | 36387 ||| FLEEEEING.
 36388 | Depths:1 | 36388 ||| STAIRDANCE
 36440 | D:15     | 36440 ||| UPGRADING to +0 helmet "Detaw" {rF+ rC+ Will+
                  | Dex-4}.
 36450 | D:15     | 36450 ||| DROPPING +2 helmet.
 36500 | Depths:1 | 36500 ||| INVOKING Heroism.
 36589 | Depths:1 | Received a gift from Okawaru
 36589 | Depths:1 | Found the +16 obsidian axe {drain, demonic, Mesm Drain Fly
                  | SInv}
 36594 | Depths:1 | 36594 ||| INVOKING Heroism.
 36595 | Depths:1 | 36595 ||| INVOKING Finesse.
 36620 | Depths:1 | Reached XP level 22. HP: 119/144 MP: 23/29
 36732 | Depths:1 | 36732 ||| SWAPPING to +16 obsidian axe {drain, demonic,
                  | Mesm Drain Fly SInv}.
 36733 | Depths:1 | 36733 ||| DROPPING +4 broad axe of Nukaen {flame, Int+7}.
 36784 | Depths:1 | 36784 ||| INVOKING Heroism.
 36785 | Depths:1 | Found a gateway to Hell.
 37115 | Depths:1 | Found Inobegg's General Store.
 37121 | Depths:1 | 37121 ||| BUYING ring of protection from cold (325 gold).
 37121 | Depths:1 | Bought a ring of protection from cold for 325 gold pieces
 37166 | Depths:1 | 37166 ||| Stepping ~*~*~tactically~*~*~ (hiding).
 37193 | Depths:1 | 37193 ||| UPGRADING to +5 ring of evasion.
 37289 | Depths:2 | Identified the +0 pair of gloves "Ruapsaqa" {Drain MP+9
                  | Dex+6 Stlth+}
 37299 | Depths:2 | Noticed a golden dragon
 37300 | Depths:2 | 37300 ||| INVOKING Heroism.
 37318 | Depths:2 | Received a gift from Okawaru
 37326 | Depths:2 | 37326 ||| INVOKING Finesse.
 37336 | Depths:2 | 37336 ||| INVOKING Heroism.
 37345 | Depths:2 | Killed a golden dragon
 37501 | Depths:2 | Reached skill level 18 in Fighting
 37571 | Depths:2 | 37571 ||| Stepping ~*~*~tactically~*~*~ (stealth).
 37577 | Depths:2 | 37577 ||| INVOKING Heroism.
 37615 | Depths:2 | Found a one-way gateway to a ziggurat.
 37615 | Depths:2 | Identified the +0 tower shield of the Constellations {rElec
                  | Dex+4 Slay-6}
 37616 | Depths:2 | 37616 ||| UPGRADING to +0 pair of gloves "Ruapsaqa" {Drain
                  | MP+9 Dex+6 Stlth+}.
 37617 | Depths:2 | 37617 ||| Stepping ~*~*~tactically~*~*~ (stealth).
 37634 | Depths:2 | 37634 ||| UPGRADING to +0 pair of gloves "Ruapsaqa" {Drain
                  | MP+9 Dex+6 Stlth+}.
 37635 | Depths:2 | 37635 ||| Stepping ~*~*~tactically~*~*~ (stealth).
 37636 | Depths:2 | 37636 ||| UPGRADING to +0 pair of gloves "Ruapsaqa" {Drain
                  | MP+9 Dex+6 Stlth+}.
 37654 | Depths:2 | 37654 ||| DROPPING +2 pair of gloves.
 37805 | Depths:2 | Found a one-way gate leading to the halls of Pandemonium.
 38034 | Depths:2 | 38034 ||| Stepping ~*~*~tactically~*~*~ (hiding).
 38118 | Depths:2 | 38118 ||| Stepping ~*~*~tactically~*~*~ (hiding).
 38128 | Depths:2 | 38128 ||| Stepping ~*~*~tactically~*~*~ (hiding).
 38130 | Depths:2 | 38130 ||| Stepping ~*~*~tactically~*~*~ (hiding).
 38132 | Depths:2 | 38132 ||| Stepping ~*~*~tactically~*~*~ (hiding).
 38134 | Depths:2 | 38134 ||| INVOKING Heroism.
 38155 | Depths:2 | 38155 ||| Stepping ~*~*~tactically~*~*~ (stealth).
 38234 | Depths:2 | 38234 ||| Stepping ~*~*~tactically~*~*~ (stealth).
 38236 | Depths:2 | 38236 ||| INVOKING Heroism.
 38257 | Depths:2 | 38257 ||| Stepping ~*~*~tactically~*~*~ (hiding).
 38258 | Depths:2 | 38258 ||| Stepping ~*~*~tactically~*~*~ (hiding).
 38259 | Depths:2 | 38259 ||| Stepping ~*~*~tactically~*~*~ (hiding).
 38261 | Depths:2 | 38261 ||| Stepping ~*~*~tactically~*~*~ (hiding).
 38262 | Depths:2 | 38262 ||| Stepping ~*~*~tactically~*~*~ (hiding).
 38361 | Depths:2 | 38361 ||| Stepping ~*~*~tactically~*~*~ (stealth).
 38363 | Depths:2 | 38363 ||| Stepping ~*~*~tactically~*~*~ (hiding).
 38364 | Depths:2 | 38364 ||| Stepping ~*~*~tactically~*~*~ (hiding).
 38365 | Depths:2 | 38365 ||| Stepping ~*~*~tactically~*~*~ (hiding).
 38492 | Depths:2 | 38492 ||| Stepping ~*~*~tactically~*~*~ (hiding).
 38494 | Depths:2 | 38494 ||| Stepping ~*~*~tactically~*~*~ (hiding).
 38511 | Depths:2 | 38511 ||| Stepping ~*~*~tactically~*~*~ (stealth).
 38512 | Depths:2 | 38512 ||| Stepping ~*~*~tactically~*~*~ (stealth).
 38514 | Depths:2 | 38514 ||| INVOKING Heroism.
 38515 | Depths:2 | 38515 ||| INVOKING Finesse.
 38562 | Depths:2 | 38562 ||| DROPPING +0 helmet of intelligence.
 38587 | Depths:2 | Identified the staff of poison "Homurrungu" {rPois rF+
                  | Int+3}
 38835 | Depths:2 | 38835 ||| Stepping ~*~*~tactically~*~*~ (stealth).
 38836 | Depths:2 | 38836 ||| Stepping ~*~*~tactically~*~*~ (stealth).
 38837 | Depths:2 | 38837 ||| Stepping ~*~*~tactically~*~*~ (stealth).
 38972 | Depths:2 | 38972 ||| DROPPING amulet of guardian spirit.
 38988 | Depths:3 | Identified the +2 battleaxe of Conscience {freeze, +Blink}
 38990 | Depths:3 | 38990 ||| INVOKING Heroism.
 38991 | Depths:3 | 38991 ||| INVOKING Finesse.
 39091 | Depths:3 | 39091 ||| Stepping ~*~*~tactically~*~*~ (hiding).
 39092 | Depths:3 | 39092 ||| Stepping ~*~*~tactically~*~*~ (hiding).
 39093 | Depths:3 | 39093 ||| Stepping ~*~*~tactically~*~*~ (hiding).
 39094 | Depths:3 | 39094 ||| Stepping ~*~*~tactically~*~*~ (hiding).
 39095 | Depths:3 | 39095 ||| Stepping ~*~*~tactically~*~*~ (hiding).
 39096 | Depths:3 | 39096 ||| INVOKING Heroism.
 39097 | Depths:3 | 39097 ||| INVOKING Finesse.
 39264 | Depths:3 | 39264 ||| INVOKING Heroism.
 39330 | Depths:3 | 39330 ||| Stepping ~*~*~tactically~*~*~ (stealth).
 39336 | Depths:3 | 39336 ||| INVOKING Heroism.
 39349 | Depths:3 | Noticed Mara
 39350 | Depths:3 | 39350 ||| Stepping ~*~*~tactically~*~*~ (hiding).
 39370 | Depths:3 | Noticed qw's illusion
 39378 | Depths:3 | 39378 ||| INVOKING Heroism.
 39435 | Depths:3 | 39435 ||| INVOKING Heroism.
 39459 | Depths:3 | Killed Mara
 39567 | Depths:3 | Identified the +6 mace "Lammoopn" {speed, Str+3}
 39608 | Depths:3 | Found the +4 robe of Folly {Brill Will-∞ Int+8}
 39630 | Depths:3 | 39630 ||| FLEEEEING.
 39631 | Depths:3 | 39631 ||| INVOKING Heroism.
 39709 | Depths:3 | 39709 ||| Stepping ~*~*~tactically~*~*~ (hiding).
 39721 | Depths:3 | Received a gift from Okawaru
 39859 | Depths:3 | 39859 ||| Stepping ~*~*~tactically~*~*~ (stealth).
 40303 | Depths:3 | 40303 ||| DROPPING ring of ice.
 40304 | Depths:3 | 40304 ||| DROPPING +4 ring of protection.
 40363 | Depths:4 | Entered Level 4 of the Depths
 40382 | Depths:4 | 40382 ||| Stepping ~*~*~tactically~*~*~ (stealth).
 40386 | Depths:4 | 40386 ||| INVOKING Heroism.
 40387 | Depths:4 | 40387 ||| Stepping ~*~*~tactically~*~*~ (hiding).
 40388 | Depths:4 | 40388 ||| INVOKING Finesse.
 40398 | Depths:4 | Reached XP level 23. HP: 155/155 MP: 30/30
 40444 | Depths:4 | Noticed a caustic shrike
 40450 | Depths:4 | Noticed a caustic shrike
 40457 | Depths:4 | Noticed a caustic shrike
 40458 | Depths:4 | HP: 34/155 [caustic shrike (11)]
 40459 | Depths:4 | 40459 ||| READING 13 scrolls of teleportation.
 40460 | Depths:4 | 40460 ||| DRINKING 15 potions of heal wounds.
 40461 | Depths:4 | 40461 ||| INVOKING Heroism.
 40462 | Depths:4 | 40462 ||| DRINKING 14 potions of heal wounds.
 40509 | Depths:4 | Noticed a caustic shrike
 40509 | Depths:4 | 40509 ||| Stepping ~*~*~tactically~*~*~ (stealth).
 40521 | Depths:4 | 40521 ||| Stepping ~*~*~tactically~*~*~ (stealth).
 40524 | Depths:4 | 40524 ||| Stepping ~*~*~tactically~*~*~ (stealth).
 40558 | Depths:4 | 40558 ||| Stepping ~*~*~tactically~*~*~ (stealth).
 40560 | Depths:4 | 40560 ||| INVOKING Heroism.
 40561 | Depths:4 | 40561 ||| INVOKING Finesse.
 40580 | Depths:4 | 40580 ||| Stepping ~*~*~tactically~*~*~ (hiding).
 40886 | Depths:4 | 40886 ||| Stepping ~*~*~tactically~*~*~ (stealth).
 40985 | Depths:4 | 40985 ||| Stepping ~*~*~tactically~*~*~ (stealth).
 40989 | Depths:4 | 40989 ||| INVOKING Heroism.
 40990 | Depths:4 | 40990 ||| INVOKING Finesse.
 40996 | Depths:4 | Killed a caustic shrike
 40996 | Depths:4 | Received a gift from Okawaru
 41008 | Depths:4 | Killed a caustic shrike
 41014 | Depths:4 | Killed a caustic shrike
 41025 | Depths:4 | Killed a caustic shrike
 41025 | Depths:4 | Received a gift from Okawaru
 41135 | Depths:4 | 41135 ||| Stepping ~*~*~tactically~*~*~ (stealth).
 41139 | Depths:4 | 41139 ||| Stepping ~*~*~tactically~*~*~ (hiding).
 41230 | Depths:4 | 41230 ||| INVOKING Heroism.
 41266 | Depths:4 | Noticed a golden dragon
 41267 | Depths:4 | 41267 ||| INVOKING Finesse.
 41273 | Depths:4 | 41273 ||| INVOKING Heroism.
 41276 | Depths:4 | Killed a golden dragon
 41276 | Depths:4 | Received a gift from Okawaru
 41385 | Depths:4 | Noticed a golden dragon
 41386 | Depths:4 | 41386 ||| Stepping ~*~*~tactically~*~*~ (hiding).
 41387 | Depths:4 | 41387 ||| Stepping ~*~*~tactically~*~*~ (stealth).
 41394 | Depths:4 | 41394 ||| INVOKING Heroism.
 41404 | Depths:4 | Killed a golden dragon
 41404 | Depths:4 | Received a gift from Okawaru
 41466 | Depths:4 | Found a gate to the Realm of Zot.
 41488 | Depths:4 | 41488 ||| Stepping ~*~*~tactically~*~*~ (stealth).
 41543 | Depths:4 | 41543 ||| Stepping ~*~*~tactically~*~*~ (hiding).
 41555 | Depths:4 | Reached skill level 21 in Shields
 41571 | Depths:4 | Identified the +9 quarterstaff of the Snake Pit {pain,
                  | Drain Fly rPois Str-5}
 41698 | Depths:4 | 41698 ||| Stepping ~*~*~tactically~*~*~ (hiding).
 41892 | Depths:4 | 41892 ||| PLANNING VAULTS:5
 42089 | Vaults:5 | Entered Level 5 of the Vaults
 42090 | Vaults:5 | 42090 ||| INVOKING Heroism.
 42090 | Vaults:5 | Noticed a golden dragon
 42110 | Vaults:5 | Killed a golden dragon
 42115 | Vaults:5 | 42115 ||| INVOKING Finesse.
 42120 | Vaults:5 | Reached skill level 21 in Fighting
 42132 | Vaults:5 | 42132 ||| INVOKING Heroism.
 42133 | Vaults:5 | Identified the +5 quarterstaff "Killer Bee's Peril" {spect,
                  | Drain rC++ Str+2}
 42139 | Vaults:5 | Received a gift from Okawaru
 42176 | Vaults:5 | 42176 ||| Stepping ~*~*~tactically~*~*~ (stealth).
 42178 | Vaults:5 | 42178 ||| Stepping ~*~*~tactically~*~*~ (stealth).
 42185 | Vaults:5 | 42185 ||| Stepping ~*~*~tactically~*~*~ (hiding).
 42186 | Vaults:5 | 42186 ||| Stepping ~*~*~tactically~*~*~ (hiding).
 42193 | Vaults:5 | 42193 ||| INVOKING Heroism.
 42215 | Vaults:5 | 42215 ||| Stepping ~*~*~tactically~*~*~ (stealth).
 42251 | Vaults:5 | 42251 ||| Stepping ~*~*~tactically~*~*~ (stealth).
 42256 | Vaults:5 | 42256 ||| Stepping ~*~*~tactically~*~*~ (stealth).
 42258 | Vaults:5 | 42258 ||| Stepping ~*~*~tactically~*~*~ (stealth).
 42263 | Vaults:5 | 42263 ||| INVOKING Heroism.
 42264 | Vaults:5 | 42264 ||| INVOKING Finesse.
 42350 | Vaults:5 | 42350 ||| Stepping ~*~*~tactically~*~*~ (hiding).
 42355 | Vaults:5 | 42355 ||| INVOKING Heroism.
 42358 | Vaults:5 | Received a gift from Okawaru
 42358 | Vaults:5 | Noticed a dread lich
 42373 | Vaults:5 | Killed a dread lich
 42373 | Vaults:5 | Received a gift from Okawaru
 42381 | Vaults:5 | Reached XP level 24. HP: 158/168 MP: 30/30
 42399 | Vaults:5 | 42399 ||| Stepping ~*~*~tactically~*~*~ (stealth).
 42409 | Vaults:5 | 42409 ||| Stepping ~*~*~tactically~*~*~ (stealth).
 42410 | Vaults:5 | 42410 ||| Stepping ~*~*~tactically~*~*~ (stealth).
 42413 | Vaults:5 | 42413 ||| Stepping ~*~*~tactically~*~*~ (stealth).
 42453 | Vaults:5 | 42453 ||| Stepping ~*~*~tactically~*~*~ (hiding).
 42461 | Vaults:5 | 42461 ||| INVOKING Heroism.
 42544 | Vaults:5 | 42544 ||| Stepping ~*~*~tactically~*~*~ (hiding).
 42546 | Vaults:5 | 42546 ||| INVOKING Heroism.
 42705 | Vaults:5 | 42705 ||| INVOKING Heroism.
 42706 | Vaults:5 | 42706 ||| INVOKING Finesse.
 42740 | Vaults:5 | Identified the +10 short sword "Tuikam" {heavy, Contam
                  | +Blink Str+6 SInv}
 42772 | Vaults:5 | Received a gift from Okawaru
 42928 | Vaults:5 | 42928 ||| INVOKING Heroism.
 43041 | Vaults:5 | Identified the +6 dagger "Jutzoniq" {speed, Dex+2}
 43042 | Vaults:5 | Identified the +5 quarterstaff of Profit {heavy, Contam
                  | *Noise rElec Str+6}
 43043 | Vaults:5 | Identified the amulet of Apsilu Kaha {Spirit rC+ SInv}
 43055 | Vaults:5 | Got a silver rune of Zot
 43136 | Vaults:5 | Received a gift from Okawaru
 43294 | Vaults:5 | 43294 ||| DROPPING +0 heavy broad axe.
 43386 | Vaults:5 | 43386 ||| Stepping ~*~*~tactically~*~*~ (hiding).
 43387 | Vaults:5 | 43387 ||| Stepping ~*~*~tactically~*~*~ (hiding).
 43794 | Vaults:5 | 43794 ||| INVOKING Heroism.
 43852 | Vaults:5 | 43852 ||| INVOKING Heroism.
 43919 | Vaults:5 | Identified the +8 trident "Worm's Wrath" {heavy, rC++
                  | Dex-5}
 43920 | Vaults:5 | 43920 ||| PLANNING SHOPPING SPREE
 44011 | Vaults:1 | 44011 ||| BUYING potion of might (160 gold).
 44011 | Vaults:1 | Bought a potion of might for 160 gold pieces
 44315 | Snake:1  | 44315 ||| BUYING pair of embroidered gloves (270 gold).
 44315 | Snake:1  | Bought a pair of embroidered gloves for 270 gold pieces
 44315 | Snake:1  | 44315 ||| DROPPING +0 pair of gloves of hurling.
 44328 | Snake:2  | 44328 ||| BUYING +2 helmet of see invisible (365 gold).
 44328 | Snake:2  | Bought a +2 helmet of see invisible for 365 gold pieces
 44328 | Snake:2  | 44328 ||| DROPPING +2 helmet.
 44507 | D:9      | 44507 ||| CLEARING SHOPPING LIST
 44507 | D:9      | 44507 ||| PLANNING ZOT:1-4
 44754 | Zot:1    | Entered Level 1 of the Realm of Zot
 44797 | Zot:1    | 44797 ||| FLEEEEING.
 44810 | Zot:1    | 44810 ||| INVOKING Heroism.
 44826 | Zot:1    | Received a gift from Okawaru
 44865 | Zot:1    | 44865 ||| INVOKING Heroism.
 44873 | Zot:1    | 44873 ||| DRINKING 5 potions of cancellation.
 44926 | Zot:1    | 44926 ||| FLEEEEING.
 44927 | Zot:1    | 44927 ||| FLEEEEING.
 45464 | Zot:1    | 45464 ||| Stepping ~*~*~tactically~*~*~ (hiding).
 45723 | Zot:1    | 45723 ||| INVOKING Heroism.
 45724 | Zot:1    | 45724 ||| INVOKING Finesse.
 45817 | Zot:2    | Received a gift from Okawaru
 45885 | Zot:2    | 45885 ||| Stepping ~*~*~tactically~*~*~ (stealth).
 45887 | Zot:2    | 45887 ||| Stepping ~*~*~tactically~*~*~ (hiding).
 45901 | Zot:2    | 45901 ||| INVOKING Heroism.
 46005 | Zot:2    | 46005 ||| Stepping ~*~*~tactically~*~*~ (stealth).
 46007 | Zot:2    | 46007 ||| Stepping ~*~*~tactically~*~*~ (hiding).
 46022 | Zot:2    | 46022 ||| Stepping ~*~*~tactically~*~*~ (hiding).
 46032 | Zot:2    | Received a gift from Okawaru
 46037 | Zot:2    | 46037 ||| Stepping ~*~*~tactically~*~*~ (cloud).
 46039 | Zot:2    | 46039 ||| Stepping ~*~*~tactically~*~*~ (hiding).
 46056 | Zot:2    | 46056 ||| FLEEEEING.
 46130 | Zot:2    | 46130 ||| Stepping ~*~*~tactically~*~*~ (stealth).
 46131 | Zot:2    | 46131 ||| Stepping ~*~*~tactically~*~*~ (stealth).
 46150 | Zot:2    | 46150 ||| Stepping ~*~*~tactically~*~*~ (stealth).
 46151 | Zot:2    | 46151 ||| Stepping ~*~*~tactically~*~*~ (stealth).
 46200 | Zot:2    | 46200 ||| INVOKING Heroism.
 46313 | Zot:2    | Reached skill level 24 in Fighting
 46549 | Zot:2    | 46549 ||| Stepping ~*~*~tactically~*~*~ (stealth).
 46550 | Zot:2    | 46550 ||| Stepping ~*~*~tactically~*~*~ (stealth).
 46551 | Zot:2    | 46551 ||| Stepping ~*~*~tactically~*~*~ (stealth).
 46553 | Zot:2    | 46553 ||| Stepping ~*~*~tactically~*~*~ (hiding).
 46555 | Zot:2    | 46555 ||| INVOKING Heroism.
 46684 | Zot:2    | 46684 ||| Stepping ~*~*~tactically~*~*~ (hiding).
 46981 | Zot:2    | Noticed a curse toe
 46982 | Zot:2    | 46982 ||| INVOKING Heroism.
 46991 | Zot:2    | Received a gift from Okawaru
 46992 | Zot:2    | Reached XP level 25. HP: 151/178 MP: 30/30
 46996 | Zot:2    | Noticed an orb of fire
 46997 | Zot:2    | 46997 ||| DRINKING 6 potions of resistance.
 46998 | Zot:2    | 46998 ||| INVOKING Finesse.
 47013 | Zot:2    | Reached skill level 12 in Throwing
 47029 | Zot:2    | 47029 ||| DRINKING 5 potions of resistance.
 47030 | Zot:2    | Killed an orb of fire
 47030 | Zot:2    | Identified the +6 scale mail "Xarythaf" {Harm Int+4 Dex+3}
                  | (Okawaru gifted it to you on level 2 of the Realm of Zot)
 47030 | Zot:2    | Received a gift from Okawaru
 47032 | Zot:2    | 47032 ||| Stepping ~*~*~tactically~*~*~ (hiding).
 47033 | Zot:2    | 47033 ||| Stepping ~*~*~tactically~*~*~ (hiding).
 47035 | Zot:2    | 47035 ||| INVOKING Heroism.
 47551 | Zot:3    | 47551 ||| INVOKING Heroism.
 47609 | Zot:3    | 47609 ||| Stepping ~*~*~tactically~*~*~ (hiding).
 47702 | Zot:3    | 47702 ||| INVOKING Heroism.
 47956 | Zot:3    | 47956 ||| Stepping ~*~*~tactically~*~*~ (hiding).
 47959 | Zot:3    | 47959 ||| Stepping ~*~*~tactically~*~*~ (hiding).
 47961 | Zot:3    | 47961 ||| INVOKING Heroism.
 48042 | Zot:3    | Noticed an orb of fire
 48043 | Zot:3    | 48043 ||| DRINKING 4 potions of resistance.
 48044 | Zot:3    | 48044 ||| INVOKING Heroism.
 48045 | Zot:3    | 48045 ||| INVOKING Finesse.
 48057 | Zot:3    | Gained mutation: You are very weak. (Str -4) [an orb of
                  | fire]
 48059 | Zot:3    | Killed an orb of fire
 48176 | Zot:3    | 48176 ||| Stepping ~*~*~tactically~*~*~ (hiding).
 48199 | Zot:3    | 48199 ||| INVOKING Heroism.
 48483 | Zot:3    | Paralysed by a Zot trap for 2 turns
 48586 | Zot:3    | 48586 ||| INVOKING Heroism.
 48616 | Zot:3    | 48616 ||| Stepping ~*~*~tactically~*~*~ (hiding).
 48856 | Zot:3    | Received a gift from Okawaru
 48884 | Zot:3    | 48884 ||| INVOKING Heroism.
 49151 | Zot:3    | 49151 ||| INVOKING Heroism.
 49452 | Zot:4    | 49452 ||| Stepping ~*~*~tactically~*~*~ (stealth).
 49454 | Zot:4    | 49454 ||| Stepping ~*~*~tactically~*~*~ (hiding).
 49708 | Zot:4    | 49708 ||| Stepping ~*~*~tactically~*~*~ (hiding).
 49712 | Zot:4    | 49712 ||| INVOKING Heroism.
 49967 | Zot:4    | 49967 ||| Stepping ~*~*~tactically~*~*~ (hiding).
 49967 | Zot:4    | Identified the +1 pair of gloves "Vierrall" {rPois Str+5
                  | Dex-4}
 49969 | Zot:4    | 49969 ||| Stepping ~*~*~tactically~*~*~ (hiding).
 50100 | Zot:4    | 50100 ||| Stepping ~*~*~tactically~*~*~ (hiding).
 50101 | Zot:4    | 50101 ||| Stepping ~*~*~tactically~*~*~ (hiding).
 50353 | Zot:4    | 50353 ||| PLANNING SLIME:5
 50353 | Zot:4    | 50353 ||| UPGRADING to +4 ring mail of Masiov {+Inv rCorr
                  | Str+2 Dex+5}.
 50363 | Zot:4    | 50363 ||| DROPPING +2 pair of gloves.
 50364 | Zot:4    | 50364 ||| DROPPING +1 pair of gloves "Vierrall" {rPois
                  | Str+5 Dex-4}.
 50782 | Slime:1  | Entered Level 1 of the Pits of Slime
 50976 | Slime:1  | 50976 ||| INVOKING Heroism.
 50990 | Slime:1  | Reached skill level 9 in Dodging
 50998 | Slime:1  | Received a gift from Okawaru
 51071 | Slime:3  | Received a gift from Okawaru
 51080 | Slime:3  | 51080 ||| INVOKING Heroism.
 51303 | Slime:4  | Noticed Dissolution
 51309 | Slime:4  | Paralysed by a floating eye for 4 turns
 51319 | Slime:4  | Killed Dissolution
 51320 | Slime:4  | Reached XP level 26. HP: 167/189 MP: 30/30
 51370 | Slime:5  | Entered Level 5 of the Pits of Slime
 51590 | Slime:5  | Noticed the Royal Jelly
 51590 | Slime:5  | Gained mutation: You occasionally shout uncontrollably at
                  | your foes. [a shining eye]
 51591 | Slime:5  | 51591 ||| INVOKING Heroism.
 51592 | Slime:5  | Received a gift from Okawaru
 51593 | Slime:5  | 51593 ||| INVOKING Finesse.
 51619 | Slime:5  | Killed the Royal Jelly
 51673 | Slime:5  | 51673 ||| INVOKING Heroism.
 51682 | Slime:5  | Received a gift from Okawaru
 51918 | Slime:5  | Found the +6 arbalest "Damnation" {damnation}
 51924 | Slime:5  | Identified the +6 arbalest "Huannuq" {heavy, Fly Dex+3}
 51925 | Slime:5  | Identified the ring of Jufiqan {Ice *Slow Str+2 Slay+2
                  | SInv}
 51935 | Slime:5  | Identified the staff of air "Beina" {rElec Stlth+}
 51967 | Slime:5  | Got a slimy rune of Zot
 52009 | Slime:5  | Identified the staff of death "Magileyr" {rF+ rN+ Int+5
                  | SInv}
 52028 | Slime:5  | 52028 ||| READING scroll of acquirement.
 52028 | Slime:5  | 52028 ||| ACQUIRING ring of fire
 52028 | Slime:5  | Acquired a ring of fire
 52038 | Slime:5  | Identified the +4 quarterstaff of Eternal War {spect, rElec
                  | Str+2}
 52050 | Slime:5  | Identified the +3 quarterstaff "Qecsuesu" {drain, rPois
                  | Int+4}
 52335 | Slime:5  | 52335 ||| PLANNING THE SHINING ONE WORSHIP
 52335 | Slime:5  | 52335 ||| UPGRADING to +8 orange crystal plate armour
                  | {Archmagi, Int+3 Clar}.
 52345 | Slime:5  | 52345 ||| DROPPING +4 ring mail of Masiov {+Inv rCorr Str+2
                  | Dex+5}.
 52346 | Slime:5  | 52346 ||| DROPPING +1 ring mail of Eqexkir {Harm Regen+
                  | rCorr Dex-4 SInv}.
 52347 | Slime:5  | 52347 ||| DROPPING ring of resist corrosion.
 52596 | D:8      | 52596 ||| SWAPPING to +3 broad axe of flaming.
 52597 | D:8      | 52597 ||| READING 2 scrolls of brand weapon.
 52597 | D:8      | 52597 ||| BRANDING +3 broad axe of flaming.
 52598 | D:8      | 52598 ||| READING scroll of brand weapon.
 52598 | D:8      | 52598 ||| BRANDING +3 broad axe of venom.
 52599 | D:8      | 52599 ||| READING 6 scrolls of enchant weapon.
 52599 | D:8      | 52599 ||| ENCHANTING +3 broad axe of protection.
 52600 | D:8      | 52600 ||| READING 5 scrolls of enchant weapon.
 52600 | D:8      | 52600 ||| ENCHANTING +4 broad axe of protection.
 52601 | D:8      | 52601 ||| READING 4 scrolls of enchant weapon.
 52601 | D:8      | 52601 ||| ENCHANTING +5 broad axe of protection.
 52602 | D:8      | 52602 ||| READING 3 scrolls of enchant weapon.
 52602 | D:8      | 52602 ||| ENCHANTING +6 broad axe of protection.
 52603 | D:8      | 52603 ||| READING 2 scrolls of enchant weapon.
 52603 | D:8      | 52603 ||| ENCHANTING +7 broad axe of protection.
 52604 | D:8      | 52604 ||| READING scroll of enchant weapon.
 52604 | D:8      | 52604 ||| ENCHANTING +8 broad axe of protection.
 52605 | D:8      | 52605 ||| UPGRADING to +2 helmet of see invisible.
 52615 | D:8      | 52615 ||| UPGRADING to ring "Zaorr" {*Corrode Will+++ Int-4
                  | Slay+4 SInv}.
 52617 | D:8      | 52617 ||| UPGRADING to +0 helmet "Detaw" {rF+ rC+ Will+
                  | Dex-4}.
 52627 | D:8      | Fell from the grace of Okawaru
 52627 | D:8      | Became a worshipper of the Shining One
 52627 | D:8      | 52627 ||| PLANNING CRYPT
 52628 | D:8      | 52628 ||| DROPPING amulet "Inamp" {Spirit Will+ Dex+5}.
 52828 | Crypt:1  | Entered Level 1 of the Crypt
 52938 | Crypt:1  | Reached * piety under the Shining One
 53007 | Crypt:1  | 53007 ||| READING scroll of acquirement.
 53007 | Crypt:1  | 53007 ||| ACQUIRING +2 shield of Resistance {rF++ rC++
                  | Will++}
 53007 | Crypt:1  | Acquired the +2 shield of Resistance {rF++ rC++ Will++}
 53007 | Crypt:1  | Found the +2 shield of Resistance {rF++ rC++ Will++}
 53162 | Crypt:1  | 53162 ||| Stepping ~*~*~tactically~*~*~ (cloud).
 53537 | Crypt:1  | Reached ** piety under the Shining One
 53538 | Crypt:1  | 53538 ||| DROPPING +16 obsidian axe {drain, demonic, Mesm
                  | Drain Fly SInv}.
 53664 | Crypt:1  | 53664 ||| Stepping ~*~*~tactically~*~*~ (hiding).
 54121 | Crypt:1  | 54121 ||| Stepping ~*~*~tactically~*~*~ (hiding).
 54337 | Crypt:1  | 54337 ||| UPGRADING to +5 ring of evasion.
 54557 | Crypt:2  | Reached *** piety under the Shining One
 54696 | Crypt:2  | Reached **** piety under the Shining One
 54697 | Crypt:2  | 54697 ||| Stepping ~*~*~tactically~*~*~ (stealth).
 54756 | Crypt:2  | 54756 ||| Stepping ~*~*~tactically~*~*~ (stealth).
 54758 | Crypt:2  | 54758 ||| Stepping ~*~*~tactically~*~*~ (hiding).
 54761 | Crypt:2  | 54761 ||| Stepping ~*~*~tactically~*~*~ (hiding).
 54762 | Crypt:2  | 54762 ||| Stepping ~*~*~tactically~*~*~ (hiding).
 54789 | Crypt:2  | 54789 ||| Stepping ~*~*~tactically~*~*~ (stealth).
 54790 | Crypt:2  | 54790 ||| Stepping ~*~*~tactically~*~*~ (stealth).
 54793 | Crypt:2  | 54793 ||| Stepping ~*~*~tactically~*~*~ (stealth).
 54795 | Crypt:2  | 54795 ||| Stepping ~*~*~tactically~*~*~ (stealth).
 54873 | Crypt:2  | Reached ***** piety under the Shining One
 54874 | Crypt:2  | Reached skill level 12 in Invocations
 54877 | Crypt:2  | 54877 ||| FLEEEEING.
 54878 | Crypt:2  | 54878 ||| FLEEEEING.
 54879 | Crypt:2  | 54879 ||| FLEEEEING.
 54880 | Crypt:2  | 54880 ||| FLEEEEING.
 55295 | Crypt:3  | Entered Level 3 of the Crypt
 55307 | Crypt:3  | Found a staircase to the Tomb.
 55316 | Crypt:3  | 55316 ||| Stepping ~*~*~tactically~*~*~ (stealth).
 55317 | Crypt:3  | 55317 ||| Stepping ~*~*~tactically~*~*~ (stealth).
 55332 | Crypt:3  | 55332 ||| Stepping ~*~*~tactically~*~*~ (hiding).
 55333 | Crypt:3  | 55333 ||| Stepping ~*~*~tactically~*~*~ (hiding).
 55334 | Crypt:3  | 55334 ||| Stepping ~*~*~tactically~*~*~ (hiding).
 55335 | Crypt:3  | 55335 ||| Stepping ~*~*~tactically~*~*~ (hiding).
 55611 | Crypt:3  | 55611 ||| Stepping ~*~*~tactically~*~*~ (hiding).
 55809 | Crypt:3  | Reached ****** piety under the Shining One
 55811 | Crypt:3  | 55811 ||| Stepping ~*~*~tactically~*~*~ (hiding).
 55886 | Crypt:3  | 55886 ||| INVOKING Brand Weapon With Holy Wrath.
 55886 | Crypt:3  | Identified a +9 broad axe of holy wrath (a +9 broad axe of
                  | protection blessed by the Shining One)
 55886 | Crypt:3  | Received a gift from the Shining One
 55982 | Crypt:3  | Found a basalt altar of Yredelemnul.
 56107 | Crypt:3  | 56107 ||| INVOKING Summon Divine Warrior.
 56114 | Crypt:3  | 56114 ||| INVOKING Cleansing Flame.
 56117 | Crypt:3  | 56117 ||| INVOKING Cleansing Flame.
 56213 | Crypt:3  | 56213 ||| FLEEEEING.
 56214 | Crypt:3  | 56214 ||| FLEEEEING.
 56215 | Crypt:3  | 56215 ||| FLEEEEING.
 56216 | Crypt:3  | 56216 ||| FLEEEEING.
 56222 | Crypt:3  | 56222 ||| FLEEEEING.
 56223 | Crypt:3  | 56223 ||| FLEEEEING.
 56224 | Crypt:3  | 56224 ||| FLEEEEING.
 56232 | Crypt:3  | 56232 ||| FLEEEEING.
 56233 | Crypt:3  | 56233 ||| FLEEEEING.
 56234 | Crypt:3  | 56234 ||| FLEEEEING.
 56235 | Crypt:3  | 56235 ||| FLEEEEING.
 56236 | Crypt:3  | 56236 ||| FLEEEEING.
 56237 | Crypt:3  | 56237 ||| FLEEEEING.
 56238 | Crypt:3  | 56238 ||| FLEEEEING.
 56239 | Crypt:3  | 56239 ||| FLEEEEING.
 56242 | Crypt:3  | 56242 ||| FLEEEEING.
 56243 | Crypt:3  | 56243 ||| FLEEEEING.
 56244 | Crypt:3  | 56244 ||| FLEEEEING.
 56513 | Crypt:3  | 56513 ||| INVOKING Summon Divine Warrior.
 56520 | Crypt:3  | 56520 ||| INVOKING Cleansing Flame.
 56521 | Crypt:3  | 56521 ||| INVOKING Cleansing Flame.
 56545 | Crypt:3  | Identified the +4 long sword of the Final Chapter {flame,
                  | rElec}
 56612 | Crypt:3  | Noticed a dread lich
 56621 | Crypt:3  | 56621 ||| INVOKING Cleansing Flame.
 56622 | Crypt:3  | 56622 ||| INVOKING Cleansing Flame.
 56623 | Crypt:3  | Killed a dread lich
 56662 | Crypt:3  | Identified the +2 flail "Seang" {speed, rPois Dex+3 Stlth+}
 56835 | Crypt:3  | 56835 ||| PLANNING TOMB
 56857 | Tomb:1   | Entered Level 1 of the Tomb of the Ancients
 57108 | Tomb:1   | 57108 ||| FLEEEEING.
 57109 | Tomb:1   | 57109 ||| FLEEEEING.
 57110 | Tomb:1   | 57110 ||| FLEEEEING.
 57153 | Tomb:1   | Reached XP level 27. HP: 177/195 MP: 33/33
 57179 | Tomb:1   | 57179 ||| Stepping ~*~*~tactically~*~*~ (stealth).
 57276 | Tomb:1   | Noticed a royal mummy
 57277 | Tomb:1   | 57277 ||| INVOKING Summon Divine Warrior.
 57281 | Tomb:1   | 57281 ||| INVOKING Cleansing Flame.
 57282 | Tomb:1   | 57282 ||| INVOKING Cleansing Flame.
 57287 | Tomb:1   | Killed a royal mummy
 57294 | Tomb:1   | 57294 ||| INVOKING Cleansing Flame.
 57295 | Tomb:1   | 57295 ||| INVOKING Cleansing Flame.
 57318 | Tomb:1   | Reached skill level 24 in Armour
 57389 | Tomb:1   | 57389 ||| INVOKING Cleansing Flame.
 57397 | Tomb:1   | 57397 ||| INVOKING Cleansing Flame.
 57919 | Tomb:1   | Identified the +1 leather armour "Sefen" {Rampage rN+
                  | Str+6}
 58085 | Tomb:1   | Was forgiven by Okawaru
 58441 | Tomb:1   | 58441 ||| INVOKING Cleansing Flame.
 58442 | Tomb:1   | 58442 ||| INVOKING Cleansing Flame.
 58451 | Tomb:1   | Noticed a royal mummy
 58456 | Tomb:1   | 58456 ||| INVOKING Cleansing Flame.
 58457 | Tomb:1   | 58457 ||| INVOKING Cleansing Flame.
 58459 | Tomb:1   | Killed a royal mummy
 58460 | Tomb:1   | Reached skill level 15 in Invocations
 58558 | Tomb:1   | 58558 ||| INVOKING Cleansing Flame.
 58949 | Tomb:2   | 58949 ||| DRINKING 12 potions of haste.
 58950 | Tomb:2   | 58950 ||| DRINKING 15 potions of attraction.
 58952 | Tomb:2   | 58952 ||| INVOKING Cleansing Flame.
 58953 | Tomb:2   | 58953 ||| INVOKING Cleansing Flame.
 58954 | Tomb:2   | 58954 ||| INVOKING Cleansing Flame.
 58955 | Tomb:2   | Noticed a royal mummy
 58956 | Tomb:2   | 58956 ||| INVOKING Summon Divine Warrior.
 58956 | Tomb:2   | Noticed a royal mummy
 58956 | Tomb:2   | Noticed a royal mummy
 58956 | Tomb:2   | Noticed a royal mummy
 58957 | Tomb:2   | Noticed a royal mummy
 58959 | Tomb:2   | 58959 ||| INVOKING Cleansing Flame.
 58960 | Tomb:2   | 58960 ||| INVOKING Cleansing Flame.
 58962 | Tomb:2   | Killed a royal mummy
 58965 | Tomb:2   | Killed a royal mummy
 58968 | Tomb:2   | 58968 ||| INVOKING Cleansing Flame.
 58968 | Tomb:2   | Killed a royal mummy
 58974 | Tomb:2   | Killed a royal mummy
 58974 | Tomb:2   | Killed a royal mummy
 59015 | Tomb:2   | 59015 ||| INVOKING Cleansing Flame.
 59016 | Tomb:2   | 59016 ||| INVOKING Cleansing Flame.
 59025 | Tomb:2   | 59025 ||| INVOKING Cleansing Flame.
 59485 | Tomb:1   | Noticed a royal mummy
 59485 | Tomb:1   | Noticed a royal mummy
 59485 | Tomb:1   | Noticed a royal mummy
 59486 | Tomb:1   | 59486 ||| INVOKING Summon Divine Warrior.
 59490 | Tomb:1   | Killed a royal mummy
 59491 | Tomb:1   | Noticed a royal mummy
 59495 | Tomb:1   | HP: 43/195 [royal mummy/divine providence (14)]
 59496 | Tomb:1   | 59496 ||| READING 20 scrolls of teleportation.
 59497 | Tomb:1   | 59497 ||| DRINKING 15 potions of heal wounds.
 59498 | Tomb:1   | 59498 ||| INVOKING Cleansing Flame.
 59499 | Tomb:1   | 59499 ||| INVOKING Summon Divine Warrior.
 59501 | Tomb:1   | HP: 42/195 [mummy priest/divine providence (13)]
 59502 | Tomb:1   | 59502 ||| READING 19 scrolls of teleportation.
 59503 | Tomb:1   | 59503 ||| DRINKING 14 potions of heal wounds.
 59505 | Tomb:1   | Killed a royal mummy
 59896 | Tomb:1   | Noticed a royal mummy
 59897 | Tomb:1   | 59897 ||| Stepping ~*~*~tactically~*~*~ (hiding).
 59898 | Tomb:1   | 59898 ||| INVOKING Summon Divine Warrior.
 59899 | Tomb:1   | Noticed a royal mummy
 59900 | Tomb:1   | 59900 ||| INVOKING Cleansing Flame.
 59900 | Tomb:1   | Noticed a royal mummy
 59901 | Tomb:1   | 59901 ||| INVOKING Cleansing Flame.
 59902 | Tomb:1   | 59902 ||| INVOKING Cleansing Flame.
 59903 | Tomb:1   | 59903 ||| INVOKING Cleansing Flame.
 59903 | Tomb:1   | Noticed a royal mummy
 59904 | Tomb:1   | 59904 ||| INVOKING Cleansing Flame.
 59905 | Tomb:1   | 59905 ||| INVOKING Cleansing Flame.
 59905 | Tomb:1   | Killed a royal mummy
 59906 | Tomb:1   | 59906 ||| INVOKING Cleansing Flame.
 59907 | Tomb:1   | 59907 ||| INVOKING Cleansing Flame.
 59908 | Tomb:1   | 59908 ||| DRINKING 4 potions of magic.
 59909 | Tomb:1   | 59909 ||| INVOKING Cleansing Flame.
 59910 | Tomb:1   | 59910 ||| INVOKING Cleansing Flame.
 59910 | Tomb:1   | Killed a royal mummy
 59911 | Tomb:1   | 59911 ||| INVOKING Cleansing Flame.
 59911 | Tomb:1   | Noticed a royal mummy
 59912 | Tomb:1   | 59912 ||| INVOKING Cleansing Flame.
 59913 | Tomb:1   | 59913 ||| INVOKING Cleansing Flame.
 59915 | Tomb:1   | Killed a royal mummy
 59916 | Tomb:1   | 59916 ||| INVOKING Cleansing Flame.
 59917 | Tomb:1   | 59917 ||| DRINKING 3 potions of magic.
 59917 | Tomb:1   | HP: 41/195 [royal mummy/divine providence (13)]
 59918 | Tomb:1   | 59918 ||| READING 18 scrolls of teleportation.
 59919 | Tomb:1   | 59919 ||| DRINKING 13 potions of heal wounds.
 60271 | Tomb:1   | 60271 ||| INVOKING Cleansing Flame.
 60272 | Tomb:1   | 60272 ||| INVOKING Cleansing Flame.
 60275 | Tomb:1   | 60275 ||| Stepping ~*~*~tactically~*~*~ (hiding).
 60276 | Tomb:1   | 60276 ||| INVOKING Cleansing Flame.
 60277 | Tomb:1   | 60277 ||| INVOKING Summon Divine Warrior.
 60280 | Tomb:1   | Killed a royal mummy
 60281 | Tomb:1   | 60281 ||| INVOKING Cleansing Flame.
 60282 | Tomb:1   | 60282 ||| INVOKING Cleansing Flame.
 60283 | Tomb:1   | 60283 ||| INVOKING Cleansing Flame.
 60283 | Tomb:1   | Killed a royal mummy
 60284 | Tomb:1   | 60284 ||| INVOKING Cleansing Flame.
 60285 | Tomb:1   | 60285 ||| INVOKING Cleansing Flame.
 60285 | Tomb:1   | Killed a royal mummy
 60293 | Tomb:1   | 60293 ||| INVOKING Summon Divine Warrior.
 60295 | Tomb:1   | Killed a royal mummy
 60579 | Tomb:1   | Noticed a royal mummy
 60579 | Tomb:1   | Noticed a royal mummy
 60580 | Tomb:1   | 60580 ||| INVOKING Summon Divine Warrior.
 60581 | Tomb:1   | 60581 ||| INVOKING Cleansing Flame.
 60584 | Tomb:1   | Killed a royal mummy
 60589 | Tomb:1   | 60589 ||| INVOKING Cleansing Flame.
 60601 | Tomb:1   | 60601 ||| INVOKING Cleansing Flame.
 60605 | Tomb:1   | 60605 ||| INVOKING Cleansing Flame.
 60612 | Tomb:1   | Killed a royal mummy
 60781 | Tomb:1   | Noticed a royal mummy
 60785 | Tomb:1   | 60785 ||| INVOKING Cleansing Flame.
 60786 | Tomb:1   | 60786 ||| INVOKING Cleansing Flame.
 60787 | Tomb:1   | 60787 ||| INVOKING Cleansing Flame.
 60788 | Tomb:1   | 60788 ||| INVOKING Cleansing Flame.
 60788 | Tomb:1   | Killed a royal mummy
 60789 | Tomb:1   | Noticed a royal mummy
 60790 | Tomb:1   | 60790 ||| INVOKING Cleansing Flame.
 60791 | Tomb:1   | 60791 ||| INVOKING Cleansing Flame.
 60792 | Tomb:1   | 60792 ||| INVOKING Cleansing Flame.
 60792 | Tomb:1   | Killed a royal mummy
 61418 | Tomb:2   | 61418 ||| INVOKING Cleansing Flame.
 61419 | Tomb:2   | 61419 ||| INVOKING Cleansing Flame.
 61432 | Tomb:2   | 61432 ||| INVOKING Cleansing Flame.
 61435 | Tomb:2   | 61435 ||| INVOKING Cleansing Flame.
 61436 | Tomb:2   | 61436 ||| INVOKING Cleansing Flame.
 61723 | Tomb:3   | Entered Level 3 of the Tomb of the Ancients
 61724 | Tomb:3   | 61724 ||| DRINKING 11 potions of haste.
 61725 | Tomb:3   | 61725 ||| DRINKING 14 potions of attraction.
 61761 | Tomb:3   | 61761 ||| INVOKING Summon Divine Warrior.
 61763 | Tomb:3   | 61763 ||| INVOKING Cleansing Flame.
 61779 | Tomb:3   | 61779 ||| INVOKING Cleansing Flame.
 61788 | Tomb:3   | 61788 ||| INVOKING Summon Divine Warrior.
 61794 | Tomb:3   | 61794 ||| INVOKING Cleansing Flame.
 61796 | Tomb:3   | 61796 ||| INVOKING Cleansing Flame.
 61797 | Tomb:3   | 61797 ||| INVOKING Cleansing Flame.
 61799 | Tomb:3   | Noticed a royal mummy
 61800 | Tomb:3   | 61800 ||| INVOKING Cleansing Flame.
 61801 | Tomb:3   | 61801 ||| INVOKING Cleansing Flame.
 61802 | Tomb:3   | 61802 ||| INVOKING Cleansing Flame.
 61803 | Tomb:3   | 61803 ||| INVOKING Cleansing Flame.
 61804 | Tomb:3   | 61804 ||| INVOKING Cleansing Flame.
 61804 | Tomb:3   | Noticed a royal mummy
 61805 | Tomb:3   | 61805 ||| INVOKING Cleansing Flame.
 61806 | Tomb:3   | 61806 ||| INVOKING Cleansing Flame.
 61807 | Tomb:3   | 61807 ||| INVOKING Cleansing Flame.
 61808 | Tomb:3   | 61808 ||| INVOKING Cleansing Flame.
 61809 | Tomb:3   | 61809 ||| INVOKING Summon Divine Warrior.
 61810 | Tomb:3   | 61810 ||| INVOKING Cleansing Flame.
 61811 | Tomb:3   | Killed a royal mummy
 61812 | Tomb:3   | 61812 ||| INVOKING Cleansing Flame.
 61816 | Tomb:3   | Killed a royal mummy
 62021 | Tomb:3   | Noticed a royal mummy
 62022 | Tomb:3   | 62022 ||| INVOKING Summon Divine Warrior.
 62025 | Tomb:3   | 62025 ||| INVOKING Cleansing Flame.
 62028 | Tomb:3   | Killed a royal mummy
 62029 | Tomb:3   | Reached skill level 27 in Armour
 62133 | Tomb:3   | Noticed a royal mummy
 62141 | Tomb:3   | Killed a royal mummy
 62152 | Tomb:3   | Noticed a royal mummy
 62153 | Tomb:3   | 62153 ||| INVOKING Summon Divine Warrior.
 62155 | Tomb:3   | Noticed a royal mummy
 62157 | Tomb:3   | 62157 ||| INVOKING Cleansing Flame.
 62158 | Tomb:3   | 62158 ||| INVOKING Cleansing Flame.
 62160 | Tomb:3   | Killed a royal mummy
 62160 | Tomb:3   | Noticed a royal mummy
 62161 | Tomb:3   | Killed a royal mummy
 62166 | Tomb:3   | 62166 ||| INVOKING Cleansing Flame.
 62171 | Tomb:3   | Killed a royal mummy
 62175 | Tomb:3   | Noticed Khufu
 62186 | Tomb:3   | Killed Khufu
 62424 | Tomb:3   | Got a golden rune of Zot
 62456 | Tomb:3   | Identified the staff of cold "Soell" {rC+ rCorr}
 62493 | Tomb:3   | Identified the +0 spear "Cioduc" {freeze, Str+7 Int+3}
 62507 | Tomb:3   | Identified the staff of cold "Gialat" {rF++ rC+}
 62616 | Tomb:3   | Noticed a royal mummy
 62617 | Tomb:3   | 62617 ||| INVOKING Summon Divine Warrior.
 62622 | Tomb:3   | Killed a royal mummy
 62686 | Tomb:3   | 62686 ||| PLANNING ABYSS
 62686 | Tomb:3   | 62686 ||| DROPPING +1 pair of boots of rampaging.
 63287 | Depths:3 | Voluntarily entered the Abyss.
 63363 | Abyss:2  | 63363 ||| Stepping ~*~*~tactically~*~*~ (hiding).
 63410 | Abyss:2  | 63410 ||| Stepping ~*~*~tactically~*~*~ (stealth).
 63411 | Abyss:2  | 63411 ||| Stepping ~*~*~tactically~*~*~ (stealth).
 63427 | Abyss:2  | 63427 ||| Stepping ~*~*~tactically~*~*~ (stealth).
 63436 | Abyss:2  | Found a corrupted altar of Lugonu.
 63451 | Abyss:2  | 63451 ||| Stepping ~*~*~tactically~*~*~ (stealth).
 63462 | Abyss:2  | 63462 ||| Stepping ~*~*~tactically~*~*~ (stealth).
 63486 | Abyss:2  | Found a corrupted altar of Lugonu.
 63508 | Abyss:2  | Found a corrupted altar of Lugonu.
 63515 | Abyss:2  | Found a shimmering altar of Xom.
 63515 | Abyss:2  | Found a shimmering altar of Xom.
 63515 | Abyss:2  | Found a shimmering altar of Xom.
 63515 | Abyss:2  | Found a corrupted altar of Lugonu.
 63515 | Abyss:2  | Found a shimmering altar of Xom.
 63516 | Abyss:2  | Found a shimmering altar of Xom.
 63516 | Abyss:2  | Found a shimmering altar of Xom.
 63516 | Abyss:2  | Found a shimmering altar of Xom.
 63516 | Abyss:2  | Found a shimmering altar of Xom.
 63516 | Abyss:2  | Found a shimmering altar of Xom.
 63519 | Abyss:2  | 63519 ||| Stepping ~*~*~tactically~*~*~ (hiding).
 63538 | Abyss:2  | 63538 ||| Stepping ~*~*~tactically~*~*~ (stealth).
 63544 | Abyss:2  | Found a shimmering altar of Xom.
 63569 | Abyss:2  | Found a shimmering altar of Xom.
 63569 | Abyss:2  | Found a shimmering altar of Xom.
 63569 | Abyss:2  | Found a shimmering altar of Xom.
 63569 | Abyss:2  | Found a corrupted altar of Lugonu.
 63569 | Abyss:2  | Found a shimmering altar of Xom.
 63569 | Abyss:2  | Found a shimmering altar of Xom.
 63569 | Abyss:2  | Found a shimmering altar of Xom.
 63569 | Abyss:2  | Found a shimmering altar of Xom.
 63569 | Abyss:2  | Found a shimmering altar of Xom.
 63569 | Abyss:2  | Found a shimmering altar of Xom.
 63569 | Abyss:2  | Found a shimmering altar of Xom.
 63569 | Abyss:2  | Found a shimmering altar of Xom.
 63569 | Abyss:2  | Found a shimmering altar of Xom.
 63569 | Abyss:2  | Found a corrupted altar of Lugonu.
 63569 | Abyss:2  | Found a shimmering altar of Xom.
 63569 | Abyss:2  | Found a shimmering altar of Xom.
 63569 | Abyss:2  | Found a shimmering altar of Xom.
 63569 | Abyss:2  | Found a shimmering altar of Xom.
 63569 | Abyss:2  | Found a shimmering altar of Xom.
 63569 | Abyss:2  | Found a shimmering altar of Xom.
 63614 | Abyss:2  | Found a corrupted altar of Lugonu.
 63619 | Abyss:2  | 63619 ||| Stepping ~*~*~tactically~*~*~ (hiding).
 63621 | Abyss:2  | 63621 ||| Stepping ~*~*~tactically~*~*~ (stealth).
 63665 | Abyss:2  | 63665 ||| Stepping ~*~*~tactically~*~*~ (stealth).
 63666 | Abyss:2  | 63666 ||| Stepping ~*~*~tactically~*~*~ (hiding).
 63672 | Abyss:2  | 63672 ||| Stepping ~*~*~tactically~*~*~ (hiding).
 63680 | Abyss:2  | 63680 ||| Stepping ~*~*~tactically~*~*~ (stealth).
 63683 | Abyss:2  | 63683 ||| Stepping ~*~*~tactically~*~*~ (stealth).
 63684 | Abyss:2  | 63684 ||| Stepping ~*~*~tactically~*~*~ (hiding).
 63728 | Abyss:2  | 63728 ||| Stepping ~*~*~tactically~*~*~ (stealth).
 63733 | Abyss:2  | 63733 ||| Stepping ~*~*~tactically~*~*~ (hiding).
 63734 | Abyss:2  | 63734 ||| Stepping ~*~*~tactically~*~*~ (hiding).
 63740 | Abyss:2  | 63740 ||| Stepping ~*~*~tactically~*~*~ (stealth).
 63753 | Abyss:2  | 63753 ||| Stepping ~*~*~tactically~*~*~ (hiding).
 63768 | Abyss:2  | 63768 ||| Stepping ~*~*~tactically~*~*~ (hiding).
 63799 | Abyss:2  | 63799 ||| Stepping ~*~*~tactically~*~*~ (stealth).
 63801 | Abyss:2  | 63801 ||| Stepping ~*~*~tactically~*~*~ (hiding).
 63807 | Abyss:2  | Reached skill level 18 in Invocations
 63807 | Abyss:2  | 63807 ||| Stepping ~*~*~tactically~*~*~ (hiding).
 63847 | Abyss:2  | 63847 ||| FLEEEEING.
 63851 | Abyss:2  | 63851 ||| FLEEEEING.
 63852 | Abyss:2  | 63852 ||| FLEEEEING.
 63867 | Abyss:2  | 63867 ||| Stepping ~*~*~tactically~*~*~ (stealth).
 63868 | Abyss:2  | 63868 ||| Stepping ~*~*~tactically~*~*~ (stealth).
 63950 | Abyss:2  | 63950 ||| FLEEEEING.
 63959 | Abyss:2  | 63959 ||| Stepping ~*~*~tactically~*~*~ (stealth).
 64008 | Abyss:2  | 64008 ||| FLEEEEING.
 64027 | Abyss:2  | 64027 ||| Stepping ~*~*~tactically~*~*~ (stealth).
 64028 | Abyss:2  | 64028 ||| Stepping ~*~*~tactically~*~*~ (stealth).
 64047 | Abyss:2  | 64047 ||| Stepping ~*~*~tactically~*~*~ (stealth).
 64079 | Abyss:2  | 64079 ||| Stepping ~*~*~tactically~*~*~ (hiding).
 64081 | Abyss:2  | 64081 ||| Stepping ~*~*~tactically~*~*~ (hiding).
 64082 | Abyss:2  | 64082 ||| Stepping ~*~*~tactically~*~*~ (hiding).
 64084 | Abyss:2  | 64084 ||| Stepping ~*~*~tactically~*~*~ (hiding).
 64097 | Abyss:2  | 64097 ||| Stepping ~*~*~tactically~*~*~ (hiding).
 64103 | Abyss:2  | 64103 ||| Stepping ~*~*~tactically~*~*~ (stealth).
 64107 | Abyss:2  | Gained mutation: Your magical capacity is low. (-10% MP) [a
                  | neqoxec]
 64115 | Abyss:2  | Gained mutation: You are dopey. (Int -2) [a neqoxec]
 64123 | Abyss:2  | 64123 ||| Stepping ~*~*~tactically~*~*~ (stealth).
 64163 | Abyss:2  | 64163 ||| FLEEEEING.
 64164 | Abyss:2  | 64164 ||| FLEEEEING.
 64168 | Abyss:2  | 64168 ||| FLEEEEING.
 64169 | Abyss:2  | 64169 ||| FLEEEEING.
 64170 | Abyss:2  | 64170 ||| FLEEEEING.
 64192 | Abyss:2  | 64192 ||| Stepping ~*~*~tactically~*~*~ (stealth).
 64201 | Abyss:2  | 64201 ||| Stepping ~*~*~tactically~*~*~ (hiding).
 64215 | Abyss:2  | 64215 ||| Stepping ~*~*~tactically~*~*~ (hiding).
 64232 | Abyss:2  | 64232 ||| Stepping ~*~*~tactically~*~*~ (stealth).
 64233 | Abyss:2  | 64233 ||| Stepping ~*~*~tactically~*~*~ (stealth).
 64239 | Abyss:2  | 64239 ||| Stepping ~*~*~tactically~*~*~ (stealth).
 64353 | Abyss:2  | 64353 ||| Stepping ~*~*~tactically~*~*~ (hiding).
 64377 | Abyss:2  | 64377 ||| Stepping ~*~*~tactically~*~*~ (hiding).
 64466 | Abyss:2  | 64466 ||| Stepping ~*~*~tactically~*~*~ (stealth).
 64468 | Abyss:2  | 64468 ||| Stepping ~*~*~tactically~*~*~ (hiding).
 64527 | Abyss:2  | 64527 ||| Stepping ~*~*~tactically~*~*~ (stealth).
 64579 | Abyss:2  | 64579 ||| Stepping ~*~*~tactically~*~*~ (stealth).
 64581 | Abyss:2  | 64581 ||| Stepping ~*~*~tactically~*~*~ (stealth).
 64582 | Abyss:2  | 64582 ||| Stepping ~*~*~tactically~*~*~ (stealth).
 64624 | Abyss:2  | 64624 ||| Stepping ~*~*~tactically~*~*~ (stealth).
 64644 | Abyss:2  | 64644 ||| Stepping ~*~*~tactically~*~*~ (stealth).
 64650 | Abyss:2  | 64650 ||| Stepping ~*~*~tactically~*~*~ (stealth).
 64665 | Abyss:2  | 64665 ||| Stepping ~*~*~tactically~*~*~ (stealth).
 64728 | Abyss:2  | 64728 ||| Stepping ~*~*~tactically~*~*~ (stealth).
 64795 | Abyss:2  | 64795 ||| Stepping ~*~*~tactically~*~*~ (stealth).
 64804 | Abyss:2  | 64804 ||| Stepping ~*~*~tactically~*~*~ (hiding).
 64813 | Abyss:2  | Gained mutation: Your body often deteriorates upon taking
                  | damage. [a neqoxec]
 64814 | Abyss:2  | Gained mutation: You frequently scream uncontrollably at
                  | your foes. [a neqoxec]
 64820 | Abyss:2  | 64820 ||| DRINKING 17 potions of mutation.
 64820 | Abyss:2  | Lost mutation: Your magical capacity is low. (-10% MP)
                  | [potion of mutation]
 64820 | Abyss:2  | Lost mutation: You frequently scream uncontrollably at your
                  | foes. [potion of mutation]
 64820 | Abyss:2  | Lost mutation: Your flesh is heat resistant. (rF+) [potion
                  | of mutation]
 64820 | Abyss:2  | Gained mutation: You do not regenerate when monsters are
                  | visible. [potion of mutation]
 64820 | Abyss:2  | Lost mutation: You are strong-willed. (Will+) [potion of
                  | mutation]
 64820 | Abyss:2  | Lost mutation: You do not regenerate when monsters are
                  | visible. [potion of mutation]
 64821 | Abyss:2  | 64821 ||| DRINKING 16 potions of mutation.
 64821 | Abyss:2  | Lost mutation: You are dopey. (Int -2) [potion of mutation]
 64821 | Abyss:2  | Lost mutation: You are very weak. (Str -4) [potion of
                  | mutation]
 64821 | Abyss:2  | Gained mutation: You are dopey. (Int -2) [potion of
                  | mutation]
 64821 | Abyss:2  | Lost mutation: You are weak. (Str -2) [potion of mutation]
 64821 | Abyss:2  | Gained mutation: Your spells are a little harder to cast,
                  | but a little more powerful. [potion of mutation]
 64822 | Abyss:2  | 64822 ||| DRINKING 15 potions of mutation.
 64822 | Abyss:2  | Lost mutation: You occasionally shout uncontrollably at
                  | your foes. [potion of mutation]
 64822 | Abyss:2  | Lost mutation: Your body often deteriorates upon taking
                  | damage. [potion of mutation]
 64822 | Abyss:2  | Gained mutation: You are strong-willed. (Will+) [potion of
                  | mutation]
 64825 | Abyss:2  | 64825 ||| Stepping ~*~*~tactically~*~*~ (stealth).
 64828 | Abyss:2  | 64828 ||| Stepping ~*~*~tactically~*~*~ (stealth).
 64831 | Abyss:2  | 64831 ||| Stepping ~*~*~tactically~*~*~ (stealth).
 64833 | Abyss:2  | 64833 ||| Stepping ~*~*~tactically~*~*~ (stealth).
 64834 | Abyss:2  | 64834 ||| Stepping ~*~*~tactically~*~*~ (stealth).
 64893 | Abyss:2  | 64893 ||| Stepping ~*~*~tactically~*~*~ (stealth).
 64908 | Abyss:2  | 64908 ||| Stepping ~*~*~tactically~*~*~ (stealth).
 64935 | Abyss:2  | Found a corrupted altar of Lugonu.
 64939 | Abyss:2  | 64939 ||| Stepping ~*~*~tactically~*~*~ (hiding).
 64967 | Abyss:2  | 64967 ||| Stepping ~*~*~tactically~*~*~ (stealth).
 64989 | Abyss:2  | 64989 ||| Stepping ~*~*~tactically~*~*~ (stealth).
 64991 | Abyss:2  | 64991 ||| Stepping ~*~*~tactically~*~*~ (stealth).
 65019 | Abyss:2  | 65019 ||| Stepping ~*~*~tactically~*~*~ (hiding).
 65095 | Abyss:3  | 65095 ||| Stepping ~*~*~tactically~*~*~ (stealth).
 65144 | Abyss:3  | 65144 ||| Stepping ~*~*~tactically~*~*~ (stealth).
 65174 | Abyss:3  | 65174 ||| Stepping ~*~*~tactically~*~*~ (stealth).
 65193 | Abyss:3  | 65193 ||| Stepping ~*~*~tactically~*~*~ (stealth).
 65253 | Abyss:3  | 65253 ||| Stepping ~*~*~tactically~*~*~ (stealth).
 65292 | Abyss:3  | 65292 ||| Stepping ~*~*~tactically~*~*~ (hiding).
 65337 | Abyss:3  | 65337 ||| Stepping ~*~*~tactically~*~*~ (stealth).
 65357 | Abyss:3  | 65357 ||| Stepping ~*~*~tactically~*~*~ (stealth).
 65359 | Abyss:3  | 65359 ||| Stepping ~*~*~tactically~*~*~ (stealth).
 65361 | Abyss:3  | 65361 ||| Stepping ~*~*~tactically~*~*~ (stealth).
 65363 | Abyss:3  | 65363 ||| Stepping ~*~*~tactically~*~*~ (stealth).
 65365 | Abyss:3  | 65365 ||| Stepping ~*~*~tactically~*~*~ (hiding).
 65366 | Abyss:3  | 65366 ||| Stepping ~*~*~tactically~*~*~ (hiding).
 65376 | Abyss:3  | 65376 ||| Stepping ~*~*~tactically~*~*~ (stealth).
 65442 | Abyss:3  | 65442 ||| Stepping ~*~*~tactically~*~*~ (stealth).
 65464 | Abyss:3  | 65464 ||| Stepping ~*~*~tactically~*~*~ (stealth).
 65465 | Abyss:3  | 65465 ||| Stepping ~*~*~tactically~*~*~ (stealth).
 65470 | Abyss:3  | Noticed a dread lich
 65471 | Abyss:3  | 65471 ||| Stepping ~*~*~tactically~*~*~ (stealth).
 65472 | Abyss:3  | 65472 ||| Stepping ~*~*~tactically~*~*~ (stealth).
 65514 | Abyss:3  | 65514 ||| Stepping ~*~*~tactically~*~*~ (stealth).
 65568 | Abyss:3  | 65568 ||| Stepping ~*~*~tactically~*~*~ (stealth).
 65607 | Abyss:3  | 65607 ||| Stepping ~*~*~tactically~*~*~ (stealth).
 65608 | Abyss:3  | 65608 ||| Stepping ~*~*~tactically~*~*~ (stealth).
 65609 | Abyss:3  | 65609 ||| Stepping ~*~*~tactically~*~*~ (stealth).
 65610 | Abyss:3  | 65610 ||| Stepping ~*~*~tactically~*~*~ (stealth).
 65617 | Abyss:3  | 65617 ||| Stepping ~*~*~tactically~*~*~ (stealth).
 65618 | Abyss:3  | 65618 ||| Stepping ~*~*~tactically~*~*~ (stealth).
 65619 | Abyss:3  | 65619 ||| Stepping ~*~*~tactically~*~*~ (stealth).
 65624 | Abyss:3  | 65624 ||| Stepping ~*~*~tactically~*~*~ (stealth).
 65628 | Abyss:3  | 65628 ||| Stepping ~*~*~tactically~*~*~ (stealth).
 65629 | Abyss:3  | 65629 ||| Stepping ~*~*~tactically~*~*~ (stealth).
 65633 | Abyss:3  | 65633 ||| Stepping ~*~*~tactically~*~*~ (stealth).
 65642 | Abyss:3  | 65642 ||| Stepping ~*~*~tactically~*~*~ (hiding).
 65657 | Abyss:3  | 65657 ||| Stepping ~*~*~tactically~*~*~ (stealth).
 65664 | Abyss:3  | 65664 ||| Stepping ~*~*~tactically~*~*~ (stealth).
 65709 | Abyss:3  | 65709 ||| Stepping ~*~*~tactically~*~*~ (stealth).
 65740 | Abyss:3  | 65740 ||| Stepping ~*~*~tactically~*~*~ (stealth).
 65741 | Abyss:3  | 65741 ||| Stepping ~*~*~tactically~*~*~ (stealth).
 65744 | Abyss:3  | 65744 ||| Stepping ~*~*~tactically~*~*~ (stealth).
 65745 | Abyss:3  | 65745 ||| Stepping ~*~*~tactically~*~*~ (stealth).
 65747 | Abyss:3  | 65747 ||| Stepping ~*~*~tactically~*~*~ (stealth).
 65748 | Abyss:3  | 65748 ||| Stepping ~*~*~tactically~*~*~ (stealth).
 65775 | Abyss:3  | 65775 ||| Stepping ~*~*~tactically~*~*~ (stealth).
 65796 | Abyss:3  | 65796 ||| Stepping ~*~*~tactically~*~*~ (stealth).
 65797 | Abyss:3  | 65797 ||| Stepping ~*~*~tactically~*~*~ (stealth).
 65800 | Abyss:3  | 65800 ||| Stepping ~*~*~tactically~*~*~ (stealth).
 65802 | Abyss:3  | 65802 ||| Stepping ~*~*~tactically~*~*~ (stealth).
 65808 | Abyss:3  | 65808 ||| Stepping ~*~*~tactically~*~*~ (stealth).
 65809 | Abyss:3  | 65809 ||| Stepping ~*~*~tactically~*~*~ (stealth).
 65864 | Abyss:3  | 65864 ||| Stepping ~*~*~tactically~*~*~ (stealth).
 65868 | Abyss:3  | 65868 ||| Stepping ~*~*~tactically~*~*~ (hiding).
 65922 | Abyss:3  | 65922 ||| Stepping ~*~*~tactically~*~*~ (stealth).
 65950 | Abyss:3  | 65950 ||| Stepping ~*~*~tactically~*~*~ (stealth).
 65952 | Abyss:3  | 65952 ||| Stepping ~*~*~tactically~*~*~ (hiding).
 65953 | Abyss:3  | 65953 ||| Stepping ~*~*~tactically~*~*~ (hiding).
 65973 | Abyss:3  | 65973 ||| Stepping ~*~*~tactically~*~*~ (stealth).
 66030 | Abyss:3  | 66030 ||| Stepping ~*~*~tactically~*~*~ (cloud).
 66151 | Abyss:3  | 66151 ||| Stepping ~*~*~tactically~*~*~ (stealth).
 66175 | Abyss:3  | 66175 ||| Stepping ~*~*~tactically~*~*~ (cloud).
 66177 | Abyss:3  | 66177 ||| Stepping ~*~*~tactically~*~*~ (cloud).
 66218 | Abyss:3  | Noticed an ancient lich
 66220 | Abyss:3  | 66220 ||| Stepping ~*~*~tactically~*~*~ (hiding).
 66221 | Abyss:3  | 66221 ||| Stepping ~*~*~tactically~*~*~ (hiding).
 66222 | Abyss:3  | 66222 ||| Stepping ~*~*~tactically~*~*~ (hiding).
 66223 | Abyss:3  | 66223 ||| INVOKING Cleansing Flame.
 66224 | Abyss:3  | 66224 ||| INVOKING Summon Divine Warrior.
 66226 | Abyss:3  | Killed an ancient lich
 66247 | Abyss:3  | Found a corrupted altar of Lugonu.
 66279 | Abyss:3  | Lost mutation: You are dopey. (Int -2) [a neqoxec]
 66283 | Abyss:3  | 66283 ||| Stepping ~*~*~tactically~*~*~ (stealth).
 66318 | Abyss:3  | Gained mutation: You occasionally shout uncontrollably at
                  | your foes. [a shining eye]
 66325 | Abyss:3  | 66325 ||| Stepping ~*~*~tactically~*~*~ (hiding).
 66334 | Abyss:3  | 66334 ||| Stepping ~*~*~tactically~*~*~ (stealth).
 66380 | Abyss:3  | Reached skill level 27 in Fighting
 66408 | Abyss:3  | 66408 ||| Stepping ~*~*~tactically~*~*~ (stealth).
 66455 | Abyss:4  | Gained mutation: Your body often deteriorates upon taking
                  | damage. [a shining eye]
 66459 | Abyss:4  | Gained mutation: Your flesh is cold resistant. (rC+) [a
                  | shining eye]
 66500 | Abyss:4  | Reached skill level 21 in Invocations
 66580 | Abyss:4  | 66580 ||| Stepping ~*~*~tactically~*~*~ (stealth).
 66582 | Abyss:4  | 66582 ||| Stepping ~*~*~tactically~*~*~ (stealth).
 66628 | Abyss:4  | 66628 ||| FLEEEEING.
 66630 | Abyss:4  | 66630 ||| FLEEEEING.
 66712 | Abyss:4  | 66712 ||| Stepping ~*~*~tactically~*~*~ (stealth).
 66714 | Abyss:4  | 66714 ||| Stepping ~*~*~tactically~*~*~ (stealth).
 66716 | Abyss:4  | 66716 ||| Stepping ~*~*~tactically~*~*~ (stealth).
 66737 | Abyss:4  | 66737 ||| DRINKING 14 potions of mutation.
 66737 | Abyss:4  | Lost mutation: Your spells are a little harder to cast, but
                  | a little more powerful. [potion of mutation]
 66737 | Abyss:4  | Lost mutation: You are strong-willed. (Will+) [potion of
                  | mutation]
 66737 | Abyss:4  | Gained mutation: You are robust. (+10% HP) [potion of
                  | mutation]
 66737 | Abyss:4  | Gained mutation: Your muscles are strong. (Str +4, Int/Dex
                  | -1) [potion of mutation]
 66739 | Abyss:4  | 66739 ||| Stepping ~*~*~tactically~*~*~ (stealth).
 66740 | Abyss:4  | 66740 ||| Stepping ~*~*~tactically~*~*~ (stealth).
 66743 | Abyss:4  | 66743 ||| Stepping ~*~*~tactically~*~*~ (stealth).
 66744 | Abyss:4  | 66744 ||| Stepping ~*~*~tactically~*~*~ (stealth).
 66750 | Abyss:4  | Found a corrupted altar of Lugonu.
 66771 | Abyss:4  | 66771 ||| DRINKING 13 potions of mutation.
 66771 | Abyss:4  | Lost mutation: You are robust. (+10% HP) [potion of
                  | mutation]
 66771 | Abyss:4  | Lost mutation: Your muscles are strong. (Str +4, Int/Dex
                  | -1) [potion of mutation]
 66771 | Abyss:4  | Lost mutation: You occasionally shout uncontrollably at
                  | your foes. [potion of mutation]
 66771 | Abyss:4  | Gained mutation: Your flesh is heat resistant. (rF+)
                  | [potion of mutation]
 66771 | Abyss:4  | Gained mutation: You have sharp toenails. [potion of
                  | mutation]
 66772 | Abyss:4  | 66772 ||| Stepping ~*~*~tactically~*~*~ (stealth).
 66773 | Abyss:4  | 66773 ||| DRINKING 12 potions of mutation.
 66773 | Abyss:4  | Lost mutation: Your flesh is heat resistant. (rF+) [potion
                  | of mutation]
 66773 | Abyss:4  | Lost mutation: Your body often deteriorates upon taking
                  | damage. [potion of mutation]
 66773 | Abyss:4  | Lost mutation: You have sharp toenails. [potion of
                  | mutation]
 66773 | Abyss:4  | Gained mutation: You are weak. (Str -2) [potion of
                  | mutation]
 66785 | Abyss:4  | 66785 ||| Stepping ~*~*~tactically~*~*~ (stealth).
 66787 | Abyss:4  | 66787 ||| Stepping ~*~*~tactically~*~*~ (stealth).
 66788 | Abyss:4  | 66788 ||| Stepping ~*~*~tactically~*~*~ (stealth).
 66815 | Abyss:4  | 66815 ||| Stepping ~*~*~tactically~*~*~ (stealth).
 66829 | Abyss:4  | 66829 ||| INVOKING Cleansing Flame.
 66840 | Abyss:4  | Gained mutation: You have a pair of small antennae on your
                  | head. [a cacodemon]
 66843 | Abyss:4  | Gained mutation: Your magical capacity is low. (-10% MP) [a
                  | cacodemon]
 66888 | Abyss:4  | 66888 ||| Stepping ~*~*~tactically~*~*~ (stealth).
 66902 | Abyss:4  | 66902 ||| Stepping ~*~*~tactically~*~*~ (hiding).
 66906 | Abyss:4  | 66906 ||| Stepping ~*~*~tactically~*~*~ (hiding).
 66932 | Abyss:4  | Paralysed by accursed screaming for 2 turns
 66951 | Abyss:4  | 66951 ||| Stepping ~*~*~tactically~*~*~ (stealth).
 66981 | Abyss:4  | 66981 ||| Stepping ~*~*~tactically~*~*~ (stealth).
 66982 | Abyss:4  | 66982 ||| Stepping ~*~*~tactically~*~*~ (stealth).
 66986 | Abyss:4  | 66986 ||| Stepping ~*~*~tactically~*~*~ (stealth).
 66987 | Abyss:4  | 66987 ||| Stepping ~*~*~tactically~*~*~ (stealth).
 66989 | Abyss:4  | 66989 ||| INVOKING Summon Divine Warrior.
 66994 | Abyss:4  | 66994 ||| INVOKING Cleansing Flame.
 66995 | Abyss:4  | 66995 ||| INVOKING Summon Divine Warrior.
 66998 | Abyss:4  | 66998 ||| UPGRADING to +2 shield of Resistance {rF++ rC++
                  | Will++}.
 67000 | Abyss:4  | 67000 ||| INVOKING Cleansing Flame.
 67008 | Abyss:4  | 67008 ||| UPGRADING to +2 shield of Resistance {rF++ rC++
                  | Will++}.
 67014 | Abyss:4  | 67014 ||| UPGRADING to +2 shield of Resistance {rF++ rC++
                  | Will++}.
 67024 | Abyss:4  | 67024 ||| DROPPING +2 helmet of see invisible.
 67026 | Abyss:4  | 67026 ||| DROPPING +0 helmet "Detaw" {rF+ rC+ Will+ Dex-4}.
 67057 | Abyss:4  | 67057 ||| INVOKING Cleansing Flame.
 67058 | Abyss:4  | 67058 ||| INVOKING Cleansing Flame.
 67096 | Abyss:4  | Reached skill level 12 in Dodging
 67133 | Abyss:4  | Got an abyssal rune of Zot
 67225 | Abyss:4  | 67225 ||| PLANNING PAN
 67226 | Depths:3 | Escaped the Abyss
 67363 | Pan      | Entered Pandemonium
 67383 | Pan      | Identified the +0 robe of the Modern Songs {rCorr}
 67484 | Pan      | 67484 ||| Stepping ~*~*~tactically~*~*~ (hiding).
 67487 | Pan      | 67487 ||| Stepping ~*~*~tactically~*~*~ (hiding).
 67541 | Pan      | 67541 ||| Stepping ~*~*~tactically~*~*~ (stealth).
 67558 | Pan      | 67558 ||| Stepping ~*~*~tactically~*~*~ (stealth).
 67559 | Pan      | 67559 ||| Stepping ~*~*~tactically~*~*~ (stealth).
 67560 | Pan      | 67560 ||| Stepping ~*~*~tactically~*~*~ (stealth).
 67565 | Pan      | 67565 ||| Stepping ~*~*~tactically~*~*~ (hiding).
 67566 | Pan      | 67566 ||| Stepping ~*~*~tactically~*~*~ (hiding).
 67567 | Pan      | 67567 ||| Stepping ~*~*~tactically~*~*~ (hiding).
 67582 | Pan      | 67582 ||| Stepping ~*~*~tactically~*~*~ (stealth).
 67584 | Pan      | 67584 ||| Stepping ~*~*~tactically~*~*~ (hiding).
 67588 | Pan      | Noticed Mennas
 67589 | Pan      | 67589 ||| INVOKING Summon Divine Warrior.
 67622 | Pan      | 67622 ||| INVOKING Summon Divine Warrior.
 67636 | Pan      | Killed Mennas
 67767 | Pan      | 67767 ||| Stepping ~*~*~tactically~*~*~ (hiding).
 67779 | Pan      | Noticed Belega the pandemonium lord
 67780 | Pan      | 67780 ||| INVOKING Summon Divine Warrior.
 67790 | Pan      | 67790 ||| Stepping ~*~*~tactically~*~*~ (hiding).
 67794 | Pan      | 67794 ||| INVOKING Summon Divine Warrior.
 67797 | Pan      | Killed Belega the pandemonium lord
 67865 | Pan      | 67865 ||| Stepping ~*~*~tactically~*~*~ (hiding).
 67869 | Pan      | 67869 ||| Stepping ~*~*~tactically~*~*~ (stealth).
 67892 | Pan      | 67892 ||| Stepping ~*~*~tactically~*~*~ (hiding).
 67894 | Pan      | 67894 ||| Stepping ~*~*~tactically~*~*~ (hiding).
 67898 | Pan      | 67898 ||| INVOKING Summon Divine Warrior.
 67899 | Pan      | 67899 ||| INVOKING Cleansing Flame.
 67900 | Pan      | 67900 ||| INVOKING Cleansing Flame.
 67901 | Pan      | 67901 ||| INVOKING Cleansing Flame.
 68438 | Pan      | 68438 ||| Stepping ~*~*~tactically~*~*~ (stealth).
 68543 | Pan      | Found a transporter.
 68580 | Pan      | 68580 ||| INVOKING Summon Divine Warrior.
 68583 | Pan      | 68583 ||| INVOKING Cleansing Flame.
 68584 | Pan      | 68584 ||| INVOKING Cleansing Flame.
 68585 | Pan      | 68585 ||| INVOKING Cleansing Flame.
 68701 | Pan      | 68701 ||| Stepping ~*~*~tactically~*~*~ (stealth).
 68712 | Pan      | 68712 ||| Stepping ~*~*~tactically~*~*~ (hiding).
 68713 | Pan      | 68713 ||| Stepping ~*~*~tactically~*~*~ (hiding).
 68718 | Pan      | 68718 ||| INVOKING Cleansing Flame.
 68719 | Pan      | 68719 ||| INVOKING Summon Divine Warrior.
 68729 | Pan      | Gained mutation: Your body often deteriorates upon taking
                  | damage. [a cacodemon]
 68733 | Pan      | Gained mutation: You are occasionally teleported next to
                  | monsters. [a cacodemon]
 68746 | Pan      | 68746 ||| DRINKING 11 potions of mutation.
 68746 | Pan      | Lost mutation: Your flesh is cold resistant. (rC+) [potion
                  | of mutation]
 68746 | Pan      | Lost mutation: Your body often deteriorates upon taking
                  | damage. [potion of mutation]
 68746 | Pan      | Lost mutation: You are weak. (Str -2) [potion of mutation]
 68746 | Pan      | Gained mutation: Your flesh is cold resistant. (rC+)
                  | [potion of mutation]
 68746 | Pan      | Gained mutation: You have a pair of antennae on your head.
                  | [potion of mutation]
 68747 | Pan      | 68747 ||| DRINKING 10 potions of mutation.
 68747 | Pan      | Lost mutation: You are occasionally teleported next to
                  | monsters. [potion of mutation]
 68747 | Pan      | Lost mutation: Your body sometimes deteriorates upon taking
                  | damage. [potion of mutation]
 68747 | Pan      | Lost mutation: Your flesh is cold resistant. (rC+) [potion
                  | of mutation]
 68747 | Pan      | Gained mutation: Your flesh is cold resistant. (rC+)
                  | [potion of mutation]
 68747 | Pan      | Lost mutation: Your flesh is cold resistant. (rC+) [potion
                  | of mutation]
 68747 | Pan      | Gained mutation: Your natural rate of healing is unusually
                  | fast. [potion of mutation]
 68764 | Pan      | 68764 ||| INVOKING Cleansing Flame.
 68765 | Pan      | 68765 ||| INVOKING Cleansing Flame.
 68939 | Pan      | Found a transporter.
 69021 | Pan      | 69021 ||| Stepping ~*~*~tactically~*~*~ (hiding).
 69035 | Pan      | 69035 ||| INVOKING Cleansing Flame.
 69142 | Pan      | 69142 ||| DRINKING 3 potions of resistance.
 69143 | Pan      | 69143 ||| INVOKING Summon Divine Warrior.
 69146 | Pan      | 69146 ||| INVOKING Cleansing Flame.
 69385 | Pan      | 69385 ||| Stepping ~*~*~tactically~*~*~ (hiding).
 69538 | Pan      | 69538 ||| Stepping ~*~*~tactically~*~*~ (hiding).
 69540 | Pan      | 69540 ||| Stepping ~*~*~tactically~*~*~ (hiding).
 69548 | Pan      | 69548 ||| Stepping ~*~*~tactically~*~*~ (hiding).
 69639 | Pan      | 69639 ||| Stepping ~*~*~tactically~*~*~ (stealth).
 69640 | Pan      | 69640 ||| Stepping ~*~*~tactically~*~*~ (stealth).
 69672 | Pan      | 69672 ||| Stepping ~*~*~tactically~*~*~ (stealth).
 69728 | Pan      | Found an exit through the horrors of the Abyss.
 70027 | Pan      | 70027 ||| DROPPING +0 tower shield.
 70189 | Pan      | 70189 ||| Stepping ~*~*~tactically~*~*~ (stealth).
 70190 | Pan      | 70190 ||| Stepping ~*~*~tactically~*~*~ (stealth).
 70211 | Pan      | 70211 ||| Stepping ~*~*~tactically~*~*~ (hiding).
 70213 | Pan      | 70213 ||| Stepping ~*~*~tactically~*~*~ (hiding).
 70220 | Pan      | 70220 ||| Stepping ~*~*~tactically~*~*~ (hiding).
 70222 | Pan      | 70222 ||| INVOKING Summon Divine Warrior.
 70224 | Pan      | 70224 ||| INVOKING Cleansing Flame.
 70230 | Pan      | 70230 ||| DRINKING 2 potions of resistance.
 70247 | Pan      | Noticed Nehodac the pandemonium lord
 70252 | Pan      | 70252 ||| INVOKING Cleansing Flame.
 70253 | Pan      | Reached skill level 24 in Invocations
 70253 | Pan      | 70253 ||| INVOKING Cleansing Flame.
 70258 | Pan      | Killed Nehodac the pandemonium lord
 71569 | Pan      | 71569 ||| INVOKING Summon Divine Warrior.
 71571 | Pan      | Noticed Xasischu the pandemonium lord
 71581 | Pan      | 71581 ||| INVOKING Cleansing Flame.
 71582 | Pan      | 71582 ||| INVOKING Cleansing Flame.
 71583 | Pan      | 71583 ||| INVOKING Cleansing Flame.
 71588 | Pan      | Killed Xasischu the pandemonium lord
 71648 | Pan      | Identified the +6 falchion "Fussi" {flame, +Blink rPois
                  | rF++ rC+ Int-4}
 71730 | Pan      | 71730 ||| Stepping ~*~*~tactically~*~*~ (hiding).
 71733 | Pan      | 71733 ||| INVOKING Summon Divine Warrior.
 71740 | Pan      | 71740 ||| Stepping ~*~*~tactically~*~*~ (hiding).
 71744 | Pan      | 71744 ||| INVOKING Cleansing Flame.
 71745 | Pan      | 71745 ||| INVOKING Cleansing Flame.
 71839 | Pan      | 71839 ||| Stepping ~*~*~tactically~*~*~ (stealth).
 71840 | Pan      | 71840 ||| Stepping ~*~*~tactically~*~*~ (stealth).
 71873 | Pan      | 71873 ||| Stepping ~*~*~tactically~*~*~ (hiding).
 71874 | Pan      | 71874 ||| INVOKING Summon Divine Warrior.
 71944 | Pan      | 71944 ||| Stepping ~*~*~tactically~*~*~ (hiding).
 71945 | Pan      | 71945 ||| Stepping ~*~*~tactically~*~*~ (hiding).
 71946 | Pan      | 71946 ||| Stepping ~*~*~tactically~*~*~ (hiding).
 71948 | Pan      | 71948 ||| Stepping ~*~*~tactically~*~*~ (hiding).
 71949 | Pan      | 71949 ||| Stepping ~*~*~tactically~*~*~ (hiding).
 72120 | Pan      | 72120 ||| INVOKING Summon Divine Warrior.
 72122 | Pan      | 72122 ||| INVOKING Cleansing Flame.
 72123 | Pan      | 72123 ||| INVOKING Cleansing Flame.
 72143 | Pan      | 72143 ||| INVOKING Cleansing Flame.
 72224 | Pan      | 72224 ||| INVOKING Cleansing Flame.
 72373 | Pan      | 72373 ||| INVOKING Cleansing Flame.
 72388 | Pan      | 72388 ||| INVOKING Cleansing Flame.
 72644 | Pan      | 72644 ||| Stepping ~*~*~tactically~*~*~ (stealth).
 72673 | Pan      | Found a runed translucent door.
 72699 | Pan      | Found a runed translucent door.
 72711 | Pan      | Found a runed translucent door.
 72711 | Pan      | Found a runed translucent door.
 72725 | Pan      | Gained mutation: You occasionally lose the ability to read
                  | scrolls when taking damage. [a cacodemon]
 72729 | Pan      | 72729 ||| DRINKING 11 potions of mutation.
 72729 | Pan      | Lost mutation: You occasionally lose the ability to read
                  | scrolls when taking damage. [potion of mutation]
 72729 | Pan      | Lost mutation: Your magical capacity is low. (-10% MP)
                  | [potion of mutation]
 72729 | Pan      | Lost mutation: You have a pair of antennae on your head.
                  | [potion of mutation]
 72729 | Pan      | Gained mutation: You are strong-willed. (Will+) [potion of
                  | mutation]
 72729 | Pan      | Gained mutation: Your mind is acute. (Int +4, Str/Dex -1)
                  | [potion of mutation]
 72747 | Pan      | 72747 ||| Stepping ~*~*~tactically~*~*~ (stealth).
 72842 | Pan      | 72842 ||| Stepping ~*~*~tactically~*~*~ (hiding).
 72962 | Pan      | Identified the +8 chain mail of the Abyss {Drain Str+3
                  | Int+7 SInv}
 72963 | Pan      | 72963 ||| Stepping ~*~*~tactically~*~*~ (hiding).
 72964 | Pan      | 72964 ||| Stepping ~*~*~tactically~*~*~ (hiding).
 72965 | Pan      | 72965 ||| Stepping ~*~*~tactically~*~*~ (hiding).
 72966 | Pan      | 72966 ||| Stepping ~*~*~tactically~*~*~ (hiding).
 73054 | Pan      | 73054 ||| Stepping ~*~*~tactically~*~*~ (stealth).
 73055 | Pan      | 73055 ||| Stepping ~*~*~tactically~*~*~ (stealth).
 73074 | Pan      | 73074 ||| Stepping ~*~*~tactically~*~*~ (stealth).
 73086 | Pan      | 73086 ||| Stepping ~*~*~tactically~*~*~ (stealth).
 73164 | Pan      | 73164 ||| Stepping ~*~*~tactically~*~*~ (hiding).
 73551 | Pan      | Noticed Kiduel the pandemonium lord
 73552 | Pan      | 73552 ||| INVOKING Cleansing Flame.
 73553 | Pan      | 73553 ||| INVOKING Summon Divine Warrior.
 73556 | Pan      | 73556 ||| INVOKING Cleansing Flame.
 73561 | Pan      | 73561 ||| INVOKING Summon Divine Warrior.
 73562 | Pan      | 73562 ||| INVOKING Cleansing Flame.
 73563 | Pan      | 73563 ||| INVOKING Cleansing Flame.
 73563 | Pan      | Killed Kiduel the pandemonium lord
 73646 | Pan      | Got a demonic rune of Zot
 73684 | Pan      | 73684 ||| Stepping ~*~*~tactically~*~*~ (stealth).
 73687 | Pan      | 73687 ||| Stepping ~*~*~tactically~*~*~ (stealth).
 73689 | Pan      | 73689 ||| Stepping ~*~*~tactically~*~*~ (hiding).
 73753 | Pan      | 73753 ||| INVOKING Summon Divine Warrior.
 73756 | Abyss:4  | Cast into level 4 of the Abyss (+4 demon trident of
                  | distortion)
 73789 | Abyss:4  | 73789 ||| Stepping ~*~*~tactically~*~*~ (hiding).
 73810 | Abyss:4  | 73810 ||| Stepping ~*~*~tactically~*~*~ (stealth).
 73812 | Abyss:4  | 73812 ||| Stepping ~*~*~tactically~*~*~ (hiding).
 73821 | Abyss:4  | 73821 ||| Stepping ~*~*~tactically~*~*~ (hiding).
 73822 | Abyss:4  | 73822 ||| Stepping ~*~*~tactically~*~*~ (hiding).
 73830 | Abyss:4  | 73830 ||| Stepping ~*~*~tactically~*~*~ (hiding).
 73871 | Abyss:4  | 73871 ||| Stepping ~*~*~tactically~*~*~ (stealth).
 73872 | Abyss:4  | 73872 ||| Stepping ~*~*~tactically~*~*~ (stealth).
 73874 | Abyss:4  | 73874 ||| Stepping ~*~*~tactically~*~*~ (hiding).
 73894 | Abyss:4  | 73894 ||| Stepping ~*~*~tactically~*~*~ (stealth).
 73899 | Abyss:4  | 73899 ||| Stepping ~*~*~tactically~*~*~ (hiding).
 73901 | Abyss:4  | 73901 ||| Stepping ~*~*~tactically~*~*~ (hiding).
 73903 | Abyss:4  | 73903 ||| Stepping ~*~*~tactically~*~*~ (hiding).
 73906 | Abyss:4  | 73906 ||| Stepping ~*~*~tactically~*~*~ (hiding).
 73911 | Abyss:4  | 73911 ||| Stepping ~*~*~tactically~*~*~ (hiding).
 73916 | Abyss:4  | 73916 ||| Stepping ~*~*~tactically~*~*~ (hiding).
 73955 | Abyss:4  | 73955 ||| Stepping ~*~*~tactically~*~*~ (stealth).
 73956 | Abyss:4  | 73956 ||| Stepping ~*~*~tactically~*~*~ (stealth).
 73963 | Abyss:4  | 73963 ||| Stepping ~*~*~tactically~*~*~ (stealth).
 74011 | Abyss:4  | 74011 ||| Stepping ~*~*~tactically~*~*~ (stealth).
 74012 | Abyss:4  | 74012 ||| Stepping ~*~*~tactically~*~*~ (stealth).
 74016 | Abyss:4  | 74016 ||| Stepping ~*~*~tactically~*~*~ (hiding).
 74039 | Abyss:4  | 74039 ||| Stepping ~*~*~tactically~*~*~ (stealth).
 74076 | Abyss:4  | 74076 ||| Stepping ~*~*~tactically~*~*~ (stealth).
 74077 | Abyss:4  | 74077 ||| Stepping ~*~*~tactically~*~*~ (stealth).
 74080 | Abyss:4  | 74080 ||| Stepping ~*~*~tactically~*~*~ (stealth).
 74082 | Abyss:4  | 74082 ||| Stepping ~*~*~tactically~*~*~ (stealth).
 74083 | Abyss:4  | 74083 ||| Stepping ~*~*~tactically~*~*~ (stealth).
 74103 | Abyss:4  | 74103 ||| Stepping ~*~*~tactically~*~*~ (stealth).
 74106 | Abyss:4  | 74106 ||| Stepping ~*~*~tactically~*~*~ (stealth).
 74130 | Abyss:4  | 74130 ||| Stepping ~*~*~tactically~*~*~ (stealth).
 74132 | Abyss:4  | 74132 ||| Stepping ~*~*~tactically~*~*~ (stealth).
 74134 | Abyss:4  | 74134 ||| Stepping ~*~*~tactically~*~*~ (hiding).
 74152 | Abyss:4  | 74152 ||| Stepping ~*~*~tactically~*~*~ (stealth).
 74164 | Abyss:4  | 74164 ||| Stepping ~*~*~tactically~*~*~ (stealth).
 74189 | Abyss:4  | 74189 ||| Stepping ~*~*~tactically~*~*~ (stealth).
 74192 | Abyss:4  | 74192 ||| Stepping ~*~*~tactically~*~*~ (stealth).
 74194 | Abyss:4  | 74194 ||| Stepping ~*~*~tactically~*~*~ (stealth).
 74211 | Abyss:4  | 74211 ||| Stepping ~*~*~tactically~*~*~ (stealth).
 74214 | Abyss:4  | 74214 ||| Stepping ~*~*~tactically~*~*~ (stealth).
 74242 | Abyss:4  | 74242 ||| Stepping ~*~*~tactically~*~*~ (stealth).
 74244 | Abyss:4  | 74244 ||| Stepping ~*~*~tactically~*~*~ (stealth).
 74245 | Abyss:4  | 74245 ||| Stepping ~*~*~tactically~*~*~ (stealth).
 74246 | Abyss:4  | 74246 ||| Stepping ~*~*~tactically~*~*~ (stealth).
 74251 | Abyss:4  | 74251 ||| Stepping ~*~*~tactically~*~*~ (stealth).
 74261 | Abyss:4  | 74261 ||| Stepping ~*~*~tactically~*~*~ (stealth).
 74262 | Abyss:4  | 74262 ||| Stepping ~*~*~tactically~*~*~ (stealth).
 74263 | Abyss:4  | 74263 ||| Stepping ~*~*~tactically~*~*~ (stealth).
 74272 | Abyss:4  | 74272 ||| Stepping ~*~*~tactically~*~*~ (stealth).
 74274 | Abyss:4  | 74274 ||| Stepping ~*~*~tactically~*~*~ (stealth).
 74303 | Abyss:4  | 74303 ||| Stepping ~*~*~tactically~*~*~ (hiding).
 74308 | Abyss:4  | 74308 ||| Stepping ~*~*~tactically~*~*~ (hiding).
 74313 | Abyss:4  | 74313 ||| Stepping ~*~*~tactically~*~*~ (hiding).
 74322 | Abyss:4  | 74322 ||| Stepping ~*~*~tactically~*~*~ (hiding).
 74329 | Abyss:4  | Paralysed by you for 2 turns
 74338 | Pan      | Escaped the Abyss
 74339 | Pan      | 74339 ||| INVOKING Summon Divine Warrior.
 74341 | Pan      | 74341 ||| INVOKING Cleansing Flame.
 74342 | Pan      | 74342 ||| INVOKING Cleansing Flame.
 74350 | Pan      | 74350 ||| INVOKING Summon Divine Warrior.
 74352 | Pan      | Noticed Ybrug the pandemonium lord
 74354 | Pan      | 74354 ||| READING 19 scrolls of teleportation.
 74358 | Pan      | 74358 ||| INVOKING Cleansing Flame.
 74359 | Pan      | 74359 ||| DRINKING 5 potions of cancellation.
 74360 | Pan      | 74360 ||| Stepping ~*~*~tactically~*~*~ (stealth).
 74368 | Pan      | 74368 ||| Stepping ~*~*~tactically~*~*~ (stealth).
 74453 | Pan      | 74453 ||| Stepping ~*~*~tactically~*~*~ (stealth).
 74454 | Pan      | 74454 ||| Stepping ~*~*~tactically~*~*~ (stealth).
 74455 | Pan      | 74455 ||| Stepping ~*~*~tactically~*~*~ (stealth).
 74456 | Pan      | 74456 ||| Stepping ~*~*~tactically~*~*~ (stealth).
 74457 | Pan      | 74457 ||| Stepping ~*~*~tactically~*~*~ (stealth).
 74485 | Pan      | 74485 ||| Stepping ~*~*~tactically~*~*~ (hiding).
 74488 | Pan      | 74488 ||| Stepping ~*~*~tactically~*~*~ (hiding).
 74512 | Pan      | 74512 ||| Stepping ~*~*~tactically~*~*~ (cloud).
 74517 | Pan      | Noticed Waonoeg the pandemonium lord
 74518 | Pan      | 74518 ||| INVOKING Summon Divine Warrior.
 74521 | Pan      | 74521 ||| INVOKING Cleansing Flame.
 74526 | Pan      | 74526 ||| INVOKING Cleansing Flame.
 74538 | Pan      | Killed Waonoeg the pandemonium lord
 74539 | Pan      | 74539 ||| INVOKING Cleansing Flame.
 74798 | Pan      | Identified the +7 plate armour of Conscience {MP+9 Int+6}
 74949 | Pan      | 74949 ||| READING scroll of acquirement.
 74949 | Pan      | 74949 ||| ACQUIRING 650 gold pieces
 74949 | Pan      | Acquired 650 gold pieces
 74981 | Pan      | 74981 ||| Stepping ~*~*~tactically~*~*~ (hiding).
 75059 | Pan      | Identified the +0 chain mail of Kufekic {+Blink Will+}
 75060 | Pan      | 75060 ||| Stepping ~*~*~tactically~*~*~ (hiding).
 75063 | Pan      | 75063 ||| Stepping ~*~*~tactically~*~*~ (stealth).
 75182 | Pan      | Identified the +8 tower shield of True Grit {-Tele rPois
                  | rN+ rCorr}
 75206 | Pan      | 75206 ||| INVOKING Summon Divine Warrior.
 75385 | Depths:2 | Escaped Pandemonium
 75387 | Pan      | Entered Pandemonium
 75422 | Pan      | 75422 ||| Stepping ~*~*~tactically~*~*~ (hiding).
 75472 | Pan      | 75472 ||| INVOKING Summon Divine Warrior.
 75475 | Pan      | 75475 ||| INVOKING Cleansing Flame.
 75556 | Pan      | 75556 ||| INVOKING Cleansing Flame.
 75557 | Pan      | 75557 ||| INVOKING Cleansing Flame.
 75560 | Pan      | 75560 ||| INVOKING Cleansing Flame.
 75562 | Pan      | 75562 ||| INVOKING Cleansing Flame.
 75563 | Pan      | 75563 ||| INVOKING Cleansing Flame.
 75618 | Pan      | Entered the realm of Gloorx Vloq.
 75629 | Pan      | 75629 ||| Stepping ~*~*~tactically~*~*~ (stealth).
 75695 | Pan      | 75695 ||| Stepping ~*~*~tactically~*~*~ (stealth).
 75696 | Pan      | 75696 ||| Stepping ~*~*~tactically~*~*~ (stealth).
 75701 | Pan      | 75701 ||| Stepping ~*~*~tactically~*~*~ (stealth).
 75705 | Pan      | 75705 ||| Stepping ~*~*~tactically~*~*~ (stealth).
 75760 | Pan      | 75760 ||| Stepping ~*~*~tactically~*~*~ (stealth).
 75784 | Pan      | Reached skill level 21 in Axes
 75789 | Pan      | 75789 ||| Stepping ~*~*~tactically~*~*~ (stealth).
 75851 | Pan      | 75851 ||| Stepping ~*~*~tactically~*~*~ (stealth).
 75958 | Pan      | 75958 ||| Stepping ~*~*~tactically~*~*~ (stealth).
 76059 | Pan      | 76059 ||| Stepping ~*~*~tactically~*~*~ (stealth).
 76131 | Pan      | 76131 ||| Stepping ~*~*~tactically~*~*~ (stealth).
 76162 | Pan      | 76162 ||| Stepping ~*~*~tactically~*~*~ (stealth).
 76166 | Pan      | Reached skill level 1 in Short Blades
 76169 | Pan      | 76169 ||| INVOKING Cleansing Flame.
 76170 | Pan      | 76170 ||| INVOKING Cleansing Flame.
 76213 | Pan      | Noticed Gloorx Vloq
 76214 | Pan      | 76214 ||| INVOKING Summon Divine Warrior.
 76218 | Pan      | 76218 ||| INVOKING Cleansing Flame.
 76222 | Pan      | Killed Gloorx Vloq
 76223 | Pan      | Reached skill level 3 in Short Blades
 76652 | Pan      | Got a dark rune of Zot
 76869 | Pan      | 76869 ||| Stepping ~*~*~tactically~*~*~ (hiding).
 76965 | Pan      | Entered the realm of Cerebov.
 76972 | Pan      | 76972 ||| INVOKING Summon Divine Warrior.
 77082 | Pan      | Reached skill level 27 in Invocations
 77104 | Pan      | Found the +6 sword of Cerebov {flame}
 77104 | Pan      | Noticed Cerebov
 77105 | Pan      | 77105 ||| DRINKING 11 potions of haste.
 77106 | Pan      | 77106 ||| DRINKING potion of resistance.
 77107 | Pan      | 77107 ||| DRINKING 15 potions of might.
 77109 | Pan      | 77109 ||| INVOKING Summon Divine Warrior.
 77114 | Pan      | 77114 ||| INVOKING Cleansing Flame.
 77115 | Pan      | 77115 ||| INVOKING Cleansing Flame.
 77116 | Pan      | 77116 ||| INVOKING Cleansing Flame.
 77117 | Pan      | 77117 ||| INVOKING Summon Divine Warrior.
 77139 | Pan      | Killed Cerebov
 77200 | Pan      | Identified the +2 leather armour of Soehityd {rC+}
 77229 | Pan      | Identified the +10 glaive "Orb Guardian's Regret" {vamp,
                  | Str+3}
 77330 | Pan      | Identified the staff of fire "Nerinechi" {rF+ rN+ Will+
                  | Int+3 Stlth+}
 77345 | Pan      | Identified the +11 short sword "Ogrebane" {freeze, Drain
                  | rElec Will+}
 77386 | Pan      | Got a fiery rune of Zot
 77420 | Pan      | Entered the realm of Lom Lobon.
 77420 | Pan      | Found an exit through the horrors of the Abyss.
 77427 | Pan      | 77427 ||| Stepping ~*~*~tactically~*~*~ (hiding).
 77460 | Pan      | 77460 ||| Stepping ~*~*~tactically~*~*~ (stealth).
 77555 | Pan      | 77555 ||| Stepping ~*~*~tactically~*~*~ (hiding).
 77624 | Pan      | 77624 ||| Stepping ~*~*~tactically~*~*~ (cloud).
 77639 | Pan      | 77639 ||| Stepping ~*~*~tactically~*~*~ (hiding).
 77879 | Pan      | Identified the +1 pair of gloves of Apathy {+Blink rF+++
                  | Int-3 Dex+3}
 77940 | Pan      | Noticed Lom Lobon
 77941 | Pan      | 77941 ||| DRINKING 10 potions of haste.
 77942 | Pan      | 77942 ||| INVOKING Summon Divine Warrior.
 77943 | Pan      | 77943 ||| DRINKING 15 potions of might.
 77949 | Pan      | 77949 ||| INVOKING Summon Divine Warrior.
 77953 | Pan      | 77953 ||| INVOKING Summon Divine Warrior.
 77956 | Pan      | 77956 ||| INVOKING Cleansing Flame.
 77957 | Pan      | 77957 ||| INVOKING Cleansing Flame.
 77958 | Pan      | 77958 ||| INVOKING Cleansing Flame.
 77959 | Pan      | 77959 ||| INVOKING Cleansing Flame.
 77960 | Pan      | 77960 ||| INVOKING Cleansing Flame.
 77961 | Pan      | 77961 ||| DRINKING 3 potions of magic.
 77962 | Pan      | 77962 ||| INVOKING Summon Divine Warrior.
 77971 | Pan      | HP: 40/199 [Lom Lobon/great icy blast (46)]
 77972 | Pan      | 77972 ||| READING 18 scrolls of teleportation.
 77973 | Pan      | 77973 ||| DRINKING 13 potions of heal wounds.
 77974 | Pan      | 77974 ||| DRINKING 12 potions of heal wounds.
 78008 | Pan      | 78008 ||| Stepping ~*~*~tactically~*~*~ (stealth).
 78009 | Pan      | 78009 ||| INVOKING Summon Divine Warrior.
 78335 | Pan      | 78335 ||| Stepping ~*~*~tactically~*~*~ (hiding).
 78417 | Pan      | 78417 ||| Stepping ~*~*~tactically~*~*~ (stealth).
 78433 | Pan      | 78433 ||| DRINKING 9 potions of haste.
 78434 | Pan      | 78434 ||| INVOKING Summon Divine Warrior.
 78435 | Pan      | 78435 ||| DRINKING 14 potions of might.
 78441 | Pan      | 78441 ||| INVOKING Cleansing Flame.
 78447 | Pan      | 78447 ||| INVOKING Summon Divine Warrior.
 78452 | Pan      | 78452 ||| INVOKING Summon Divine Warrior.
 78455 | Pan      | 78455 ||| INVOKING Summon Divine Warrior.
 78458 | Pan      | Killed Lom Lobon
 78459 | Pan      | 78459 ||| Stepping ~*~*~tactically~*~*~ (cloud).
 78591 | Pan      | Got a magical rune of Zot
 78689 | Pan      | 78689 ||| Stepping ~*~*~tactically~*~*~ (hiding).
 78745 | Pan      | Noticed Ekhlurarph the pandemonium lord
 78746 | Pan      | 78746 ||| INVOKING Summon Divine Warrior.
 78752 | Pan      | Killed Ekhlurarph the pandemonium lord
 78761 | Pan      | 78761 ||| Stepping ~*~*~tactically~*~*~ (stealth).
 78762 | Pan      | 78762 ||| Stepping ~*~*~tactically~*~*~ (stealth).
 78763 | Pan      | 78763 ||| Stepping ~*~*~tactically~*~*~ (stealth).
 78764 | Pan      | 78764 ||| INVOKING Summon Divine Warrior.
 78767 | Pan      | 78767 ||| INVOKING Cleansing Flame.
 78770 | Pan      | Reached skill level 15 in Dodging
 78838 | Pan      | Noticed Ignacio
 78849 | Pan      | 78849 ||| INVOKING Summon Divine Warrior.
 78853 | Pan      | Killed Ignacio
 78979 | Pan      | 78979 ||| INVOKING Cleansing Flame.
 79064 | Pan      | 79064 ||| INVOKING Cleansing Flame.
 79260 | Pan      | 79260 ||| Stepping ~*~*~tactically~*~*~ (stealth).
 79264 | Pan      | 79264 ||| Stepping ~*~*~tactically~*~*~ (stealth).
 79266 | Pan      | 79266 ||| Stepping ~*~*~tactically~*~*~ (hiding).
 79271 | Pan      | 79271 ||| Stepping ~*~*~tactically~*~*~ (hiding).
 79311 | Pan      | Entered the realm of Mnoleg.
 79383 | Pan      | Gained mutation: Your spells are a little easier to cast,
                  | but a little less powerful. [a neqoxec]
 79384 | Pan      | 79384 ||| Stepping ~*~*~tactically~*~*~ (hiding).
 79390 | Pan      | Gained mutation: Your spells are easier to cast, but less
                  | powerful. [a cacodemon]
 79429 | Pan      | 79429 ||| INVOKING Cleansing Flame.
 79589 | Pan      | 79589 ||| Stepping ~*~*~tactically~*~*~ (hiding).
 79592 | Pan      | Gained mutation: Armour fits poorly on your strangely
                  | shaped body. [a neqoxec]
 79598 | Pan      | 79598 ||| Stepping ~*~*~tactically~*~*~ (stealth).
 79599 | Pan      | 79599 ||| DRINKING 12 potions of mutation.
 79599 | Pan      | Lost mutation: You have a pair of small antennae on your
                  | head. [potion of mutation]
 79599 | Pan      | Lost mutation: Armour fits poorly on your strangely shaped
                  | body. [potion of mutation]
 79599 | Pan      | Lost mutation: Your spells are easier to cast, but less
                  | powerful. [potion of mutation]
 79599 | Pan      | Gained mutation: Your mind is very acute. (Int +8, Str/Dex
                  | -2) [potion of mutation]
 79604 | Pan      | 79604 ||| Stepping ~*~*~tactically~*~*~ (hiding).
 79609 | Pan      | 79609 ||| Stepping ~*~*~tactically~*~*~ (hiding).
 79700 | Pan      | Gained mutation: Your spells are easier to cast, but less
                  | powerful. [a cacodemon]
 79718 | Pan      | Found an exit through the horrors of the Abyss.
 79742 | Pan      | 79742 ||| Stepping ~*~*~tactically~*~*~ (hiding).
 79752 | Pan      | Gained mutation: You occasionally lose the ability to drink
                  | potions when taking damage. [a cacodemon]
 79753 | Pan      | Lost mutation: Your natural rate of healing is unusually
                  | fast. [a shining eye]
 79757 | Pan      | 79757 ||| DRINKING 11 potions of mutation.
 79757 | Pan      | Lost mutation: Your spells are easier to cast, but less
                  | powerful. [potion of mutation]
 79757 | Pan      | Lost mutation: You are strong-willed. (Will+) [potion of
                  | mutation]
 79757 | Pan      | Lost mutation: Your spells are a little easier to cast, but
                  | a little less powerful. [potion of mutation]
 79757 | Pan      | Gained mutation: You are weak. (Str -2) [potion of
                  | mutation]
 79757 | Pan      | Gained mutation: You have a pair of small horns on your
                  | head. [potion of mutation]
 79758 | Pan      | 79758 ||| DRINKING 10 potions of mutation.
 79758 | Pan      | Lost mutation: You have a pair of small horns on your head.
                  | [potion of mutation]
 79758 | Pan      | Lost mutation: Your mind is very acute. (Int +8, Str/Dex
                  | -2) [potion of mutation]
 79758 | Pan      | Lost mutation: Your mind is acute. (Int +4, Str/Dex -1)
                  | [potion of mutation]
 79759 | Pan      | 79759 ||| DRINKING 9 potions of mutation.
 79759 | Pan      | Lost mutation: You occasionally lose the ability to drink
                  | potions when taking damage. [potion of mutation]
 79759 | Pan      | Lost mutation: You are weak. (Str -2) [potion of mutation]
 79759 | Pan      | Gained mutation: You have a pair of small horns on your
                  | head. [potion of mutation]
 79759 | Pan      | Gained mutation: Your flesh is heat resistant. (rF+)
                  | [potion of mutation]
 79760 | Pan      | 79760 ||| Stepping ~*~*~tactically~*~*~ (stealth).
 79778 | Pan      | Gained mutation: You occasionally shout uncontrollably at
                  | your foes. [a shining eye]
 79785 | Pan      | 79785 ||| Stepping ~*~*~tactically~*~*~ (hiding).
 79796 | Pan      | Paralysed by a floating eye for 3 turns
 79797 | Pan      | Noticed Mnoleg
 79800 | Pan      | 79800 ||| INVOKING Summon Divine Warrior.
 79806 | Pan      | 79806 ||| PLANNING DEPTHS
 79806 | Pan      | 79806 ||| PLANNING DEPTHS
 79806 | Pan      | 79806 ||| PLANNING DEPTHS
 79806 | Pan      | 79806 ||| PLANNING DEPTHS
 79806 | Pan      | 79806 ||| PLANNING DEPTHS
 79806 | Pan      | 79806 ||| PLANNING DEPTHS
 79806 | Pan      | 79806 ||| PLANNING DEPTHS
 79806 | Pan      | 79806 ||| PLANNING DEPTHS
 79806 | Pan      | 79806 ||| PLANNING DEPTHS
 79810 | Pan      | 79810 ||| INVOKING Summon Divine Warrior.
 79812 | Pan      | 79812 ||| INVOKING Cleansing Flame.
 79813 | Pan      | 79813 ||| INVOKING Cleansing Flame.
 79814 | Pan      | 79814 ||| INVOKING Cleansing Flame.
 79815 | Pan      | 79815 ||| INVOKING Cleansing Flame.
 79815 | Pan      | Killed Mnoleg
 79825 | Pan      | Paralysed by a floating eye for 3 turns
 79844 | Pan      | Gained mutation: You expend magic power (3 MP) to
                  | strengthen your wands. [a shining eye]
 79879 | Pan      | 79879 ||| PLANNING DEPTHS
 79993 | Pan      | 79993 ||| Stepping ~*~*~tactically~*~*~ (hiding).
 79996 | Pan      | 79996 ||| Stepping ~*~*~tactically~*~*~ (stealth).
 80183 | Pan      | 80183 ||| Stepping ~*~*~tactically~*~*~ (stealth).
 80229 | Pan      | Got a glowing rune of Zot
 80344 | Pan      | 80344 ||| UPGRADING to +2 hat.
 80349 | Pan      | 80349 ||| DROPPING +4 ring of slaying {mikee}.
 80410 | Pan      | 80410 ||| Stepping ~*~*~tactically~*~*~ (stealth).
 80411 | Pan      | 80411 ||| Stepping ~*~*~tactically~*~*~ (stealth).
 80413 | Pan      | 80413 ||| Stepping ~*~*~tactically~*~*~ (stealth).
 80442 | Pan      | Identified the +3 arbalest of the Quiescent God {penet,
                  | +Blink Fly rElec Str-5}
 80466 | Pan      | 80466 ||| INVOKING Cleansing Flame.
 80505 | Pan      | Gained mutation: You sometimes lose your temper in combat.
                  | [a cacodemon]
 80508 | Pan      | 80508 ||| DRINKING 8 potions of mutation.
 80508 | Pan      | Lost mutation: You have a pair of small horns on your head.
                  | [potion of mutation]
 80508 | Pan      | Lost mutation: You sometimes lose your temper in combat.
                  | [potion of mutation]
 80508 | Pan      | Gained mutation: You are partially covered in iridescent
                  | scales. (AC +2) [potion of mutation]
 80508 | Pan      | Gained mutation: You occasionally lose the ability to drink
                  | potions when taking damage. [potion of mutation]
 80509 | Pan      | 80509 ||| DRINKING 7 potions of mutation.
 80509 | Pan      | Lost mutation: Your flesh is heat resistant. (rF+) [potion
                  | of mutation]
 80509 | Pan      | Lost mutation: You occasionally shout uncontrollably at
                  | your foes. [potion of mutation]
 80509 | Pan      | Lost mutation: You are partially covered in iridescent
                  | scales. (AC +2) [potion of mutation]
 80509 | Pan      | Gained mutation: You are dopey. (Int -2) [potion of
                  | mutation]
 80509 | Pan      | Gained mutation: You have a pair of small antennae on your
                  | head. [potion of mutation]
 80510 | Pan      | 80510 ||| DRINKING 6 potions of mutation.
 80510 | Pan      | Lost mutation: You are dopey. (Int -2) [potion of mutation]
 80510 | Pan      | Lost mutation: You occasionally lose the ability to drink
                  | potions when taking damage. [potion of mutation]
 80510 | Pan      | Lost mutation: You have a pair of small antennae on your
                  | head. [potion of mutation]
 80510 | Pan      | Gained mutation: You are dopey. (Int -2) [potion of
                  | mutation]
 80510 | Pan      | Gained mutation: You have an increased reservoir of magic.
                  | (+10% MP) [potion of mutation]
 80510 | Pan      | Gained mutation: You have hidden genetic potential. [potion
                  | of mutation]
 80513 | Pan      | 80513 ||| Stepping ~*~*~tactically~*~*~ (stealth).
 80543 | Pan      | 80543 ||| Stepping ~*~*~tactically~*~*~ (stealth).
 80698 | Pan      | 80698 ||| Stepping ~*~*~tactically~*~*~ (hiding).
 80705 | Pan      | 80705 ||| Stepping ~*~*~tactically~*~*~ (hiding).
 80711 | Pan      | 80711 ||| Stepping ~*~*~tactically~*~*~ (hiding).
 80713 | Pan      | 80713 ||| Stepping ~*~*~tactically~*~*~ (hiding).
 80715 | Pan      | Noticed Esaosaru the pandemonium lord
 80716 | Pan      | 80716 ||| INVOKING Summon Divine Warrior.
 80717 | Pan      | 80717 ||| INVOKING Cleansing Flame.
 80719 | Pan      | 80719 ||| INVOKING Summon Divine Warrior.
 80720 | Pan      | 80720 ||| INVOKING Cleansing Flame.
 80721 | Pan      | 80721 ||| INVOKING Cleansing Flame.
 80722 | Pan      | 80722 ||| INVOKING Cleansing Flame.
 80723 | Pan      | 80723 ||| INVOKING Cleansing Flame.
 80723 | Pan      | Killed Esaosaru the pandemonium lord
 80846 | Pan      | 80846 ||| INVOKING Cleansing Flame.
 81176 | Pan      | Found an exit through the horrors of the Abyss.
 81231 | Pan      | 81231 ||| DROPPING +1 tower shield of reflection.
 81232 | Pan      | 81232 ||| UPGRADING to +1 pair of gloves of Apathy {+Blink
                  | rF+++ Int-3 Dex+3}.
 81242 | Pan      | 81242 ||| UPGRADING to +2 tower shield of protection.
 81252 | Pan      | 81252 ||| DROPPING +6 ring of intelligence.
 81253 | Pan      | 81253 ||| UPGRADING to ring "Zaorr" {*Corrode Will+++ Int-4
                  | Slay+4 SInv}.
 81297 | Depths:2 | Escaped Pandemonium
 81587 | Depths:3 | 81587 ||| PLANNING GEH RUNE
 81613 | Hell     | Entered the Vestibule of Hell
 81613 | Hell     | Noticed Geryon
 81621 | Hell     | 81621 ||| INVOKING Cleansing Flame.
 81635 | Hell     | Killed Geryon
 81641 | Hell     | Noticed an ancient lich
 81642 | Hell     | 81642 ||| INVOKING Summon Divine Warrior.
 81645 | Hell     | Reached skill level 24 in Shields
 81647 | Hell     | 81647 ||| INVOKING Cleansing Flame.
 81650 | Hell     | 81650 ||| INVOKING Cleansing Flame.
 81652 | Hell     | Killed an ancient lich
 81661 | Hell     | 81661 ||| INVOKING Cleansing Flame.
 81700 | Hell     | Found a gateway to the freezing wastes of Cocytus.
 81778 | Hell     | Found a gateway to the decaying netherworld of Tartarus.
 81937 | Hell     | Found a gateway to the ashen valley of Gehenna.
 81946 | Geh:1    | Entered Level 1 of Gehenna
 81966 | Geh:1    | 81966 ||| Stepping ~*~*~tactically~*~*~ (hiding).
 82037 | Geh:2    | HP: 43/184 [??? (8)]
 82037 | Geh:2    | HP: 7/184 [hellion/damnation (36)]
 82038 | Geh:2    | 82038 ||| DRINKING 11 potions of heal wounds.
 82039 | Geh:2    | 82039 ||| DRINKING 10 potions of heal wounds.
 82039 | Geh:2    | HP: 3/184 [hellion/damnation (28)]
 82040 | Geh:2    | 82040 ||| DRINKING 9 potions of heal wounds.
 82041 | Geh:2    | 82041 ||| DRINKING 8 potions of heal wounds.
 82042 | Geh:2    | 82042 ||| DRINKING 7 potions of heal wounds.
 82043 | Geh:2    | 82043 ||| DRINKING 6 potions of heal wounds.
 82415 | Geh:4    | 82415 ||| Stepping ~*~*~tactically~*~*~ (hiding).
 82416 | Geh:4    | 82416 ||| Stepping ~*~*~tactically~*~*~ (hiding).
 82418 | Geh:4    | 82418 ||| Stepping ~*~*~tactically~*~*~ (hiding).
 82435 | Geh:4    | 82435 ||| INVOKING Cleansing Flame.
 82546 | Geh:5    | 82546 ||| INVOKING Summon Divine Warrior.
 82550 | Geh:5    | 82550 ||| INVOKING Summon Divine Warrior.
 82551 | Geh:5    | 82551 ||| INVOKING Cleansing Flame.
 82560 | Geh:5    | 82560 ||| INVOKING Cleansing Flame.
 82567 | Geh:5    | 82567 ||| INVOKING Cleansing Flame.
 82576 | Geh:5    | 82576 ||| INVOKING Cleansing Flame.
 82586 | Geh:5    | 82586 ||| INVOKING Cleansing Flame.
 82623 | Geh:6    | 82623 ||| INVOKING Cleansing Flame.
 82624 | Geh:6    | 82624 ||| INVOKING Summon Divine Warrior.
 82633 | Geh:7    | Entered Level 7 of Gehenna
 82884 | Geh:7    | Reached skill level 24 in Axes
 83070 | Geh:7    | 83070 ||| FLEEEEING.
 83071 | Geh:7    | 83071 ||| FLEEEEING.
 83072 | Geh:7    | 83072 ||| FLEEEEING.
 83073 | Geh:7    | 83073 ||| FLEEEEING.
 83076 | Geh:7    | 83076 ||| FLEEEEING.
 83077 | Geh:7    | 83077 ||| FLEEEEING.
 83079 | Geh:7    | 83079 ||| FLEEEEING.
 83080 | Geh:7    | 83080 ||| FLEEEEING.
 83082 | Geh:7    | 83082 ||| FLEEEEING.
 83083 | Geh:7    | 83083 ||| FLEEEEING.
 83089 | Geh:7    | 83089 ||| FLEEEEING.
 83090 | Geh:7    | 83090 ||| FLEEEEING.
 83140 | Geh:7    | 83140 ||| FLEEEEING.
 83220 | Geh:7    | 83220 ||| INVOKING Summon Divine Warrior.
 83224 | Geh:7    | 83224 ||| INVOKING Cleansing Flame.
 83273 | Geh:7    | Gained mutation: You have sharp toenails. [hidden
                  | potential]
 83286 | Geh:7    | 83286 ||| INVOKING Summon Divine Warrior.
 83293 | Geh:7    | 83293 ||| INVOKING Cleansing Flame.
 83554 | Geh:7    | Identified the +7 war axe of Houkae {freeze, rElec rN+
                  | Int+4}
 83817 | Geh:7    | 83817 ||| Stepping ~*~*~tactically~*~*~ (hiding).
 83821 | Geh:7    | 83821 ||| INVOKING Cleansing Flame.
 83822 | Geh:7    | 83822 ||| Stepping ~*~*~tactically~*~*~ (hiding).
 83823 | Geh:7    | 83823 ||| Stepping ~*~*~tactically~*~*~ (hiding).
 83824 | Geh:7    | 83824 ||| Stepping ~*~*~tactically~*~*~ (hiding).
 83826 | Geh:7    | 83826 ||| Stepping ~*~*~tactically~*~*~ (hiding).
 83828 | Geh:7    | 83828 ||| INVOKING Summon Divine Warrior.
 83844 | Geh:7    | 83844 ||| INVOKING Cleansing Flame.
 83920 | Geh:7    | 83920 ||| INVOKING Cleansing Flame.
 83924 | Geh:7    | 83924 ||| Stepping ~*~*~tactically~*~*~ (hiding).
 83931 | Geh:7    | 83931 ||| Stepping ~*~*~tactically~*~*~ (hiding).
 83933 | Geh:7    | 83933 ||| INVOKING Cleansing Flame.
 83984 | Geh:7    | 83984 ||| INVOKING Summon Divine Warrior.
 83987 | Geh:7    | 83987 ||| INVOKING Cleansing Flame.
 84011 | Geh:7    | Identified the +5 scale mail of Fedhas's Approval {Dex+3}
 84012 | Geh:7    | Identified the ring "Ilizxaaxeff" {Str+3 Dex+6}
 84030 | Geh:7    | Found the +13 sceptre of Asmodeus
 84030 | Geh:7    | Identified the ring "Intaeh" {rF+ Str-3 Dex+2 SInv}
 84030 | Geh:7    | Noticed Asmodeus
 84031 | Geh:7    | 84031 ||| DRINKING 8 potions of haste.
 84032 | Geh:7    | 84032 ||| DRINKING 14 potions of might.
 84034 | Geh:7    | HP: 28/199 [Brimstone Fiend/damnation (30)]
 84035 | Geh:7    | 84035 ||| DRINKING 5 potions of heal wounds.
 84036 | Geh:7    | 84036 ||| INVOKING Summon Divine Warrior.
 84039 | Geh:7    | 84039 ||| INVOKING Cleansing Flame.
 84049 | Geh:7    | Killed Asmodeus
 84050 | Geh:7    | 84050 ||| Stepping ~*~*~tactically~*~*~ (cloud).
 84348 | Geh:7    | Got an obsidian rune of Zot
 84429 | Geh:7    | Identified the ring of Lucidity {rF+ Will+ SInv Stlth-}
 84463 | Geh:7    | 84463 ||| PLANNING DIS RUNE
 84463 | Geh:7    | 84463 ||| DROPPING ring of fire.
 84464 | Geh:7    | 84464 ||| DROPPING ring "Ilizxaaxeff" {Str+3 Dex+6}.
 84465 | Geh:7    | 84465 ||| DROPPING ring "Intaeh" {rF+ Str-3 Dex+2 SInv}.
 84544 | Hell     | Found a gateway to the Iron City of Dis.
 84551 | Dis:1    | Entered Level 1 of the Iron City of Dis
 84601 | Dis:1    | 84601 ||| INVOKING Summon Divine Warrior.
 84602 | Dis:1    | 84602 ||| INVOKING Cleansing Flame.
 84603 | Dis:1    | 84603 ||| INVOKING Cleansing Flame.
 84690 | Dis:1    | You are sucked into a shaft and drop 1 floor!
 84704 | Dis:2    | 84704 ||| INVOKING Cleansing Flame.
 84881 | Dis:3    | 84881 ||| Stepping ~*~*~tactically~*~*~ (stealth).
 84886 | Dis:3    | 84886 ||| Stepping ~*~*~tactically~*~*~ (stealth).
 84888 | Dis:3    | 84888 ||| Stepping ~*~*~tactically~*~*~ (stealth).
 84898 | Dis:3    | 84898 ||| Stepping ~*~*~tactically~*~*~ (stealth).
 84899 | Dis:3    | 84899 ||| Stepping ~*~*~tactically~*~*~ (stealth).
 84900 | Dis:3    | 84900 ||| Stepping ~*~*~tactically~*~*~ (stealth).
 84906 | Dis:3    | 84906 ||| Stepping ~*~*~tactically~*~*~ (hiding).
 84941 | Dis:3    | 84941 ||| Stepping ~*~*~tactically~*~*~ (stealth).
 84956 | Dis:3    | 84956 ||| Stepping ~*~*~tactically~*~*~ (hiding).
 84957 | Dis:3    | 84957 ||| Stepping ~*~*~tactically~*~*~ (stealth).
 84968 | Dis:3    | 84968 ||| Stepping ~*~*~tactically~*~*~ (stealth).
 84969 | Dis:3    | 84969 ||| Stepping ~*~*~tactically~*~*~ (stealth).
 84970 | Dis:3    | 84970 ||| Stepping ~*~*~tactically~*~*~ (stealth).
 84973 | Dis:3    | 84973 ||| Stepping ~*~*~tactically~*~*~ (hiding).
 84975 | Dis:3    | 84975 ||| Stepping ~*~*~tactically~*~*~ (hiding).
 84977 | Dis:3    | 84977 ||| INVOKING Cleansing Flame.
 85000 | Dis:3    | 85000 ||| Stepping ~*~*~tactically~*~*~ (stealth).
 85005 | Dis:3    | 85005 ||| Stepping ~*~*~tactically~*~*~ (stealth).
 85010 | Dis:3    | 85010 ||| Stepping ~*~*~tactically~*~*~ (stealth).
 85013 | Dis:3    | 85013 ||| Stepping ~*~*~tactically~*~*~ (stealth).
 85032 | Dis:3    | 85032 ||| Stepping ~*~*~tactically~*~*~ (stealth).
 85060 | Dis:3    | 85060 ||| Stepping ~*~*~tactically~*~*~ (hiding).
 85074 | Dis:3    | 85074 ||| INVOKING Summon Divine Warrior.
 85093 | Dis:3    | 85093 ||| INVOKING Summon Divine Warrior.
 85157 | Dis:4    | 85157 ||| INVOKING Summon Divine Warrior.
 85157 | Dis:4    | Identified the +6 tower shield "Niweh" {rPois rF++ Will-
                  | Int-4}
 85160 | Dis:4    | 85160 ||| INVOKING Cleansing Flame.
 85182 | Dis:4    | 85182 ||| INVOKING Summon Divine Warrior.
 85241 | Dis:4    | 85241 ||| INVOKING Cleansing Flame.
 85372 | Dis:5    | Lost intelligence.
 85377 | Dis:5    | 85377 ||| REMOVING ring "Zaorr" {*Corrode Will+++ Int-4
                  | Slay+4 SInv}.
 85393 | Dis:5    | 85393 ||| INVOKING Cleansing Flame.
 85395 | Dis:5    | 85395 ||| Stepping ~*~*~tactically~*~*~ (hiding).
 85398 | Dis:5    | 85398 ||| INVOKING Summon Divine Warrior.
 85499 | Dis:5    | 85499 ||| UPGRADING to ring of Lucidity {rF+ Will+ SInv
                  | Stlth-}.
 85500 | Dis:5    | 85500 ||| UPGRADING to ring of protection from cold.
 85502 | Dis:5    | 85502 ||| UPGRADING to +5 ring of evasion.
 85664 | Dis:6    | 85664 ||| INVOKING Summon Divine Warrior.
 85665 | Dis:6    | 85665 ||| DRINKING 7 potions of haste.
 85666 | Dis:6    | 85666 ||| DRINKING 13 potions of might.
 85672 | Dis:6    | 85672 ||| INVOKING Cleansing Flame.
 85791 | Dis:6    | 85791 ||| DRINKING 6 potions of haste.
 85792 | Dis:6    | 85792 ||| DRINKING 12 potions of might.
 85812 | Dis:6    | 85812 ||| UPGRADING to ring "Zaorr" {*Corrode Will+++ Int-4
                  | Slay+4 SInv}.
 85819 | Dis:7    | Entered Level 7 of the Iron City of Dis
 85819 | Dis:7    | Lost intelligence.
 85823 | Dis:7    | 85823 ||| REMOVING ring "Zaorr" {*Corrode Will+++ Int-4
                  | Slay+4 SInv}.
 85824 | Dis:7    | 85824 ||| INVOKING Summon Divine Warrior.
 85829 | Dis:7    | 85829 ||| DRINKING 5 potions of cancellation.
 85830 | Dis:7    | 85830 ||| DRINKING 5 potions of haste.
 85831 | Dis:7    | 85831 ||| DRINKING 11 potions of might.
 85831 | Dis:7    | HP: 40/199 [acid (10)]
 85832 | Dis:7    | 85832 ||| DRINKING 4 potions of heal wounds.
 85833 | Dis:7    | 85833 ||| DRINKING 3 potions of heal wounds.
 85834 | Dis:7    | 85834 ||| DRINKING 2 potions of heal wounds.
 85839 | Dis:7    | 85839 ||| INVOKING Summon Divine Warrior.
 85840 | Dis:7    | HP: 41/199 [caustic shrike (20)]
 85841 | Dis:7    | 85841 ||| DRINKING potion of heal wounds.
 86169 | Dis:7    | 86169 ||| INVOKING Summon Divine Warrior.
 86171 | Dis:7    | 86171 ||| INVOKING Cleansing Flame.
 86172 | Dis:7    | 86172 ||| INVOKING Cleansing Flame.
 86401 | Dis:7    | 86401 ||| INVOKING Cleansing Flame.
 86402 | Dis:7    | 86402 ||| INVOKING Cleansing Flame.
 86411 | Dis:7    | 86411 ||| INVOKING Cleansing Flame.
 86412 | Dis:7    | 86412 ||| INVOKING Cleansing Flame.
 86432 | Dis:7    | 86432 ||| DRINKING 4 potions of haste.
 86433 | Dis:7    | 86433 ||| DRINKING 10 potions of might.
 86436 | Dis:7    | HP: 41/199 [iron giant/+0 giant club (27)]
 86437 | Dis:7    | 86437 ||| READING 17 scrolls of teleportation.
 86775 | Dis:7    | 86775 ||| Stepping ~*~*~tactically~*~*~ (hiding).
 86776 | Dis:7    | 86776 ||| Stepping ~*~*~tactically~*~*~ (hiding).
 87057 | Dis:7    | 87057 ||| Stepping ~*~*~tactically~*~*~ (hiding).
 87058 | Dis:7    | 87058 ||| Stepping ~*~*~tactically~*~*~ (hiding).
 87083 | Dis:7    | 87083 ||| INVOKING Summon Divine Warrior.
 87086 | Dis:7    | Gained mutation: You have a pair of small horns on your
                  | head. [hidden potential]
 87086 | Dis:7    | Lost mutation: You have hidden genetic potential. [hidden
                  | potential expressed]
 87127 | Dis:7    | 87127 ||| INVOKING Cleansing Flame.
 87128 | Dis:7    | 87128 ||| INVOKING Cleansing Flame.
 87275 | Dis:7    | 87275 ||| INVOKING Cleansing Flame.
 87292 | Dis:7    | 87292 ||| INVOKING Summon Divine Warrior.
 87298 | Dis:7    | HP: 39/199 [Hell Sentinel/damnation (34)]
 87299 | Dis:7    | 87299 ||| READING 16 scrolls of teleportation.
 87299 | Dis:7    | HP: 6/199 [Hell Sentinel/damnation (33)]
 87299 | Dis:7    | Killed from afar by a Hell Sentinel

Levels and vault maps discovered:
D:1:      minmay_arrival_wavy_path, layout_rooms,
          dreamdust_ecumenical_altar_hidden_monk_grotto
D:2:      layout_loops_ring
D:3:      layout_basic, minmay_pentangle
D:4:      layout_loops_ring, chequers_arboretum, nzn_random_ring
D:5:      kennysheep_six_static_rooms, layout_basic, gammafunk_ghost_split,
          serial_shops, nicolae_shop_waterfront, minmay_misc_feat_pillars,
          minmay_misc_feat_diagonals
D:6:      layout_rooms, mainiacjoe_overflow_catch_the_wave,
          minmay_temple_entry_grid
D:7:      layout_gridville, tgw_kikubaaqudgha, minmay_tree_intersection
D:8:      cheibrodos_grave_circle, layout_basic,
          mainiacjoe_overflow_cross_hatched, nicolae_hepliaklqana_hazy_memory,
          uniq_erica, uniq_maggie
D:9:      layout_loops_cross, serial_shops, nicolae_shop_trees
D:10:     layout_loops_cross, mainiacjoe_overflow_alcove_3,
          grunt_lair_entry_orc_guard_hut, enter_trove_6, chequers_jeans
D:11:     minmay_s_stair_smasher, layout_loops_cross, dk_noncrumbling_3
D:12:     layout_cave_pools, david_orc_4, portal_ice_cave_entry_pillars_1,
          serial_demonic, serial_demonic_f, serial_demonic_g, serial_demonic_g,
          serial_demonic_f, serial_demonic_c, serial_demonic_c
D:13:     layout_cave_pools, gammafunk_ghost_mausoleum, grunt_livestock,
          nicolae_wu_jian_glorious_leap
D:14:     layout_big_octagon, erik_vaults_2
D:15:     grunt_enter_depths_giant_problem, layout_irregular_city, uniq_roxanne
Temple:   hellmonk_temple_divided_pantheon
Lair:1:   layout_regular_city, grunt_forest_stairs_basic, disabler_island
Lair:2:   layout_misc_corridors, elwin_shoals_entry_rocks, serial_bayou_shore_a,
          grunt_megastairs_3, lemuel_fruit_fields
Lair:3:   layout_regular_city, guppyfry_snake_entry_garden,
          gauntlet_entry_generic, chequers_serial_rivers_micro_c, minivault_24,
          lemuel_fruit_tree, grunt_megastairs_4, lemuel_fruit_fields
Lair:4:   layout_hall_layers, gammafunk_ghost_abyssal_escape, uniq_urug,
          uniq_kirke
Lair:5:   hellmonk_lair_end_abyssal_woods, layout_loops_ring,
          minmay_slime_entry_eyes, chequers_serial_rivers_small_b,
          grunt_megastairs_2, infiniplex_staircase_pool_2, uniq_josephine
Shoals:1: layout_shoals, serial_shops, nicolae_shop_back_alley_shop,
          nicolae_shoals_lost_giant_temple
Shoals:2: layout_shoals, st_shoals_ruin
Shoals:3: layout_shoals, serial_shops, shop, hangedman_shoals_cup_caves,
          uniq_jorgrun, uniq_ilsuiw
Shoals:4: shoals_end_simple, layout_shoals, shoals_ilsuiw_ice,
          nicolae_shop_overcharged_wands, uniq_polyphemus
Snake:1:  layout_cave_pods, serial_shops, nicolae_shop_tiny_statue_garden,
          nicolae_shop_tiny_real_fake_doors, st_stairs_5, abandoned_shop,
          nicolae_snake_salamander_jacuzzi, uniq_aizul
Snake:2:  layout_grid_shapes, serial_shops, nicolae_shop_tiny_statue_garden,
          serial_bayou_shore_b, uniq_mlioglotl, uniq_vashnia, uniq_agnes
Snake:3:  layout_misc_corridors, uniq_louise
Snake:4:  hellmonk_snake_rune_quicksilver_temple, layout_chambers,
          nicolae_snake_linked_coils, drop_trap, minmay_snake_pond
Slime:1:  layout_caves, special_room [special_room_jelly],
          nicolae_slime_phagocytosis
Slime:2:  layout_caves
Slime:3:  layout_caves
Slime:4:  layout_caves, uniq_dissolution
Slime:5
Orc:1:    layout_caves
Orc:2:    st_orc_ogre_mass, layout_caves, serial_shops,
          nicolae_shop_hallway_plus, nicolae_shop_firing_range
Vaults:1: ebering_ghost_xom, hangedman_vaults_nodes, v_misc_24,
          vaults_room_semicircle, nicolae_vaults_storing_the_good_stuff,
          nicolae_vaults_tetromino_Z_2, nicolae_vaults_surprise_closet,
          nicolae_vaults_diamond_2, nicolae_vaults_storage_room_statues,
          vaults_dpeg_ring, layout_vaults_omnigrid, serial_shops,
          nicolae_shop_overgrown_old_shop, nicolae_shop_back_alley_shop, shop
Vaults:2: st_cells, grunt_vaults_twisty, nicolae_vaults_more_shelving_2,
          nicolae_vaults_closet_pinwheel_4, vaults_mumra_chevron_long,
          nicolae_vaults_tetromino_Z_1, v_misc_24,
          nicolae_vaults_diagonal_hallway_6, nicolae_vaults_prndl,
          vaults_dpeg_encased_lava, nicolae_vaults_network_periphery,
          nicolae_vaults_storage_closets_2, nicolae_vaults_double_plus_3,
          grunt_vaults_hallway_long, nicolae_vaults_six-pack, layout_vaults_ring
Vaults:3: portal_desolation_entry_garden, minmay_crypt_entry_nasty_monster,
          nicolae_vaults_heart-shaped_vault, nicolae_vaults_tetromino_L_1,
          grunt_vaults_diagonal, grunt_vaults_hallway_short,
          vaults_mumra_hexcomb, nicolae_vaults_variable_pillar_hall,
          v_pattern_1, nicolae_vaults_three_branches, ontoclasm_vaults_gateway,
          vaults_room_pools, nicolae_vaults_two_Ls,
          nicolae_vaults_shrinking_rooms_1, v_misc_18, nicolae_vaults_gold_heap,
          layout_vaults_omnicross, uniq_margery
Vaults:4: v_alt_pattern_1, nicolae_vaults_big_angled_halls,
          nicolae_vaults_spaceships, nicolae_vaults_shrinking_rooms_2,
          hangedman_vaults_unwind, ontoclasm_vaults_eye,
          nicolae_vaults_trapezoid_4, vaults_standard_mumra_enter_the_diamond,
          vaults_mumra_lcd, nicolae_vaults_offset_grid_hallway_3,
          layout_vaults_chaotic_city
Vaults:5
Crypt:1:  layout_catacombs
Crypt:2:  layout_misc_corridors, lemuel_elevator
Crypt:3:  church_of_pain_bobbens, layout_chaotic_city, serial_glass,
          glass_columns_a, glass_columns_a
Tomb:1
Tomb:2
Tomb:3:   uniq_khufu
Depths:1: layout_basic, serial_shops, shop, hellmouth_3,
          nrook_kobold_shadow_demons
Depths:2: minmay_shrinking_squares, layout_twisted_cross, enter_ziggurat_c,
          pf_vacation_house_of_asmodeus, grunt_pan_entry_sceptre,
          kennysheep_big_empty_room, minmay_swirly_circle, uniq_josephina
Depths:3: minmay_fractal_lines_corner, layout_gridlike,
          nicolae_elevator_lobby_asterisk, abyss_entry_crystal,
          pf_hell_entry_tar_river, minmay_staircase_windowed_large, uniq_mara
Depths:4: grunt_zot_entry_hairpin, layout_basic, lightli_too_deep,
          minmay_misc_feat_enclosed, abyss_entry
Hell
Dis:1:    layout_subdivisions, glass_columns_a
Dis:2:    layout_gridville
Dis:3:    layout_gridville
Dis:4:    layout_overlapping_boxes
Dis:5:    layout_subdivisions, nicolae_dis_distal_crystal
Dis:6:    layout_subdivisions
Dis:7:    dis_st
Geh:1:    layout_gehenna_lava_caves
Geh:2:    layout_gehenna_pools_box, nicolae_hells_hurtin_island
Geh:3:    layout_gehenna_lava_caves
Geh:4:    layout_gehenna_lava_caves
Geh:5:    layout_gehenna_pools_basic, hangedman_elemental_grid_stream
Geh:6:    layout_gehenna_lava_caves
Geh:7:    geh_grunt
Zot:1:    layout_gridlike
Zot:2:    grunt_zot_stairs_mandelzot, layout_cathedral_of_symmetry
Zot:3:    layout_gridlike, drop_trap, grunt_ministairs_13, hangedman_swamp_dais,
          grunt_megastairs_5
Zot:4:    layout_twisted_circle

Skill      XL: |  1  2  3  4  5  6  7  8  9 10 11 12 13 14 15 16 17 18 19 20 21 22 23 24 25 26 27 |
---------------+----------------------------------------------------------------------------------+-----
Axes           | 2 3 4 5 6 7 9 10 11 12 14 16 18 26 | 26.0
Dodging        | 1 2 3 5 6 7 10 11 16 | 16.9
Fighting       | 4 5 6 7 8 9 10 11 12 13 15 17 19 21 24 25 27 | 27.0
Throwing       | 1 2 4 5 6 7 9 10 11 12 13 | 13.0
Armour         | 4 6 7 8 9 10 11 13 14 15 16 19 21 22 23 27 | 27.0
Shields        | 4 5 6 7 9 12 16 17 18 19 20 21 22 25 | 25.9
Invocations    | 4 8 10 14 27 | 27.0
Short Blades   | 4 |  4.7

Action                     |  1- 3 |  4- 6 |  7- 9 | 10-12 | 13-15 | 16-18 | 19-21 | 22-24 | 25-27 || total
---------------------------+-------+-------+-------+-------+-------+-------+-------+-------+-------++-------
  Melee: War axe           |   133 |   140 |   247 |   393 |   853 |  1061 |   215 |       |       ||  3042
         Broad axe         |       |       |       |       |       |       |  1427 |  1498 |  5098 ||  8023
         Headbutt          |       |       |       |       |       |       |       |       |    49 ||    49
  Throw: Javelin           |       |       |    39 |    47 |   209 |    65 |   107 |   113 |   113 ||   693
         Boomerang         |       |       |       |    42 |    15 |       |    60 |     6 |   992 ||  1115
 Invoke: Heroism           |       |       |     4 |    15 |    23 |    19 |    25 |    39 |    14 ||   139
         Finesse           |       |       |       |     2 |     5 |     6 |    12 |    12 |     3 ||    40
         Cleansing Flame   |       |       |       |       |       |       |       |       |   195 ||   195
         Summon Divine War |       |       |       |       |       |       |       |       |    81 ||    81
         Brand Weapon With |       |       |       |       |       |       |       |       |     1 ||     1
    Use: Scroll            |     3 |    10 |     8 |     3 |     5 |     5 |     5 |     1 |    18 ||    58
         Potion            |       |     3 |     1 |     3 |     3 |     3 |     2 |     3 |    63 ||    81
   Stab: Invisible         |       |       |       |       |       |     2 |       |       |       ||     2
         Confused          |       |       |       |       |       |       |       |       |     1 ||     1
 Armour: Scale mail        |    68 |    55 |    20 |       |       |       |       |       |       ||   143
         Chain mail        |       |       |   108 |       |       |       |       |       |       ||   108
         Plate armour      |       |       |     4 |   266 |   387 |   117 |       |       |       ||   774
         Crystal plate arm |       |       |       |       |       |   308 |   789 |   540 |  2097 ||  3734
         Ring mail         |       |       |       |       |       |       |       |       |    47 ||    47
  Dodge: Dodged            |    62 |    62 |    93 |   144 |   313 |   334 |   386 |   536 |  2154 ||  4084
  Block: Buckler           |    32 |    37 |    46 |    91 |   139 |    62 |       |       |       ||   407
         Kite shield       |       |       |       |       |       |   107 |       |       |  1241 ||  1348
         Tower shield      |       |       |       |       |       |   411 |  1160 |  1136 |  2891 ||  5598

Table legend:
 A = Non-vault XP
 B = Vault XP
 C = Vault XP percentage of total XP
 D = Non-vault monster count
 E = Vault monster count
 F = Vault count percentage of total count
                 A         B        C        D         E       F
            +---------+---------+-------+---------+---------+-------
      Total | 1500093 | 1094231 |  42.2 |    2557 |    1286 |  33.5
            +---------+---------+-------+---------+---------+-------
        D:1 |      42 |       0 |   0.0 |      22 |       0 |   0.0
        D:2 |      53 |       0 |   0.0 |      20 |       0 |   0.0
        D:3 |      25 |      23 |  47.9 |      12 |       9 |  42.9
        D:4 |     272 |     339 |  55.5 |      23 |      14 |  37.8
        D:5 |     616 |     336 |  35.3 |      16 |       6 |  27.3
        D:6 |     569 |       0 |   0.0 |      27 |       0 |   0.0
        D:7 |    1421 |       0 |   0.0 |      21 |       0 |   0.0
        D:8 |     765 |    3855 |  83.4 |      10 |      14 |  58.3
        D:9 |    4173 |       0 |   0.0 |      31 |       0 |   0.0
       D:10 |    2313 |    1535 |  39.9 |      27 |       7 |  20.6
       D:11 |    1831 |    5756 |  75.9 |       8 |      21 |  72.4
       D:12 |    7174 |    2032 |  22.1 |      26 |      24 |  48.0
       D:13 |    4165 |    1010 |  19.5 |       8 |       5 |  38.5
       D:14 |    3477 |    6990 |  66.8 |       6 |       8 |  57.1
       D:15 |    8537 |    2547 |  23.0 |      16 |       2 |  11.1
     Lair:1 |    7355 |     399 |   5.1 |      20 |       5 |  20.0
     Lair:2 |    7470 |     792 |   9.6 |      16 |       2 |  11.1
     Lair:3 |    4530 |     655 |  12.6 |      17 |       4 |  19.0
     Lair:4 |    2213 |    2963 |  57.2 |       9 |       6 |  40.0
     Lair:5 |   26730 |   17425 |  39.5 |      58 |      56 |  49.1
   Shoals:1 |   18161 |       0 |   0.0 |      39 |       0 |   0.0
   Shoals:2 |    2557 |    4683 |  64.7 |       6 |       9 |  60.0
   Shoals:3 |   13055 |   11227 |  46.2 |      33 |      19 |  36.5
   Shoals:4 |    8449 |   29476 |  77.7 |      14 |      46 |  76.7
    Snake:1 |    9446 |    4494 |  32.2 |      24 |       7 |  22.6
    Snake:2 |   14315 |    8526 |  37.3 |      32 |       6 |  15.8
    Snake:3 |    8367 |    1223 |  12.8 |      18 |       1 |   5.3
    Snake:4 |   20762 |   26068 |  55.7 |      50 |      34 |  40.5
    Slime:1 |    7522 |   17778 |  70.3 |      21 |      22 |  51.2
    Slime:2 |    5284 |       0 |   0.0 |      15 |       0 |   0.0
    Slime:3 |    7164 |       0 |   0.0 |       5 |       0 |   0.0
    Slime:4 |    3129 |    7851 |  71.5 |       8 |       1 |  11.1
    Slime:5 |    7214 |   26349 |  78.5 |      15 |      19 |  55.9
      Orc:1 |    3474 |       0 |   0.0 |      43 |       0 |   0.0
      Orc:2 |    3123 |   16860 |  84.4 |      36 |      40 |  52.6
   Vaults:1 |   20884 |   16477 |  44.1 |      29 |      22 |  43.1
   Vaults:2 |   20654 |   29177 |  58.6 |      31 |      35 |  53.0
   Vaults:3 |   18150 |   16997 |  48.4 |      24 |      25 |  51.0
   Vaults:4 |   38895 |    8889 |  18.6 |      57 |      11 |  16.2
   Vaults:5 |   17719 |   90933 |  83.7 |      25 |      91 |  78.4
    Crypt:1 |   14316 |       0 |   0.0 |      23 |       0 |   0.0
    Crypt:2 |   14876 |     774 |   4.9 |      29 |       1 |   3.3
    Crypt:3 |   16962 |   56914 |  77.0 |      23 |      71 |  75.5
     Tomb:1 |   23715 |   84055 |  78.0 |      62 |      58 |  48.3
     Tomb:2 |   11510 |   50099 |  81.3 |      25 |      67 |  72.8
     Tomb:3 |   15259 |   74456 |  83.0 |      36 |      59 |  62.1
   Depths:1 |   19481 |   10715 |  35.5 |      26 |      17 |  39.5
   Depths:2 |   26359 |   27742 |  51.3 |      31 |      34 |  52.3
   Depths:3 |   24097 |   19904 |  45.2 |      27 |      12 |  30.8
   Depths:4 |   48079 |   20420 |  29.8 |      47 |      18 |  27.7
       Hell |   18915 |   20770 |  52.3 |      30 |      26 |  46.4
      Dis:1 |    7290 |       0 |   0.0 |       5 |       0 |   0.0
      Dis:2 |   11140 |       0 |   0.0 |      10 |       0 |   0.0
      Dis:3 |    9879 |       0 |   0.0 |      10 |       0 |   0.0
      Dis:4 |   14116 |       0 |   0.0 |      11 |       0 |   0.0
      Dis:5 |    3765 |       0 |   0.0 |       3 |       0 |   0.0
      Dis:6 |   30510 |       0 |   0.0 |      16 |       0 |   0.0
      Dis:7 |   17650 |   49746 |  73.8 |       8 |      36 |  81.8
      Geh:1 |    9728 |       0 |   0.0 |      11 |       0 |   0.0
      Geh:2 |   13699 |       0 |   0.0 |      14 |       0 |   0.0
      Geh:3 |   12132 |       0 |   0.0 |      12 |       0 |   0.0
      Geh:4 |   16305 |       0 |   0.0 |      15 |       0 |   0.0
      Geh:5 |   20207 |       0 |   0.0 |      15 |       0 |   0.0
      Geh:6 |    1932 |       0 |   0.0 |       1 |       0 |   0.0
      Geh:7 |   14727 |   50562 |  77.4 |      13 |      43 |  76.8
      Zot:1 |   44011 |       0 |   0.0 |      39 |       0 |   0.0
      Zot:2 |   28610 |   24474 |  46.1 |      24 |      21 |  46.7
      Zot:3 |   43595 |   27293 |  38.5 |      32 |      25 |  43.9
      Zot:4 |   11843 |       0 |   0.0 |      12 |       0 |   0.0
    Abyss:2 |   87489 |       0 |   0.0 |     187 |       0 |   0.0
    Abyss:3 |   96210 |       0 |   0.0 |     169 |       0 |   0.0
    Abyss:4 |   88080 |   10520 |  10.7 |     170 |      13 |   7.1
        Pan |  351551 |  197794 |  36.0 |     503 |     204 |  28.9
   Gauntlet |       0 |    4328 | 100.0 |       0 |      10 | 100.0
            +---------+---------+-------+---------+---------+-------
